Workbook
Name AMG900.2: #REF!
Name AMG900.2f: #REF!
Name AMG900.2i: #REF!
Name AMG900.4: #REF!
Name AMG900.4f: #REF!
Name AMG900.4i: #REF!
Name AMG9001.4: #REF!
Name AMG9001.4f: #REF!
Name AMG9001.4i: #REF!
Name AMG9002.4: #REF!
Name AMG9002.4f: #REF!
Name AMG9002.4i: #REF!
Name BDI_LIST: #REF!
Name BENEFÍCIOS: #REF!
Name BR050.1: #REF!
Name BR050.1f: #REF!
Name BR050.1i: #REF!
Name BR146.1: #REF!
Name BR146.1f: #REF!
Name BR146.1i: #REF!
Name BR146.3: #REF!
Name BR146.3f: #REF!
Name BR146.3i: #REF!
Name BR265.3: #REF!
Name BR265.3f: #REF!
Name BR265.3i: #REF!
Name BR265.4: #REF!
Name BR265.4f: #REF!
Name BR265.4i: #REF!
Name BR364.1: #REF!
Name BR364.1f: #REF!
Name BR364.1i: #REF!
Name BR365.1: #REF!
Name BR365.1f: #REF!
Name BR365.1i: #REF!
Name BR383.2: #REF!
Name BR383.2f: #REF!
Name BR383.2i: #REF!
Name BR459.2: #REF!
Name BR459.2f: #REF!
Name BR459.2i: #REF!
Name BR494.4: #REF!
Name BR494.4f: #REF!
Name BR494.4i: #REF!
Name cenarios.tarifa2: #REF!
Name CMG146.2: #REF!
Name CMG146.2f: #REF!
Name CMG146.2i: #REF!
Name CMG369.3: #REF!
Name CMG369.3f: #REF!
Name CMG369.3i: #REF!
Name CMG383.4: #REF!
Name CMG383.4f: #REF!
Name CMG383.4i: #REF!
Name CMG452.1: #REF!
Name CMG452.1f: #REF!
Name CMG452.1i: #REF!
Name CMG455.2: #REF!
Name CMG455.2f: #REF!
Name CMG455.2i: #REF!

Sheet PSP-CN
F4: Consórcio Future ATP / Logit / JGP / Queiroz Maluf
D7: Cliente: | E7: BNDES - Banco Nacional de Desenvolvimento | I7: BDI: | J7: 0.1767 | L7: TRECHO: | M7: =VLOOKUP(M8,'[21]Segmentos 2'!$B$3:$F$63,2,FALSE) -> BR265 | P7: TRECHO: | Q7: =VLOOKUP(Q8,'[21]Segmentos 2'!$B$3:$F$63,2,FALSE) -> BR265 | T7: TRECHO: | U7: =VLOOKUP(U8,'[21]Segmentos 2'!$B$3:$F$63,2,FALSE) -> BR265 | X7: TRECHO: | Y7: =VLOOKUP(Y8,'[21]Segmentos 2'!$B$3:$F$63,2,FALSE) -> BR265 | AB7: TRECHO: | AC7: =VLOOKUP(AC8,'[21]Segmentos 2'!$B$3:$F$63,2,FALSE) -> BR265 | AF7: TRECHO: | AG7: =VLOOKUP(AG8,'[21]Segmentos 2'!$B$3:$F$63,2,FALSE) -> BR265 | AJ7: TRECHO: | AK7: =VLOOKUP(AK8,'[21]Segmentos 2'!$B$3:$F$63,2,FALSE) -> BR265 | AN7: TRECHO: | AO7: =VLOOKUP(AO8,'[21]Segmentos 2'!$B$3:$F$63,2,FALSE) -> BR146 | AR7: TRECHO: | AS7: =VLOOKUP(AS8,'[21]Segmentos 2'!$B$3:$F$63,2,FALSE) -> BR146 | AV7: TRECHO: | AW7: =VLOOKUP(AW8,'[21]Segmentos 2'!$B$3:$F$63,2,FALSE) -> MG167 | AZ7: TRECHO: | BA7: =VLOOKUP(BA8,'[21]Segmentos 2'!$B$3:$F$63,2,FALSE) -> MG167 | BD7: TRECHO: | BE7: =VLOOKUP(BE8,'[21]Segmentos 2'!$B$3:$F$63,2,FALSE) -> MG167 | BH7: TRECHO: | BI7: =VLOOKUP(BI8,'[21]Segmentos 2'!$B$3:$F$63,2,FALSE) -> CMG369 | BL7: TRECHO: | BM7: =VLOOKUP(BM8,'[21]Segmentos 2'!$B$3:$F$63,2,FALSE) -> CMG369 | BP7: TRECHO: | BQ7: =VLOOKUP(BQ8,'[21]Segmentos 2'!$B$3:$F$63,2,FALSE) -> CMG369 | BT7: TRECHO: | BU7: =VLOOKUP(BU8,'[21]Segmentos 2'!$B$3:$F$63,2,FALSE) -> CMG491 | BX7: TRECHO: | BY7: =VLOOKUP(BY8,'[21]Segmentos 2'!$B$3:$F$63,2,FALSE) -> CMG491 | CB7: TRECHO: | CC7: =VLOOKUP(CC8,'[21]Segmentos 2'!$B$3:$F$63,2,FALSE) -> CMG491 | CF7: TRECHO: | CG7: =VLOOKUP(CG8,'[21]Segmentos 2'!$B$3:$F$63,2,FALSE) -> CMG491 | CJ7: TRECHO: | CK7: =VLOOKUP(CK8,'[21]Segmentos 2'!$B$3:$F$63,2,FALSE) -> CMG491 | CN7: TRECHO: | CO7: =VLOOKUP(CO8,'[21]Segmentos 2'!$B$3:$F$63,2,FALSE) -> CMG491 | CR7: TRECHO: | CS7: =VLOOKUP(CS8,'[21]Segmentos 2'!$B$3:$F$63,2,FALSE) -> CMG491 | CV7: TRECHO: | CW7: =VLOOKUP(CW8,'[21]Segmentos 2'!$B$3:$F$63,2,FALSE) -> CMG491 | CZ7: TRECHO: | DA7: =VLOOKUP(DA8,'[21]Segmentos 2'!$B$3:$F$63,2,FALSE) -> CMG491 | DD7: TRECHO: | DE7: =VLOOKUP(DE8,'[21]Segmentos 2'!$B$3:$F$63,2,FALSE) -> CMG491 | DH7: TRECHO: | DI7: =VLOOKUP(DI8,'[21]Segmentos 2'!$B$3:$F$63,2,FALSE) -> CMG491 | DL7: TRECHO: | DM7: =VLOOKUP(DM8,'[21]Segmentos 2'!$B$3:$F$63,2,FALSE) -> CMG491 | DP7: TRECHO: | DQ7: =VLOOKUP(DQ8,'[21]Segmentos 2'!$B$3:$F$63,2,FALSE) -> CMG491 | DT7: TRECHO: | DU7: =VLOOKUP(DU8,'[21]Segmentos 2'!$B$3:$F$63,2,FALSE) -> CMG491 | DX7: TRECHO: | DY7: =VLOOKUP(DY8,'[21]Segmentos 2'!$B$3:$F$63,2,FALSE) -> LMG863 | EB7: TRECHO: | EC7: =VLOOKUP(EC8,'[21]Segmentos 2'!$B$3:$F$63,2,FALSE) -> 491CMG0170 | EF7: TRECHO: | EG7: =VLOOKUP(EG8,'[21]Segmentos 2'!$B$3:$F$63,2,FALSE) -> 369CMG0070 | EJ7: TRECHO: | EK7: =VLOOKUP(EK8,'[21]Segmentos 2'!$B$3:$F$63,2,FALSE) -> 369CMG0090#U
D8: Trecho: | E8: Minas Gerais | I8: BDI DIFERENCADO: | J8: =#REF! -> #REF! | L8: SEGMENTO: | M8: 265BMG0270 | P8: SEGMENTO: | Q8: 265BMG0270#U | T8: SEGMENTO: | U8: 265BMG0290#U | X8: SEGMENTO: | Y8: 265BMG0290 | AB8: SEGMENTO: | AC8: 265BMG0305 | AF8: SEGMENTO: | AG8: 265BMG0310 | AJ8: SEGMENTO: | AK8: 265BMG0311 | AN8: SEGMENTO: | AO8: 146BMG0250 | AR8: SEGMENTO: | AS8: 146BMG0252 | AV8: SEGMENTO: | AW8: 167EMG0200 | AZ8: SEGMENTO: | BA8: 167EMG0205 | BD8: SEGMENTO: | BE8: 167EMG0220 | BH8: SEGMENTO: | BI8: 369CMG0070 | BL8: SEGMENTO: | BM8: 369CMG0090 | BP8: SEGMENTO: | BQ8: 369CMG0090#U | BT8: SEGMENTO: | BU8: 491CMG0010 | BX8: SEGMENTO: | BY8: 491CMG0023 | CB8: SEGMENTO: | CC8: 491CMG0030 | CF8: SEGMENTO: | CG8: 491CMG0050 | CJ8: SEGMENTO: | CK8: 491CMG0090 | CN8: SEGMENTO: | CO8: 491CMG0100 | CR8: SEGMENTO: | CS8: 491CMG0110 | CV8: SEGMENTO: | CW8: 491CMG0130 | CZ8: SEGMENTO: | DA8: 491CMG0150 | DD8: SEGMENTO: | DE8: 491CMG0170 | DH8: SEGMENTO: | DI8: 491CMG0190 | DL8: SEGMENTO: | DM8: 491CMG0210D | DP8: SEGMENTO: | DQ8: 491CMG0230 | DT8: SEGMENTO: | DU8: 491CMG0230#D | DX8: SEGMENTO: | DY8: 863LMG0010 | EB8: SEGMENTO: | EC8: VARGINHA | EF8: SEGMENTO: | EG8: CAMPOS GERAIS | EJ8: SEGMENTO: | EK8: ALFENAS
D9: Objeto: | E9: Contratação de serviços técnicos especializados necessários à desestatização do sistema rodoviário no Estado de Minas Gerais, de até 2.798,6 km de extensão - Lote 3 | L9: ESTADO: | M9: =VLOOKUP(M8,'[21]Segmentos 2'!$B$3:$F$63,3,FALSE) -> MG | P9: ESTADO: | Q9: =VLOOKUP(Q8,'[21]Segmentos 2'!$B$3:$F$63,3,FALSE) -> MG | T9: ESTADO: | U9: =VLOOKUP(U8,'[21]Segmentos 2'!$B$3:$F$63,3,FALSE) -> MG | X9: ESTADO: | Y9: =VLOOKUP(Y8,'[21]Segmentos 2'!$B$3:$F$63,3,FALSE) -> MG | AB9: ESTADO: | AC9: =VLOOKUP(AC8,'[21]Segmentos 2'!$B$3:$F$63,3,FALSE) -> MG | AF9: ESTADO: | AG9: =VLOOKUP(AG8,'[21]Segmentos 2'!$B$3:$F$63,3,FALSE) -> MG | AJ9: ESTADO: | AK9: =VLOOKUP(AK8,'[21]Segmentos 2'!$B$3:$F$63,3,FALSE) -> MG | AN9: ESTADO: | AO9: =VLOOKUP(AO8,'[21]Segmentos 2'!$B$3:$F$63,3,FALSE) -> MG | AR9: ESTADO: | AS9: =VLOOKUP(AS8,'[21]Segmentos 2'!$B$3:$F$63,3,FALSE) -> MG | AV9: ESTADO: | AW9: =VLOOKUP(AW8,'[21]Segmentos 2'!$B$3:$F$63,3,FALSE) -> MG | AZ9: ESTADO: | BA9: =VLOOKUP(BA8,'[21]Segmentos 2'!$B$3:$F$63,3,FALSE) -> MG | BD9: ESTADO: | BE9: =VLOOKUP(BE8,'[21]Segmentos 2'!$B$3:$F$63,3,FALSE) -> MG | BH9: ESTADO: | BI9: =VLOOKUP(BI8,'[21]Segmentos 2'!$B$3:$F$63,3,FALSE) -> MG | BL9: ESTADO: | BM9: =VLOOKUP(BM8,'[21]Segmentos 2'!$B$3:$F$63,3,FALSE) -> MG | BP9: ESTADO: | BQ9: =VLOOKUP(BQ8,'[21]Segmentos 2'!$B$3:$F$63,3,FALSE) -> MG | BT9: ESTADO: | BU9: =VLOOKUP(BU8,'[21]Segmentos 2'!$B$3:$F$63,3,FALSE) -> MG | BX9: ESTADO: | BY9: =VLOOKUP(BY8,'[21]Segmentos 2'!$B$3:$F$63,3,FALSE) -> MG | CB9: ESTADO: | CC9: =VLOOKUP(CC8,'[21]Segmentos 2'!$B$3:$F$63,3,FALSE) -> MG | CF9: ESTADO: | CG9: =VLOOKUP(CG8,'[21]Segmentos 2'!$B$3:$F$63,3,FALSE) -> MG | CJ9: ESTADO: | CK9: =VLOOKUP(CK8,'[21]Segmentos 2'!$B$3:$F$63,3,FALSE) -> MG | CN9: ESTADO: | CO9: =VLOOKUP(CO8,'[21]Segmentos 2'!$B$3:$F$63,3,FALSE) -> MG | CR9: ESTADO: | CS9: =VLOOKUP(CS8,'[21]Segmentos 2'!$B$3:$F$63,3,FALSE) -> MG | CV9: ESTADO: | CW9: =VLOOKUP(CW8,'[21]Segmentos 2'!$B$3:$F$63,3,FALSE) -> MG | CZ9: ESTADO: | DA9: =VLOOKUP(DA8,'[21]Segmentos 2'!$B$3:$F$63,3,FALSE) -> MG | DD9: ESTADO: | DE9: =VLOOKUP(DE8,'[21]Segmentos 2'!$B$3:$F$63,3,FALSE) -> MG | DH9: ESTADO: | DI9: =VLOOKUP(DI8,'[21]Segmentos 2'!$B$3:$F$63,3,FALSE) -> MG | DL9: ESTADO: | DM9: =VLOOKUP(DM8,'[21]Segmentos 2'!$B$3:$F$63,3,FALSE) -> MG | DP9: ESTADO: | DQ9: =VLOOKUP(DQ8,'[21]Segmentos 2'!$B$3:$F$63,3,FALSE) -> MG | DT9: ESTADO: | DU9: =VLOOKUP(DU8,'[21]Segmentos 2'!$B$3:$F$63,3,FALSE) -> MG | DX9: ESTADO: | DY9: =VLOOKUP(DY8,'[21]Segmentos 2'!$B$3:$F$63,3,FALSE) -> MG | EB9: ESTADO: | EC9: =VLOOKUP(EC8,'[21]Segmentos 2'!$B$3:$F$63,3,FALSE) -> MG | EF9: ESTADO: | EG9: =VLOOKUP(EG8,'[21]Segmentos 2'!$B$3:$F$63,3,FALSE) -> MG | EJ9: ESTADO: | EK9: =VLOOKUP(EK8,'[21]Segmentos 2'!$B$3:$F$63,3,FALSE) -> MG
D10: Valores: | J10: 44075 | L10: PREÇO TOTAL: | M10: =SUM(N16:N1151) -> 56584093 | P10: PREÇO TOTAL: | Q10: =SUM(R16:R1151) -> 2715745.1 | T10: PREÇO TOTAL: | U10: =SUM(V16:V1151) -> 17424094 | X10: PREÇO TOTAL: | Y10: =SUM(Z16:Z1151) -> 68198063 | AB10: PREÇO TOTAL: | AC10: =SUM(AD16:AD1151) -> 19764463 | AF10: PREÇO TOTAL: | AG10: =SUM(AH16:AH1151) -> 40432540 | AJ10: PREÇO TOTAL: | AK10: =SUM(AL16:AL1151) -> 66979413 | AN10: PREÇO TOTAL: | AO10: =SUM(AP16:AP1151) -> 38468009 | AR10: PREÇO TOTAL: | AS10: =SUM(AT16:AT1151) -> 1.0391312e+08 | AV10: PREÇO TOTAL: | AW10: =SUM(AX16:AX1151) -> 58204819 | AZ10: PREÇO TOTAL: | BA10: =SUM(BB16:BB1151) -> 33169947 | BD10: PREÇO TOTAL: | BE10: =SUM(BF16:BF1151) -> 1.5082164e+08 | BH10: PREÇO TOTAL: | BI10: =SUM(BJ16:BJ1151) -> 1.5681591e+08 | BL10: PREÇO TOTAL: | BM10: =SUM(BN16:BN1151) -> 1.0155593e+08 | BP10: PREÇO TOTAL: | BQ10: =SUM(BR16:BR1151) -> 1.1330682e+08 | BT10: PREÇO TOTAL: | BU10: =SUM(BV16:BV1151) -> 33708787 | BX10: PREÇO TOTAL: | BY10: =SUM(BZ16:BZ1151) -> 38298485 | CB10: PREÇO TOTAL: | CC10: =SUM(CD16:CD1151) -> 1.5026773e+08 | CF10: PREÇO TOTAL: | CG10: =SUM(CH16:CH1151) -> 86756593 | CJ10: PREÇO TOTAL: | CK10: =SUM(CL16:CL1151) -> 50257037 | CN10: PREÇO TOTAL: | CO10: =SUM(CP16:CP1151) -> 77421079 | CR10: PREÇO TOTAL: | CS10: =SUM(CT16:CT1151) -> 50837348 | CV10: PREÇO TOTAL: | CW10: =SUM(CX16:CX1151) -> 94306341 | CZ10: PREÇO TOTAL: | DA10: =SUM(DB16:DB1151) -> 1.2468958e+08 | DD10: PREÇO TOTAL: | DE10: =SUM(DF16:DF1151) -> 28134676 | DH10: PREÇO TOTAL: | DI10: =SUM(DJ16:DJ1151) -> 6156862.1 | DL10: PREÇO TOTAL: | DM10: =SUM(DN16:DN1151) -> 27579269 | DP10: PREÇO TOTAL: | DQ10: =SUM(DR16:DR1151) -> 22244936 | DT10: PREÇO TOTAL: | DU10: =SUM(DV16:DV1151) -> 22597392 | DX10: PREÇO TOTAL: | DY10: =SUM(DZ16:DZ1151) -> 98213858 | EB10: PREÇO TOTAL: | EC10: =SUM(ED16:ED1151) -> 2.0763484e+08 | EF10: PREÇO TOTAL: | EG10: =SUM(EH16:EH1151) -> 98247855 | EJ10: PREÇO TOTAL: | EK10: =SUM(EL16:EL1151) -> #REF!
F12: Planilha de Serviços e Preços
C14: ITEM | D14: CÓDIGO | E14: ORIGEM | F14: DESCRIÇÃO DO SERVIÇO | G14: UNIDADE | H14: QUANTIDADE TOTAL | I14: CUSTO TOTAL | J14: PREÇO TOTAL | L14: QTD. | M14: CUSTO UNITÁRIO | N14: PREÇO | P14: QTD. | Q14: CUSTO UNITÁRIO | R14: PREÇO | T14: QTD. | U14: CUSTO UNITÁRIO | V14: PREÇO | X14: QTD. | Y14: CUSTO UNITÁRIO | Z14: PREÇO | AB14: QTD. | AC14: CUSTO UNITÁRIO | AD14: PREÇO | AF14: QTD. | AG14: CUSTO UNITÁRIO | AH14: PREÇO | AJ14: QTD. | AK14: CUSTO UNITÁRIO | AL14: PREÇO | AN14: QTD. | AO14: CUSTO UNITÁRIO | AP14: PREÇO | AR14: QTD. | AS14: CUSTO UNITÁRIO | AT14: PREÇO | AV14: QTD. | AW14: CUSTO UNITÁRIO | AX14: PREÇO | AZ14: QTD. | BA14: CUSTO UNITÁRIO | BB14: PREÇO | BD14: QTD. | BE14: CUSTO UNITÁRIO | BF14: PREÇO | BH14: QTD. | BI14: CUSTO UNITÁRIO | BJ14: PREÇO | BL14: QTD. | BM14: CUSTO UNITÁRIO | BN14: PREÇO | BP14: QTD. | BQ14: CUSTO UNITÁRIO | BR14: PREÇO | BT14: QTD. | BU14: CUSTO UNITÁRIO | BV14: PREÇO | BX14: QTD. | BY14: CUSTO UNITÁRIO | BZ14: PREÇO | CB14: QTD. | CC14: CUSTO UNITÁRIO | CD14: PREÇO | CF14: QTD. | CG14: CUSTO UNITÁRIO | CH14: PREÇO | CJ14: QTD. | CK14: CUSTO UNITÁRIO | CL14: PREÇO | CN14: QTD. | CO14: CUSTO UNITÁRIO | CP14: PREÇO | CR14: QTD. | CS14: CUSTO UNITÁRIO | CT14: PREÇO | CV14: QTD. | CW14: CUSTO UNITÁRIO | CX14: PREÇO | CZ14: QTD. | DA14: CUSTO UNITÁRIO | DB14: PREÇO | DD14: QTD. | DE14: CUSTO UNITÁRIO | DF14: PREÇO | DH14: QTD. | DI14: CUSTO UNITÁRIO | DJ14: PREÇO | DL14: QTD. | DM14: CUSTO UNITÁRIO | DN14: PREÇO | DP14: QTD. | DQ14: CUSTO UNITÁRIO | DR14: PREÇO | DT14: QTD. | DU14: CUSTO UNITÁRIO | DV14: PREÇO | DX14: QTD. | DY14: CUSTO UNITÁRIO | DZ14: PREÇO | EB14: QTD. | EC14: CUSTO UNITÁRIO | ED14: PREÇO | EF14: QTD. | EG14: CUSTO UNITÁRIO | EH14: PREÇO | EJ14: QTD. | EK14: CUSTO UNITÁRIO | EL14: PREÇO | ES14: BDI
C16: 1.0 | F16: ADMINISTRAÇÃO DE OBRAS | G16: =UPPER(IF($E16="SICRO SERVIÇO",_xlfn.XLOOKUP('PSP-CN'!D16,#REF!,#REF!),IF($E16="SICRO INSUMO",_xlfn.XLOOKUP('PSP-CN'!D16,#REF!,#REF!),IF($E16="SINAPI INSUMO",_xlfn.XLOOKUP('PSP-CN'!D16,#REF!,#REF!),IF($E16="SINAPI SERVIÇO",_xlfn.XLOOKUP('PSP-CN'!D16,#REF!,#REF!),IF($E16="COTAÇÃO",_xlfn.XLOOKUP('PSP-CN'!D16,#REF!,#REF!),IF(E16="COMPOSIÇÃO",VLOOKUP($D16,#REF!,7),""))))))) | I16: =I17 -> 19159429 | J16: =J17 -> 23587173
C17: 1.1 | F17: ADMINISTRAÇÃO LOCAL DE OBRAS | I17: =I18 -> 19159429 | J17: =J18 -> 23587173
C18: 1.1.1 | D18: =_xlfn.XLOOKUP($C18,[22]PSP!$C:$C,[22]PSP!D:D) -> COMP_00001 | E18: =_xlfn.XLOOKUP($C18,[22]PSP!$C:$C,[22]PSP!E:E) -> COMPOSIÇÃO | F18: =_xlfn.XLOOKUP($C18,[22]PSP!$C:$C,[22]PSP!F:F) -> ADMINISTRAÇÃO LOCAL DE OBRAS | G18: =_xlfn.XLOOKUP($C18,[22]PSP!$C:$C,[22]PSP!G:G) -> UN | H18: =_xlfn.XLOOKUP($C18,[22]PSP!$C:$C,[22]PSP!H:H) -> 1 | I18: =_xlfn.XLOOKUP($C18,[22]PSP!$C:$C,[22]PSP!I:I) -> 19159429 | J18: =_xlfn.XLOOKUP($C18,[22]PSP!$C:$C,[22]PSP!J:J) -> 23587173 | L18: =_xlfn.XLOOKUP($C18,[22]PSP!$C:$C,[22]PSP!L:L) -> 0.020930515 | M18: =_xlfn.XLOOKUP($C18,[22]PSP!$C:$C,[22]PSP!M:M) -> 19159429 | N18: =TRUNC(M18*L18,2) -> 401016.7 | P18: =_xlfn.XLOOKUP($C18,[22]PSP!$C:$C,[22]PSP!P:P) -> 0.0036832413 | Q18: =_xlfn.XLOOKUP($C18,[22]PSP!$C:$C,[22]PSP!Q:Q) -> 19159429 | R18: =TRUNC(Q18*P18,2) -> 70568.79 | T18: =_xlfn.XLOOKUP($C18,[22]PSP!$C:$C,[22]PSP!T:T) -> 0.0048080634 | U18: =_xlfn.XLOOKUP($C18,[22]PSP!$C:$C,[22]PSP!U:U) -> 19159429 | V18: =TRUNC(U18*T18,2) -> 92119.74 | X18: =_xlfn.XLOOKUP($C18,[22]PSP!$C:$C,[22]PSP!X:X) -> 0.043471069 | Y18: =_xlfn.XLOOKUP($C18,[22]PSP!$C:$C,[22]PSP!Y:Y) -> 19159429 | Z18: =TRUNC(Y18*X18,2) -> 832880.85 | AB18: =_xlfn.XLOOKUP($C18,[22]PSP!$C:$C,[22]PSP!AB:AB) -> 0.024371147 | AC18: =_xlfn.XLOOKUP($C18,[22]PSP!$C:$C,[22]PSP!AC:AC) -> 19159429 | AD18: =TRUNC(AC18*AB18,2) -> 466937.26 | AF18: =_xlfn.XLOOKUP($C18,[22]PSP!$C:$C,[22]PSP!AF:AF) -> 0.027414784 | AG18: =_xlfn.XLOOKUP($C18,[22]PSP!$C:$C,[22]PSP!AG:AG) -> 19159429 | AH18: =TRUNC(AG18*AF18,2) -> 525251.6 | AJ18: =_xlfn.XLOOKUP($C18,[22]PSP!$C:$C,[22]PSP!AJ:AJ) -> 0.016872333 | AK18: =_xlfn.XLOOKUP($C18,[22]PSP!$C:$C,[22]PSP!AK:AK) -> 19159429 | AL18: =TRUNC(AK18*AJ18,2) -> 323264.25 | AN18: =_xlfn.XLOOKUP($C18,[22]PSP!$C:$C,[22]PSP!AN:AN) -> 0.047838026 | AO18: =_xlfn.XLOOKUP($C18,[22]PSP!$C:$C,[22]PSP!AO:AO) -> 19159429 | AP18: =TRUNC(AO18*AN18,2) -> 916549.25 | AR18: =_xlfn.XLOOKUP($C18,[22]PSP!$C:$C,[22]PSP!AR:AR) -> 0.011579052 | AS18: =_xlfn.XLOOKUP($C18,[22]PSP!$C:$C,[22]PSP!AS:AS) -> 19159429 | AT18: =TRUNC(AS18*AR18,2) -> 221848.02 | AV18: =_xlfn.XLOOKUP($C18,[22]PSP!$C:$C,[22]PSP!AV:AV) -> 0.031583242 | AW18: =_xlfn.XLOOKUP($C18,[22]PSP!$C:$C,[22]PSP!AW:AW) -> 19159429 | AX18: =TRUNC(AW18*AV18,2) -> 605116.88 | AZ18: =_xlfn.XLOOKUP($C18,[22]PSP!$C:$C,[22]PSP!AZ:AZ) -> 0.0062416603 | BA18: =_xlfn.XLOOKUP($C18,[22]PSP!$C:$C,[22]PSP!BA:BA) -> 19159429 | BB18: =TRUNC(BA18*AZ18,2) -> 119586.64 | BD18: =_xlfn.XLOOKUP($C18,[22]PSP!$C:$C,[22]PSP!BD:BD) -> 0.058424587 | BE18: =_xlfn.XLOOKUP($C18,[22]PSP!$C:$C,[22]PSP!BE:BE) -> 19159429 | BF18: =TRUNC(BE18*BD18,2) -> 1119381.7 | BH18: =_xlfn.XLOOKUP($C18,[22]PSP!$C:$C,[22]PSP!BH:BH) -> 0.05566767 | BI18: =_xlfn.XLOOKUP($C18,[22]PSP!$C:$C,[22]PSP!BI:BI) -> 19159429 | BJ18: =TRUNC(BI18*BH18,2) -> 1066560.8 | BL18: =_xlfn.XLOOKUP($C18,[22]PSP!$C:$C,[22]PSP!BL:BL) -> 0.071349015 | BM18: =_xlfn.XLOOKUP($C18,[22]PSP!$C:$C,[22]PSP!BM:BM) -> 19159429 | BN18: =TRUNC(BM18*BL18,2) -> 1367006.4 | BP18: =_xlfn.XLOOKUP($C18,[22]PSP!$C:$C,[22]PSP!BP:BP) -> 0.013409645 | BQ18: =_xlfn.XLOOKUP($C18,[22]PSP!$C:$C,[22]PSP!BQ:BQ) -> 19159429 | BR18: =TRUNC(BQ18*BP18,2) -> 256921.13 | BT18: =_xlfn.XLOOKUP($C18,[22]PSP!$C:$C,[22]PSP!BT:BT) -> 0.038508618 | BU18: =_xlfn.XLOOKUP($C18,[22]PSP!$C:$C,[22]PSP!BU:BU) -> 19159429 | BV18: =TRUNC(BU18*BT18,2) -> 737803.13 | BX18: =_xlfn.XLOOKUP($C18,[22]PSP!$C:$C,[22]PSP!BX:BX) -> 0.031715574 | BY18: =_xlfn.XLOOKUP($C18,[22]PSP!$C:$C,[22]PSP!BY:BY) -> 19159429 | BZ18: =TRUNC(BY18*BX18,2) -> 607652.29 | CB18: =_xlfn.XLOOKUP($C18,[22]PSP!$C:$C,[22]PSP!CB:CB) -> 0.035178262 | CC18: =_xlfn.XLOOKUP($C18,[22]PSP!$C:$C,[22]PSP!CC:CC) -> 19159429 | CD18: =TRUNC(CC18*CB18,2) -> 673995.41 | CF18: =_xlfn.XLOOKUP($C18,[22]PSP!$C:$C,[22]PSP!CF:CF) -> 0.062284271 | CG18: =_xlfn.XLOOKUP($C18,[22]PSP!$C:$C,[22]PSP!CG:CG) -> 19159429 | CH18: =TRUNC(CG18*CF18,2) -> 1193331.1 | CJ18: =_xlfn.XLOOKUP($C18,[22]PSP!$C:$C,[22]PSP!CJ:CJ) -> 0.031583242 | CK18: =_xlfn.XLOOKUP($C18,[22]PSP!$C:$C,[22]PSP!CK:CK) -> 19159429 | CL18: =TRUNC(CK18*CJ18,2) -> 605116.88 | CN18: =_xlfn.XLOOKUP($C18,[22]PSP!$C:$C,[22]PSP!CN:CN) -> 0.055866168 | CO18: =_xlfn.XLOOKUP($C18,[22]PSP!$C:$C,[22]PSP!CO:CO) -> 19159429 | CP18: =TRUNC(CO18*CN18,2) -> 1070363.9 | CR18: =_xlfn.XLOOKUP($C18,[22]PSP!$C:$C,[22]PSP!CR:CR) -> 0.060674232 | CS18: =_xlfn.XLOOKUP($C18,[22]PSP!$C:$C,[22]PSP!CS:CS) -> 19159429 | CT18: =TRUNC(CS18*CR18,2) -> 1162483.6 | CV18: =_xlfn.XLOOKUP($C18,[22]PSP!$C:$C,[22]PSP!CV:CV) -> 0.05632933 | CW18: =_xlfn.XLOOKUP($C18,[22]PSP!$C:$C,[22]PSP!CW:CW) -> 19159429 | CX18: =TRUNC(CW18*CV18,2) -> 1079237.8 | CZ18: =_xlfn.XLOOKUP($C18,[22]PSP!$C:$C,[22]PSP!CZ:CZ) -> 0.050396445 | DA18: =_xlfn.XLOOKUP($C18,[22]PSP!$C:$C,[22]PSP!DA:DA) -> 19159429 | DB18: =TRUNC(DA18*CZ18,2) -> 965567.1 | DD18: =_xlfn.XLOOKUP($C18,[22]PSP!$C:$C,[22]PSP!DD:DD) -> 0.033369725 | DE18: =_xlfn.XLOOKUP($C18,[22]PSP!$C:$C,[22]PSP!DE:DE) -> 19159429 | DF18: =TRUNC(DE18*DD18,2) -> 639344.86 | DH18: =_xlfn.XLOOKUP($C18,[22]PSP!$C:$C,[22]PSP!DH:DH) -> 0.0058667196 | DI18: =_xlfn.XLOOKUP($C18,[22]PSP!$C:$C,[22]PSP!DI:DI) -> 19159429 | DJ18: =TRUNC(DI18*DH18,2) -> 112402.99 | DL18: =_xlfn.XLOOKUP($C18,[22]PSP!$C:$C,[22]PSP!DL:DL) -> 0.0033744665 | DM18: =_xlfn.XLOOKUP($C18,[22]PSP!$C:$C,[22]PSP!DM:DM) -> 19159429 | DN18: =TRUNC(DM18*DL18,2) -> 64652.85 | DP18: =_xlfn.XLOOKUP($C18,[22]PSP!$C:$C,[22]PSP!DP:DP) -> 0.018195653 | DQ18: =_xlfn.XLOOKUP($C18,[22]PSP!$C:$C,[22]PSP!DQ:DQ) -> 19159429 | DR18: =TRUNC(DQ18*DP18,2) -> 348618.31 | DT18: =_xlfn.XLOOKUP($C18,[22]PSP!$C:$C,[22]PSP!DT:DT) -> 0.017953044 | DU18: =_xlfn.XLOOKUP($C18,[22]PSP!$C:$C,[22]PSP!DU:DU) -> 19159429 | DV18: =TRUNC(DU18*DT18,2) -> 343970.07 | DX18: =_xlfn.XLOOKUP($C18,[22]PSP!$C:$C,[22]PSP!DX:DX) -> 0.010674783 | DY18: =_xlfn.XLOOKUP($C18,[22]PSP!$C:$C,[22]PSP!DY:DY) -> 19159429 | DZ18: =TRUNC(DY18*DX18,2) -> 204522.74 | EB18: =_xlfn.XLOOKUP($C18,[22]PSP!$C:$C,[22]PSP!EB:EB) -> 0.022739052 | EC18: =_xlfn.XLOOKUP($C18,[22]PSP!$C:$C,[22]PSP!EC:EC) -> 19159429 | ED18: =TRUNC(EC18*EB18,2) -> 435667.25 | EF18: =_xlfn.XLOOKUP($C18,[22]PSP!$C:$C,[22]PSP!EF:EF) -> 0.004488261 | EG18: =_xlfn.XLOOKUP($C18,[22]PSP!$C:$C,[22]PSP!EG:EG) -> 19159429 | EH18: =TRUNC(EG18*EF18,2) -> 85992.51 | EJ18: =_xlfn.XLOOKUP($C18,[22]PSP!$C:$C,[22]PSP!EJ:EJ) -> 0.023158104 | EK18: =_xlfn.XLOOKUP($C18,[22]PSP!$C:$C,[22]PSP!EK:EK) -> 19159429 | EL18: =TRUNC(EK18*EJ18,2) -> 443696.04 | EO18: =EL18+EH18+ED18+DZ18+DV18+DR18+DN18+DJ18+DF18+DB18+CX18+CT18+CP18+CL18+CH18+CD18+BZ18+BV18+BR18+BN18+BJ18+BF18+BB18+AX18+AT18+AP18+AL18+AH18+AD18+Z18+V18+R18+N18 -> 19159429 | EP18: =I18 -> 19159429 | EQ18: =EP18=EO18 -> TRUE
C19: 2.0 | F19: CANTEIRO DE OBRAS E ACAMPAMENTO | I19: =SUM(I20:I21) -> 22739917 | J19: =SUM(J20:J21) -> 27995111 | EO19: =EL19+EH19+ED19+DZ19+DV19+DR19+DN19+DJ19+DF19+DB19+CX19+CT19+CP19+CL19+CH19+CD19+BZ19+BV19+BR19+BN19+BJ19+BF19+BB19+AX19+AT19+AP19+AL19+AH19+AD19+Z19+V19+R19+N19 -> 0 | EP19: =I19 -> 22739917 | EQ19: =EP19=EO19 -> FALSE
C20: 2.1 | D20: =_xlfn.XLOOKUP($C20,[22]PSP!$C:$C,[22]PSP!D:D) -> COMP_02001 | E20: =_xlfn.XLOOKUP($C20,[22]PSP!$C:$C,[22]PSP!E:E) -> COMPOSIÇÃO | F20: =_xlfn.XLOOKUP($C20,[22]PSP!$C:$C,[22]PSP!F:F) -> INSTALAÇÕES DO CANTEIRO DE OBRAS | G20: =_xlfn.XLOOKUP($C20,[22]PSP!$C:$C,[22]PSP!G:G) -> UN | H20: =_xlfn.XLOOKUP($C20,[22]PSP!$C:$C,[22]PSP!H:H) -> 1 | I20: =_xlfn.XLOOKUP($C20,[22]PSP!$C:$C,[22]PSP!I:I) -> 18191933 | J20: =_xlfn.XLOOKUP($C20,[22]PSP!$C:$C,[22]PSP!J:J) -> 22396089 | L20: =_xlfn.XLOOKUP($C20,[22]PSP!$C:$C,[22]PSP!L:L) -> 0.020930515 | M20: =_xlfn.XLOOKUP($C20,[22]PSP!$C:$C,[22]PSP!M:M) -> 18191934 | N20: =TRUNC(M20*L20,2) -> 380766.53 | P20: =_xlfn.XLOOKUP($C20,[22]PSP!$C:$C,[22]PSP!P:P) -> 0.0036832413 | Q20: =_xlfn.XLOOKUP($C20,[22]PSP!$C:$C,[22]PSP!Q:Q) -> 18191934 | R20: =TRUNC(Q20*P20,2) -> 67005.28 | T20: =_xlfn.XLOOKUP($C20,[22]PSP!$C:$C,[22]PSP!T:T) -> 0.0048080634 | U20: =_xlfn.XLOOKUP($C20,[22]PSP!$C:$C,[22]PSP!U:U) -> 18191934 | V20: =TRUNC(U20*T20,2) -> 87467.97 | X20: =_xlfn.XLOOKUP($C20,[22]PSP!$C:$C,[22]PSP!X:X) -> 0.043471069 | Y20: =_xlfn.XLOOKUP($C20,[22]PSP!$C:$C,[22]PSP!Y:Y) -> 18191934 | Z20: =TRUNC(Y20*X20,2) -> 790822.79 | AB20: =_xlfn.XLOOKUP($C20,[22]PSP!$C:$C,[22]PSP!AB:AB) -> 0.024371147 | AC20: =_xlfn.XLOOKUP($C20,[22]PSP!$C:$C,[22]PSP!AC:AC) -> 18191934 | AD20: =TRUNC(AC20*AB20,2) -> 443358.29 | AF20: =_xlfn.XLOOKUP($C20,[22]PSP!$C:$C,[22]PSP!AF:AF) -> 0.027414784 | AG20: =_xlfn.XLOOKUP($C20,[22]PSP!$C:$C,[22]PSP!AG:AG) -> 18191934 | AH20: =TRUNC(AG20*AF20,2) -> 498727.92 | AJ20: =_xlfn.XLOOKUP($C20,[22]PSP!$C:$C,[22]PSP!AJ:AJ) -> 0.016872333 | AK20: =_xlfn.XLOOKUP($C20,[22]PSP!$C:$C,[22]PSP!AK:AK) -> 18191934 | AL20: =TRUNC(AK20*AJ20,2) -> 306940.35 | AN20: =_xlfn.XLOOKUP($C20,[22]PSP!$C:$C,[22]PSP!AN:AN) -> 0.047838026 | AO20: =_xlfn.XLOOKUP($C20,[22]PSP!$C:$C,[22]PSP!AO:AO) -> 18191934 | AP20: =TRUNC(AO20*AN20,2) -> 870266.18 | AR20: =_xlfn.XLOOKUP($C20,[22]PSP!$C:$C,[22]PSP!AR:AR) -> 0.011579052 | AS20: =_xlfn.XLOOKUP($C20,[22]PSP!$C:$C,[22]PSP!AS:AS) -> 18191934 | AT20: =TRUNC(AS20*AR20,2) -> 210645.34 | AV20: =_xlfn.XLOOKUP($C20,[22]PSP!$C:$C,[22]PSP!AV:AV) -> 0.031583242 | AW20: =_xlfn.XLOOKUP($C20,[22]PSP!$C:$C,[22]PSP!AW:AW) -> 18191934 | AX20: =TRUNC(AW20*AV20,2) -> 574560.24 | AZ20: =_xlfn.XLOOKUP($C20,[22]PSP!$C:$C,[22]PSP!AZ:AZ) -> 0.0062416603 | BA20: =_xlfn.XLOOKUP($C20,[22]PSP!$C:$C,[22]PSP!BA:BA) -> 18191934 | BB20: =TRUNC(BA20*AZ20,2) -> 113547.87 | BD20: =_xlfn.XLOOKUP($C20,[22]PSP!$C:$C,[22]PSP!BD:BD) -> 0.058424587 | BE20: =_xlfn.XLOOKUP($C20,[22]PSP!$C:$C,[22]PSP!BE:BE) -> 18191934 | BF20: =TRUNC(BE20*BD20,2) -> 1062856.2 | BH20: =_xlfn.XLOOKUP($C20,[22]PSP!$C:$C,[22]PSP!BH:BH) -> 0.05566767 | BI20: =_xlfn.XLOOKUP($C20,[22]PSP!$C:$C,[22]PSP!BI:BI) -> 18191934 | BJ20: =TRUNC(BI20*BH20,2) -> 1012702.6 | BL20: =_xlfn.XLOOKUP($C20,[22]PSP!$C:$C,[22]PSP!BL:BL) -> 0.071349015 | BM20: =_xlfn.XLOOKUP($C20,[22]PSP!$C:$C,[22]PSP!BM:BM) -> 18191934 | BN20: =TRUNC(BM20*BL20,2) -> 1297976.5 | BP20: =_xlfn.XLOOKUP($C20,[22]PSP!$C:$C,[22]PSP!BP:BP) -> 0.013409645 | BQ20: =_xlfn.XLOOKUP($C20,[22]PSP!$C:$C,[22]PSP!BQ:BQ) -> 18191934 | BR20: =TRUNC(BQ20*BP20,2) -> 243947.36 | BT20: =_xlfn.XLOOKUP($C20,[22]PSP!$C:$C,[22]PSP!BT:BT) -> 0.038508618 | BU20: =_xlfn.XLOOKUP($C20,[22]PSP!$C:$C,[22]PSP!BU:BU) -> 18191934 | BV20: =TRUNC(BU20*BT20,2) -> 700546.22 | BX20: =_xlfn.XLOOKUP($C20,[22]PSP!$C:$C,[22]PSP!BX:BX) -> 0.031715574 | BY20: =_xlfn.XLOOKUP($C20,[22]PSP!$C:$C,[22]PSP!BY:BY) -> 18191934 | BZ20: =TRUNC(BY20*BX20,2) -> 576967.62 | CB20: =_xlfn.XLOOKUP($C20,[22]PSP!$C:$C,[22]PSP!CB:CB) -> 0.035178262 | CC20: =_xlfn.XLOOKUP($C20,[22]PSP!$C:$C,[22]PSP!CC:CC) -> 18191934 | CD20: =TRUNC(CC20*CB20,2) -> 639960.61 | CF20: =_xlfn.XLOOKUP($C20,[22]PSP!$C:$C,[22]PSP!CF:CF) -> 0.062284271 | CG20: =_xlfn.XLOOKUP($C20,[22]PSP!$C:$C,[22]PSP!CG:CG) -> 18191934 | CH20: =TRUNC(CG20*CF20,2) -> 1133071.3 | CJ20: =_xlfn.XLOOKUP($C20,[22]PSP!$C:$C,[22]PSP!CJ:CJ) -> 0.031583242 | CK20: =_xlfn.XLOOKUP($C20,[22]PSP!$C:$C,[22]PSP!CK:CK) -> 18191934 | CL20: =TRUNC(CK20*CJ20,2) -> 574560.24 | CN20: =_xlfn.XLOOKUP($C20,[22]PSP!$C:$C,[22]PSP!CN:CN) -> 0.055866168 | CO20: =_xlfn.XLOOKUP($C20,[22]PSP!$C:$C,[22]PSP!CO:CO) -> 18191934 | CP20: =TRUNC(CO20*CN20,2) -> 1016313.6 | CR20: =_xlfn.XLOOKUP($C20,[22]PSP!$C:$C,[22]PSP!CR:CR) -> 0.060674232 | CS20: =_xlfn.XLOOKUP($C20,[22]PSP!$C:$C,[22]PSP!CS:CS) -> 18191934 | CT20: =TRUNC(CS20*CR20,2) -> 1103781.6 | CV20: =_xlfn.XLOOKUP($C20,[22]PSP!$C:$C,[22]PSP!CV:CV) -> 0.05632933 | CW20: =_xlfn.XLOOKUP($C20,[22]PSP!$C:$C,[22]PSP!CW:CW) -> 18191934 | CX20: =TRUNC(CW20*CV20,2) -> 1024739.4 | CZ20: =_xlfn.XLOOKUP($C20,[22]PSP!$C:$C,[22]PSP!CZ:CZ) -> 0.050396445 | DA20: =_xlfn.XLOOKUP($C20,[22]PSP!$C:$C,[22]PSP!DA:DA) -> 18191934 | DB20: =TRUNC(DA20*CZ20,2) -> 916808.77 | DD20: =_xlfn.XLOOKUP($C20,[22]PSP!$C:$C,[22]PSP!DD:DD) -> 0.033369725 | DE20: =_xlfn.XLOOKUP($C20,[22]PSP!$C:$C,[22]PSP!DE:DE) -> 18191934 | DF20: =TRUNC(DE20*DD20,2) -> 607059.81 | DH20: =_xlfn.XLOOKUP($C20,[22]PSP!$C:$C,[22]PSP!DH:DH) -> 0.0058667196 | DI20: =_xlfn.XLOOKUP($C20,[22]PSP!$C:$C,[22]PSP!DI:DI) -> 18191934 | DJ20: =TRUNC(DI20*DH20,2) -> 106726.97 | DL20: =_xlfn.XLOOKUP($C20,[22]PSP!$C:$C,[22]PSP!DL:DL) -> 0.0033744665 | DM20: =_xlfn.XLOOKUP($C20,[22]PSP!$C:$C,[22]PSP!DM:DM) -> 18191934 | DN20: =TRUNC(DM20*DL20,2) -> 61388.07 | DP20: =_xlfn.XLOOKUP($C20,[22]PSP!$C:$C,[22]PSP!DP:DP) -> 0.018195653 | DQ20: =_xlfn.XLOOKUP($C20,[22]PSP!$C:$C,[22]PSP!DQ:DQ) -> 18191934 | DR20: =TRUNC(DQ20*DP20,2) -> 331014.1 | DT20: =_xlfn.XLOOKUP($C20,[22]PSP!$C:$C,[22]PSP!DT:DT) -> 0.017953044 | DU20: =_xlfn.XLOOKUP($C20,[22]PSP!$C:$C,[22]PSP!DU:DU) -> 18191934 | DV20: =TRUNC(DU20*DT20,2) -> 326600.58 | DX20: =_xlfn.XLOOKUP($C20,[22]PSP!$C:$C,[22]PSP!DX:DX) -> 0.010674783 | DY20: =_xlfn.XLOOKUP($C20,[22]PSP!$C:$C,[22]PSP!DY:DY) -> 18191934 | DZ20: =TRUNC(DY20*DX20,2) -> 194194.94 | EB20: =_xlfn.XLOOKUP($C20,[22]PSP!$C:$C,[22]PSP!EB:EB) -> 0.022739052 | EC20: =_xlfn.XLOOKUP($C20,[22]PSP!$C:$C,[22]PSP!EC:EC) -> 18191934 | ED20: =TRUNC(EC20*EB20,2) -> 413667.32 | EF20: =_xlfn.XLOOKUP($C20,[22]PSP!$C:$C,[22]PSP!EF:EF) -> 0.004488261 | EG20: =_xlfn.XLOOKUP($C20,[22]PSP!$C:$C,[22]PSP!EG:EG) -> 18191934 | EH20: =TRUNC(EG20*EF20,2) -> 81650.14 | EJ20: =_xlfn.XLOOKUP($C20,[22]PSP!$C:$C,[22]PSP!EJ:EJ) -> 0.023158104 | EK20: =_xlfn.XLOOKUP($C20,[22]PSP!$C:$C,[22]PSP!EK:EK) -> 18191934 | EL20: =TRUNC(EK20*EJ20,2) -> 421290.68 | EO20: =EL20+EH20+ED20+DZ20+DV20+DR20+DN20+DJ20+DF20+DB20+CX20+CT20+CP20+CL20+CH20+CD20+BZ20+BV20+BR20+BN20+BJ20+BF20+BB20+AX20+AT20+AP20+AL20+AH20+AD20+Z20+V20+R20+N20 -> 18191933 | EP20: =I20 -> 18191933 | EQ20: =EP20=EO20 -> TRUE
C21: 2.2 | D21: =_xlfn.XLOOKUP($C21,[22]PSP!$C:$C,[22]PSP!D:D) -> COMP_00002 | E21: =_xlfn.XLOOKUP($C21,[22]PSP!$C:$C,[22]PSP!E:E) -> COMPOSIÇÃO | F21: =_xlfn.XLOOKUP($C21,[22]PSP!$C:$C,[22]PSP!F:F) -> SINALIZAÇÃO PRÓVISÓRIA DE OBRAS | G21: =_xlfn.XLOOKUP($C21,[22]PSP!$C:$C,[22]PSP!G:G) -> CJ | H21: =_xlfn.XLOOKUP($C21,[22]PSP!$C:$C,[22]PSP!H:H) -> 1 | I21: =_xlfn.XLOOKUP($C21,[22]PSP!$C:$C,[22]PSP!I:I) -> 4547983.2 | J21: =_xlfn.XLOOKUP($C21,[22]PSP!$C:$C,[22]PSP!J:J) -> 5599022.2 | L21: =_xlfn.XLOOKUP($C21,[22]PSP!$C:$C,[22]PSP!L:L) -> 0.020930515 | M21: =_xlfn.XLOOKUP($C21,[22]PSP!$C:$C,[22]PSP!M:M) -> 4547983.4 | N21: =TRUNC(M21*L21,2) -> 95191.63 | P21: =_xlfn.XLOOKUP($C21,[22]PSP!$C:$C,[22]PSP!P:P) -> 0.0036832413 | Q21: =_xlfn.XLOOKUP($C21,[22]PSP!$C:$C,[22]PSP!Q:Q) -> 4547983.4 | R21: =TRUNC(Q21*P21,2) -> 16751.32 | T21: =_xlfn.XLOOKUP($C21,[22]PSP!$C:$C,[22]PSP!T:T) -> 0.0048080634 | U21: =_xlfn.XLOOKUP($C21,[22]PSP!$C:$C,[22]PSP!U:U) -> 4547983.4 | V21: =TRUNC(U21*T21,2) -> 21866.99 | X21: =_xlfn.XLOOKUP($C21,[22]PSP!$C:$C,[22]PSP!X:X) -> 0.043471069 | Y21: =_xlfn.XLOOKUP($C21,[22]PSP!$C:$C,[22]PSP!Y:Y) -> 4547983.4 | Z21: =TRUNC(Y21*X21,2) -> 197705.69 | AB21: =_xlfn.XLOOKUP($C21,[22]PSP!$C:$C,[22]PSP!AB:AB) -> 0.024371147 | AC21: =_xlfn.XLOOKUP($C21,[22]PSP!$C:$C,[22]PSP!AC:AC) -> 4547983.4 | AD21: =TRUNC(AC21*AB21,2) -> 110839.57 | AF21: =_xlfn.XLOOKUP($C21,[22]PSP!$C:$C,[22]PSP!AF:AF) -> 0.027414784 | AG21: =_xlfn.XLOOKUP($C21,[22]PSP!$C:$C,[22]PSP!AG:AG) -> 4547983.4 | AH21: =TRUNC(AG21*AF21,2) -> 124681.98 | AJ21: =_xlfn.XLOOKUP($C21,[22]PSP!$C:$C,[22]PSP!AJ:AJ) -> 0.016872333 | AK21: =_xlfn.XLOOKUP($C21,[22]PSP!$C:$C,[22]PSP!AK:AK) -> 4547983.4 | AL21: =TRUNC(AK21*AJ21,2) -> 76735.08 | AN21: =_xlfn.XLOOKUP($C21,[22]PSP!$C:$C,[22]PSP!AN:AN) -> 0.047838026 | AO21: =_xlfn.XLOOKUP($C21,[22]PSP!$C:$C,[22]PSP!AO:AO) -> 4547983.4 | AP21: =TRUNC(AO21*AN21,2) -> 217566.54 | AR21: =_xlfn.XLOOKUP($C21,[22]PSP!$C:$C,[22]PSP!AR:AR) -> 0.011579052 | AS21: =_xlfn.XLOOKUP($C21,[22]PSP!$C:$C,[22]PSP!AS:AS) -> 4547983.4 | AT21: =TRUNC(AS21*AR21,2) -> 52661.33 | AV21: =_xlfn.XLOOKUP($C21,[22]PSP!$C:$C,[22]PSP!AV:AV) -> 0.031583242 | AW21: =_xlfn.XLOOKUP($C21,[22]PSP!$C:$C,[22]PSP!AW:AW) -> 4547983.4 | AX21: =TRUNC(AW21*AV21,2) -> 143640.06 | AZ21: =_xlfn.XLOOKUP($C21,[22]PSP!$C:$C,[22]PSP!AZ:AZ) -> 0.0062416603 | BA21: =_xlfn.XLOOKUP($C21,[22]PSP!$C:$C,[22]PSP!BA:BA) -> 4547983.4 | BB21: =TRUNC(BA21*AZ21,2) -> 28386.96 | BD21: =_xlfn.XLOOKUP($C21,[22]PSP!$C:$C,[22]PSP!BD:BD) -> 0.058424587 | BE21: =_xlfn.XLOOKUP($C21,[22]PSP!$C:$C,[22]PSP!BE:BE) -> 4547983.4 | BF21: =TRUNC(BE21*BD21,2) -> 265714.05 | BH21: =_xlfn.XLOOKUP($C21,[22]PSP!$C:$C,[22]PSP!BH:BH) -> 0.05566767 | BI21: =_xlfn.XLOOKUP($C21,[22]PSP!$C:$C,[22]PSP!BI:BI) -> 4547983.4 | BJ21: =TRUNC(BI21*BH21,2) -> 253175.63 | BL21: =_xlfn.XLOOKUP($C21,[22]PSP!$C:$C,[22]PSP!BL:BL) -> 0.071349015 | BM21: =_xlfn.XLOOKUP($C21,[22]PSP!$C:$C,[22]PSP!BM:BM) -> 4547983.4 | BN21: =TRUNC(BM21*BL21,2) -> 324494.13 | BP21: =_xlfn.XLOOKUP($C21,[22]PSP!$C:$C,[22]PSP!BP:BP) -> 0.013409645 | BQ21: =_xlfn.XLOOKUP($C21,[22]PSP!$C:$C,[22]PSP!BQ:BQ) -> 4547983.4 | BR21: =TRUNC(BQ21*BP21,2) -> 60986.84 | BT21: =_xlfn.XLOOKUP($C21,[22]PSP!$C:$C,[22]PSP!BT:BT) -> 0.038508618 | BU21: =_xlfn.XLOOKUP($C21,[22]PSP!$C:$C,[22]PSP!BU:BU) -> 4547983.4 | BV21: =TRUNC(BU21*BT21,2) -> 175136.55 | BX21: =_xlfn.XLOOKUP($C21,[22]PSP!$C:$C,[22]PSP!BX:BX) -> 0.031715574 | BY21: =_xlfn.XLOOKUP($C21,[22]PSP!$C:$C,[22]PSP!BY:BY) -> 4547983.4 | BZ21: =TRUNC(BY21*BX21,2) -> 144241.9 | CB21: =_xlfn.XLOOKUP($C21,[22]PSP!$C:$C,[22]PSP!CB:CB) -> 0.035178262 | CC21: =_xlfn.XLOOKUP($C21,[22]PSP!$C:$C,[22]PSP!CC:CC) -> 4547983.4 | CD21: =TRUNC(CC21*CB21,2) -> 159990.15 | CF21: =_xlfn.XLOOKUP($C21,[22]PSP!$C:$C,[22]PSP!CF:CF) -> 0.062284271 | CG21: =_xlfn.XLOOKUP($C21,[22]PSP!$C:$C,[22]PSP!CG:CG) -> 4547983.4 | CH21: =TRUNC(CG21*CF21,2) -> 283267.83 | CJ21: =_xlfn.XLOOKUP($C21,[22]PSP!$C:$C,[22]PSP!CJ:CJ) -> 0.031583242 | CK21: =_xlfn.XLOOKUP($C21,[22]PSP!$C:$C,[22]PSP!CK:CK) -> 4547983.4 | CL21: =TRUNC(CK21*CJ21,2) -> 143640.06 | CN21: =_xlfn.XLOOKUP($C21,[22]PSP!$C:$C,[22]PSP!CN:CN) -> 0.055866168 | CO21: =_xlfn.XLOOKUP($C21,[22]PSP!$C:$C,[22]PSP!CO:CO) -> 4547983.4 | CP21: =TRUNC(CO21*CN21,2) -> 254078.4 | CR21: =_xlfn.XLOOKUP($C21,[22]PSP!$C:$C,[22]PSP!CR:CR) -> 0.060674232 | CS21: =_xlfn.XLOOKUP($C21,[22]PSP!$C:$C,[22]PSP!CS:CS) -> 4547983.4 | CT21: =TRUNC(CS21*CR21,2) -> 275945.39 | CV21: =_xlfn.XLOOKUP($C21,[22]PSP!$C:$C,[22]PSP!CV:CV) -> 0.05632933 | CW21: =_xlfn.XLOOKUP($C21,[22]PSP!$C:$C,[22]PSP!CW:CW) -> 4547983.4 | CX21: =TRUNC(CW21*CV21,2) -> 256184.85 | CZ21: =_xlfn.XLOOKUP($C21,[22]PSP!$C:$C,[22]PSP!CZ:CZ) -> 0.050396445 | DA21: =_xlfn.XLOOKUP($C21,[22]PSP!$C:$C,[22]PSP!DA:DA) -> 4547983.4 | DB21: =TRUNC(DA21*CZ21,2) -> 229202.19 | DD21: =_xlfn.XLOOKUP($C21,[22]PSP!$C:$C,[22]PSP!DD:DD) -> 0.033369725 | DE21: =_xlfn.XLOOKUP($C21,[22]PSP!$C:$C,[22]PSP!DE:DE) -> 4547983.4 | DF21: =TRUNC(DE21*DD21,2) -> 151764.95 | DH21: =_xlfn.XLOOKUP($C21,[22]PSP!$C:$C,[22]PSP!DH:DH) -> 0.0058667196 | DI21: =_xlfn.XLOOKUP($C21,[22]PSP!$C:$C,[22]PSP!DI:DI) -> 4547983.4 | DJ21: =TRUNC(DI21*DH21,2) -> 26681.74 | DL21: =_xlfn.XLOOKUP($C21,[22]PSP!$C:$C,[22]PSP!DL:DL) -> 0.0033744665 | DM21: =_xlfn.XLOOKUP($C21,[22]PSP!$C:$C,[22]PSP!DM:DM) -> 4547983.4 | DN21: =TRUNC(DM21*DL21,2) -> 15347.01 | DP21: =_xlfn.XLOOKUP($C21,[22]PSP!$C:$C,[22]PSP!DP:DP) -> 0.018195653 | DQ21: =_xlfn.XLOOKUP($C21,[22]PSP!$C:$C,[22]PSP!DQ:DQ) -> 4547983.4 | DR21: =TRUNC(DQ21*DP21,2) -> 82753.52 | DT21: =_xlfn.XLOOKUP($C21,[22]PSP!$C:$C,[22]PSP!DT:DT) -> 0.017953044 | DU21: =_xlfn.XLOOKUP($C21,[22]PSP!$C:$C,[22]PSP!DU:DU) -> 4547983.4 | DV21: =TRUNC(DU21*DT21,2) -> 81650.14 | DX21: =_xlfn.XLOOKUP($C21,[22]PSP!$C:$C,[22]PSP!DX:DX) -> 0.010674783 | DY21: =_xlfn.XLOOKUP($C21,[22]PSP!$C:$C,[22]PSP!DY:DY) -> 4547983.4 | DZ21: =TRUNC(DY21*DX21,2) -> 48548.73 | EB21: =_xlfn.XLOOKUP($C21,[22]PSP!$C:$C,[22]PSP!EB:EB) -> 0.022739052 | EC21: =_xlfn.XLOOKUP($C21,[22]PSP!$C:$C,[22]PSP!EC:EC) -> 4547983.4 | ED21: =TRUNC(EC21*EB21,2) -> 103416.83 | EF21: =_xlfn.XLOOKUP($C21,[22]PSP!$C:$C,[22]PSP!EF:EF) -> 0.004488261 | EG21: =_xlfn.XLOOKUP($C21,[22]PSP!$C:$C,[22]PSP!EG:EG) -> 4547983.4 | EH21: =TRUNC(EG21*EF21,2) -> 20412.53 | EJ21: =_xlfn.XLOOKUP($C21,[22]PSP!$C:$C,[22]PSP!EJ:EJ) -> 0.023158104 | EK21: =_xlfn.XLOOKUP($C21,[22]PSP!$C:$C,[22]PSP!EK:EK) -> 4547983.4 | EL21: =TRUNC(EK21*EJ21,2) -> 105322.67 | EO21: =EL21+EH21+ED21+DZ21+DV21+DR21+DN21+DJ21+DF21+DB21+CX21+CT21+CP21+CL21+CH21+CD21+BZ21+BV21+BR21+BN21+BJ21+BF21+BB21+AX21+AT21+AP21+AL21+AH21+AD21+Z21+V21+R21+N21 -> 4547983.2 | EP21: =I21 -> 4547983.2 | EQ21: =EP21=EO21 -> TRUE
C22: 3.0 | F22: MOBILIZAÇÃO E DESMOBILIZAÇÃO | I22: =SUM(I23:I24) -> 4547983 | J22: =SUM(J23:J24) -> 5599021.9 | EO22: =EL22+EH22+ED22+DZ22+DV22+DR22+DN22+DJ22+DF22+DB22+CX22+CT22+CP22+CL22+CH22+CD22+BZ22+BV22+BR22+BN22+BJ22+BF22+BB22+AX22+AT22+AP22+AL22+AH22+AD22+Z22+V22+R22+N22 -> 0 | EP22: =I22 -> 4547983 | EQ22: =EP22=EO22 -> FALSE
C23: 3.1 | D23: =_xlfn.XLOOKUP($C23,[22]PSP!$C:$C,[22]PSP!D:D) -> COMP_02002 | E23: =_xlfn.XLOOKUP($C23,[22]PSP!$C:$C,[22]PSP!E:E) -> COMPOSIÇÃO | F23: =_xlfn.XLOOKUP($C23,[22]PSP!$C:$C,[22]PSP!F:F) -> MOBILIZAÇÃO DE MÃO DE OBRA E EQUIPAMENTOS | G23: =_xlfn.XLOOKUP($C23,[22]PSP!$C:$C,[22]PSP!G:G) -> UN | H23: =_xlfn.XLOOKUP($C23,[22]PSP!$C:$C,[22]PSP!H:H) -> 1 | I23: =_xlfn.XLOOKUP($C23,[22]PSP!$C:$C,[22]PSP!I:I) -> 2273991.5 | J23: =_xlfn.XLOOKUP($C23,[22]PSP!$C:$C,[22]PSP!J:J) -> 2799511 | L23: =_xlfn.XLOOKUP($C23,[22]PSP!$C:$C,[22]PSP!L:L) -> 0.020930515 | M23: =_xlfn.XLOOKUP($C23,[22]PSP!$C:$C,[22]PSP!M:M) -> 2273991.7 | N23: =TRUNC(M23*L23,2) -> 47595.81 | P23: =_xlfn.XLOOKUP($C23,[22]PSP!$C:$C,[22]PSP!P:P) -> 0.0036832413 | Q23: =_xlfn.XLOOKUP($C23,[22]PSP!$C:$C,[22]PSP!Q:Q) -> 2273991.7 | R23: =TRUNC(Q23*P23,2) -> 8375.66 | T23: =_xlfn.XLOOKUP($C23,[22]PSP!$C:$C,[22]PSP!T:T) -> 0.0048080634 | U23: =_xlfn.XLOOKUP($C23,[22]PSP!$C:$C,[22]PSP!U:U) -> 2273991.7 | V23: =TRUNC(U23*T23,2) -> 10933.49 | X23: =_xlfn.XLOOKUP($C23,[22]PSP!$C:$C,[22]PSP!X:X) -> 0.043471069 | Y23: =_xlfn.XLOOKUP($C23,[22]PSP!$C:$C,[22]PSP!Y:Y) -> 2273991.7 | Z23: =TRUNC(Y23*X23,2) -> 98852.84 | AB23: =_xlfn.XLOOKUP($C23,[22]PSP!$C:$C,[22]PSP!AB:AB) -> 0.024371147 | AC23: =_xlfn.XLOOKUP($C23,[22]PSP!$C:$C,[22]PSP!AC:AC) -> 2273991.7 | AD23: =TRUNC(AC23*AB23,2) -> 55419.78 | AF23: =_xlfn.XLOOKUP($C23,[22]PSP!$C:$C,[22]PSP!AF:AF) -> 0.027414784 | AG23: =_xlfn.XLOOKUP($C23,[22]PSP!$C:$C,[22]PSP!AG:AG) -> 2273991.7 | AH23: =TRUNC(AG23*AF23,2) -> 62340.99 | AJ23: =_xlfn.XLOOKUP($C23,[22]PSP!$C:$C,[22]PSP!AJ:AJ) -> 0.016872333 | AK23: =_xlfn.XLOOKUP($C23,[22]PSP!$C:$C,[22]PSP!AK:AK) -> 2273991.7 | AL23: =TRUNC(AK23*AJ23,2) -> 38367.54 | AN23: =_xlfn.XLOOKUP($C23,[22]PSP!$C:$C,[22]PSP!AN:AN) -> 0.047838026 | AO23: =_xlfn.XLOOKUP($C23,[22]PSP!$C:$C,[22]PSP!AO:AO) -> 2273991.7 | AP23: =TRUNC(AO23*AN23,2) -> 108783.27 | AR23: =_xlfn.XLOOKUP($C23,[22]PSP!$C:$C,[22]PSP!AR:AR) -> 0.011579052 | AS23: =_xlfn.XLOOKUP($C23,[22]PSP!$C:$C,[22]PSP!AS:AS) -> 2273991.7 | AT23: =TRUNC(AS23*AR23,2) -> 26330.66 | AV23: =_xlfn.XLOOKUP($C23,[22]PSP!$C:$C,[22]PSP!AV:AV) -> 0.031583242 | AW23: =_xlfn.XLOOKUP($C23,[22]PSP!$C:$C,[22]PSP!AW:AW) -> 2273991.7 | AX23: =TRUNC(AW23*AV23,2) -> 71820.03 | AZ23: =_xlfn.XLOOKUP($C23,[22]PSP!$C:$C,[22]PSP!AZ:AZ) -> 0.0062416603 | BA23: =_xlfn.XLOOKUP($C23,[22]PSP!$C:$C,[22]PSP!BA:BA) -> 2273991.7 | BB23: =TRUNC(BA23*AZ23,2) -> 14193.48 | BD23: =_xlfn.XLOOKUP($C23,[22]PSP!$C:$C,[22]PSP!BD:BD) -> 0.058424587 | BE23: =_xlfn.XLOOKUP($C23,[22]PSP!$C:$C,[22]PSP!BE:BE) -> 2273991.7 | BF23: =TRUNC(BE23*BD23,2) -> 132857.02 | BH23: =_xlfn.XLOOKUP($C23,[22]PSP!$C:$C,[22]PSP!BH:BH) -> 0.05566767 | BI23: =_xlfn.XLOOKUP($C23,[22]PSP!$C:$C,[22]PSP!BI:BI) -> 2273991.7 | BJ23: =TRUNC(BI23*BH23,2) -> 126587.81 | BL23: =_xlfn.XLOOKUP($C23,[22]PSP!$C:$C,[22]PSP!BL:BL) -> 0.071349015 | BM23: =_xlfn.XLOOKUP($C23,[22]PSP!$C:$C,[22]PSP!BM:BM) -> 2273991.7 | BN23: =TRUNC(BM23*BL23,2) -> 162247.06 | BP23: =_xlfn.XLOOKUP($C23,[22]PSP!$C:$C,[22]PSP!BP:BP) -> 0.013409645 | BQ23: =_xlfn.XLOOKUP($C23,[22]PSP!$C:$C,[22]PSP!BQ:BQ) -> 2273991.7 | BR23: =TRUNC(BQ23*BP23,2) -> 30493.42 | BT23: =_xlfn.XLOOKUP($C23,[22]PSP!$C:$C,[22]PSP!BT:BT) -> 0.038508618 | BU23: =_xlfn.XLOOKUP($C23,[22]PSP!$C:$C,[22]PSP!BU:BU) -> 2273991.7 | BV23: =TRUNC(BU23*BT23,2) -> 87568.27 | BX23: =_xlfn.XLOOKUP($C23,[22]PSP!$C:$C,[22]PSP!BX:BX) -> 0.031715574 | BY23: =_xlfn.XLOOKUP($C23,[22]PSP!$C:$C,[22]PSP!BY:BY) -> 2273991.7 | BZ23: =TRUNC(BY23*BX23,2) -> 72120.95 | CB23: =_xlfn.XLOOKUP($C23,[22]PSP!$C:$C,[22]PSP!CB:CB) -> 0.035178262 | CC23: =_xlfn.XLOOKUP($C23,[22]PSP!$C:$C,[22]PSP!CC:CC) -> 2273991.7 | CD23: =TRUNC(CC23*CB23,2) -> 79995.07 | CF23: =_xlfn.XLOOKUP($C23,[22]PSP!$C:$C,[22]PSP!CF:CF) -> 0.062284271 | CG23: =_xlfn.XLOOKUP($C23,[22]PSP!$C:$C,[22]PSP!CG:CG) -> 2273991.7 | CH23: =TRUNC(CG23*CF23,2) -> 141633.91 | CJ23: =_xlfn.XLOOKUP($C23,[22]PSP!$C:$C,[22]PSP!CJ:CJ) -> 0.031583242 | CK23: =_xlfn.XLOOKUP($C23,[22]PSP!$C:$C,[22]PSP!CK:CK) -> 2273991.7 | CL23: =TRUNC(CK23*CJ23,2) -> 71820.03 | CN23: =_xlfn.XLOOKUP($C23,[22]PSP!$C:$C,[22]PSP!CN:CN) -> 0.055866168 | CO23: =_xlfn.XLOOKUP($C23,[22]PSP!$C:$C,[22]PSP!CO:CO) -> 2273991.7 | CP23: =TRUNC(CO23*CN23,2) -> 127039.2 | CR23: =_xlfn.XLOOKUP($C23,[22]PSP!$C:$C,[22]PSP!CR:CR) -> 0.060674232 | CS23: =_xlfn.XLOOKUP($C23,[22]PSP!$C:$C,[22]PSP!CS:CS) -> 2273991.7 | CT23: =TRUNC(CS23*CR23,2) -> 137972.69 | CV23: =_xlfn.XLOOKUP($C23,[22]PSP!$C:$C,[22]PSP!CV:CV) -> 0.05632933 | CW23: =_xlfn.XLOOKUP($C23,[22]PSP!$C:$C,[22]PSP!CW:CW) -> 2273991.7 | CX23: =TRUNC(CW23*CV23,2) -> 128092.42 | CZ23: =_xlfn.XLOOKUP($C23,[22]PSP!$C:$C,[22]PSP!CZ:CZ) -> 0.050396445 | DA23: =_xlfn.XLOOKUP($C23,[22]PSP!$C:$C,[22]PSP!DA:DA) -> 2273991.7 | DB23: =TRUNC(DA23*CZ23,2) -> 114601.09 | DD23: =_xlfn.XLOOKUP($C23,[22]PSP!$C:$C,[22]PSP!DD:DD) -> 0.033369725 | DE23: =_xlfn.XLOOKUP($C23,[22]PSP!$C:$C,[22]PSP!DE:DE) -> 2273991.7 | DF23: =TRUNC(DE23*DD23,2) -> 75882.47 | DH23: =_xlfn.XLOOKUP($C23,[22]PSP!$C:$C,[22]PSP!DH:DH) -> 0.0058667196 | DI23: =_xlfn.XLOOKUP($C23,[22]PSP!$C:$C,[22]PSP!DI:DI) -> 2273991.7 | DJ23: =TRUNC(DI23*DH23,2) -> 13340.87 | DL23: =_xlfn.XLOOKUP($C23,[22]PSP!$C:$C,[22]PSP!DL:DL) -> 0.0033744665 | DM23: =_xlfn.XLOOKUP($C23,[22]PSP!$C:$C,[22]PSP!DM:DM) -> 2273991.7 | DN23: =TRUNC(DM23*DL23,2) -> 7673.5 | DP23: =_xlfn.XLOOKUP($C23,[22]PSP!$C:$C,[22]PSP!DP:DP) -> 0.018195653 | DQ23: =_xlfn.XLOOKUP($C23,[22]PSP!$C:$C,[22]PSP!DQ:DQ) -> 2273991.7 | DR23: =TRUNC(DQ23*DP23,2) -> 41376.76 | DT23: =_xlfn.XLOOKUP($C23,[22]PSP!$C:$C,[22]PSP!DT:DT) -> 0.017953044 | DU23: =_xlfn.XLOOKUP($C23,[22]PSP!$C:$C,[22]PSP!DU:DU) -> 2273991.7 | DV23: =TRUNC(DU23*DT23,2) -> 40825.07 | DX23: =_xlfn.XLOOKUP($C23,[22]PSP!$C:$C,[22]PSP!DX:DX) -> 0.010674783 | DY23: =_xlfn.XLOOKUP($C23,[22]PSP!$C:$C,[22]PSP!DY:DY) -> 2273991.7 | DZ23: =TRUNC(DY23*DX23,2) -> 24274.36 | EB23: =_xlfn.XLOOKUP($C23,[22]PSP!$C:$C,[22]PSP!EB:EB) -> 0.022739052 | EC23: =_xlfn.XLOOKUP($C23,[22]PSP!$C:$C,[22]PSP!EC:EC) -> 2273991.7 | ED23: =TRUNC(EC23*EB23,2) -> 51708.41 | EF23: =_xlfn.XLOOKUP($C23,[22]PSP!$C:$C,[22]PSP!EF:EF) -> 0.004488261 | EG23: =_xlfn.XLOOKUP($C23,[22]PSP!$C:$C,[22]PSP!EG:EG) -> 2273991.7 | EH23: =TRUNC(EG23*EF23,2) -> 10206.26 | EJ23: =_xlfn.XLOOKUP($C23,[22]PSP!$C:$C,[22]PSP!EJ:EJ) -> 0.023158104 | EK23: =_xlfn.XLOOKUP($C23,[22]PSP!$C:$C,[22]PSP!EK:EK) -> 2273991.7 | EL23: =TRUNC(EK23*EJ23,2) -> 52661.33 | EO23: =EL23+EH23+ED23+DZ23+DV23+DR23+DN23+DJ23+DF23+DB23+CX23+CT23+CP23+CL23+CH23+CD23+BZ23+BV23+BR23+BN23+BJ23+BF23+BB23+AX23+AT23+AP23+AL23+AH23+AD23+Z23+V23+R23+N23 -> 2273991.5 | EP23: =I23 -> 2273991.5 | EQ23: =EP23=EO23 -> TRUE
C24: 3.2 | D24: =_xlfn.XLOOKUP($C24,[22]PSP!$C:$C,[22]PSP!D:D) -> COMP_02003 | E24: =_xlfn.XLOOKUP($C24,[22]PSP!$C:$C,[22]PSP!E:E) -> COMPOSIÇÃO | F24: =_xlfn.XLOOKUP($C24,[22]PSP!$C:$C,[22]PSP!F:F) -> DESMOBILIZAÇÃO DE MÃO DE OBRA E EQUIPAMENTOS | G24: =_xlfn.XLOOKUP($C24,[22]PSP!$C:$C,[22]PSP!G:G) -> UN | H24: =_xlfn.XLOOKUP($C24,[22]PSP!$C:$C,[22]PSP!H:H) -> 1 | I24: =_xlfn.XLOOKUP($C24,[22]PSP!$C:$C,[22]PSP!I:I) -> 2273991.5 | J24: =_xlfn.XLOOKUP($C24,[22]PSP!$C:$C,[22]PSP!J:J) -> 2799511 | L24: =_xlfn.XLOOKUP($C24,[22]PSP!$C:$C,[22]PSP!L:L) -> 0.020930515 | M24: =_xlfn.XLOOKUP($C24,[22]PSP!$C:$C,[22]PSP!M:M) -> 2273991.7 | N24: =TRUNC(M24*L24,2) -> 47595.81 | P24: =_xlfn.XLOOKUP($C24,[22]PSP!$C:$C,[22]PSP!P:P) -> 0.0036832413 | Q24: =_xlfn.XLOOKUP($C24,[22]PSP!$C:$C,[22]PSP!Q:Q) -> 2273991.7 | R24: =TRUNC(Q24*P24,2) -> 8375.66 | T24: =_xlfn.XLOOKUP($C24,[22]PSP!$C:$C,[22]PSP!T:T) -> 0.0048080634 | U24: =_xlfn.XLOOKUP($C24,[22]PSP!$C:$C,[22]PSP!U:U) -> 2273991.7 | V24: =TRUNC(U24*T24,2) -> 10933.49 | X24: =_xlfn.XLOOKUP($C24,[22]PSP!$C:$C,[22]PSP!X:X) -> 0.043471069 | Y24: =_xlfn.XLOOKUP($C24,[22]PSP!$C:$C,[22]PSP!Y:Y) -> 2273991.7 | Z24: =TRUNC(Y24*X24,2) -> 98852.84 | AB24: =_xlfn.XLOOKUP($C24,[22]PSP!$C:$C,[22]PSP!AB:AB) -> 0.024371147 | AC24: =_xlfn.XLOOKUP($C24,[22]PSP!$C:$C,[22]PSP!AC:AC) -> 2273991.7 | AD24: =TRUNC(AC24*AB24,2) -> 55419.78 | AF24: =_xlfn.XLOOKUP($C24,[22]PSP!$C:$C,[22]PSP!AF:AF) -> 0.027414784 | AG24: =_xlfn.XLOOKUP($C24,[22]PSP!$C:$C,[22]PSP!AG:AG) -> 2273991.7 | AH24: =TRUNC(AG24*AF24,2) -> 62340.99 | AJ24: =_xlfn.XLOOKUP($C24,[22]PSP!$C:$C,[22]PSP!AJ:AJ) -> 0.016872333 | AK24: =_xlfn.XLOOKUP($C24,[22]PSP!$C:$C,[22]PSP!AK:AK) -> 2273991.7 | AL24: =TRUNC(AK24*AJ24,2) -> 38367.54 | AN24: =_xlfn.XLOOKUP($C24,[22]PSP!$C:$C,[22]PSP!AN:AN) -> 0.047838026 | AO24: =_xlfn.XLOOKUP($C24,[22]PSP!$C:$C,[22]PSP!AO:AO) -> 2273991.7 | AP24: =TRUNC(AO24*AN24,2) -> 108783.27 | AR24: =_xlfn.XLOOKUP($C24,[22]PSP!$C:$C,[22]PSP!AR:AR) -> 0.011579052 | AS24: =_xlfn.XLOOKUP($C24,[22]PSP!$C:$C,[22]PSP!AS:AS) -> 2273991.7 | AT24: =TRUNC(AS24*AR24,2) -> 26330.66 | AV24: =_xlfn.XLOOKUP($C24,[22]PSP!$C:$C,[22]PSP!AV:AV) -> 0.031583242 | AW24: =_xlfn.XLOOKUP($C24,[22]PSP!$C:$C,[22]PSP!AW:AW) -> 2273991.7 | AX24: =TRUNC(AW24*AV24,2) -> 71820.03 | AZ24: =_xlfn.XLOOKUP($C24,[22]PSP!$C:$C,[22]PSP!AZ:AZ) -> 0.0062416603 | BA24: =_xlfn.XLOOKUP($C24,[22]PSP!$C:$C,[22]PSP!BA:BA) -> 2273991.7 | BB24: =TRUNC(BA24*AZ24,2) -> 14193.48 | BD24: =_xlfn.XLOOKUP($C24,[22]PSP!$C:$C,[22]PSP!BD:BD) -> 0.058424587 | BE24: =_xlfn.XLOOKUP($C24,[22]PSP!$C:$C,[22]PSP!BE:BE) -> 2273991.7 | BF24: =TRUNC(BE24*BD24,2) -> 132857.02 | BH24: =_xlfn.XLOOKUP($C24,[22]PSP!$C:$C,[22]PSP!BH:BH) -> 0.05566767 | BI24: =_xlfn.XLOOKUP($C24,[22]PSP!$C:$C,[22]PSP!BI:BI) -> 2273991.7 | BJ24: =TRUNC(BI24*BH24,2) -> 126587.81 | BL24: =_xlfn.XLOOKUP($C24,[22]PSP!$C:$C,[22]PSP!BL:BL) -> 0.071349015 | BM24: =_xlfn.XLOOKUP($C24,[22]PSP!$C:$C,[22]PSP!BM:BM) -> 2273991.7 | BN24: =TRUNC(BM24*BL24,2) -> 162247.06 | BP24: =_xlfn.XLOOKUP($C24,[22]PSP!$C:$C,[22]PSP!BP:BP) -> 0.013409645 | BQ24: =_xlfn.XLOOKUP($C24,[22]PSP!$C:$C,[22]PSP!BQ:BQ) -> 2273991.7 | BR24: =TRUNC(BQ24*BP24,2) -> 30493.42 | BT24: =_xlfn.XLOOKUP($C24,[22]PSP!$C:$C,[22]PSP!BT:BT) -> 0.038508618 | BU24: =_xlfn.XLOOKUP($C24,[22]PSP!$C:$C,[22]PSP!BU:BU) -> 2273991.7 | BV24: =TRUNC(BU24*BT24,2) -> 87568.27 | BX24: =_xlfn.XLOOKUP($C24,[22]PSP!$C:$C,[22]PSP!BX:BX) -> 0.031715574 | BY24: =_xlfn.XLOOKUP($C24,[22]PSP!$C:$C,[22]PSP!BY:BY) -> 2273991.7 | BZ24: =TRUNC(BY24*BX24,2) -> 72120.95 | CB24: =_xlfn.XLOOKUP($C24,[22]PSP!$C:$C,[22]PSP!CB:CB) -> 0.035178262 | CC24: =_xlfn.XLOOKUP($C24,[22]PSP!$C:$C,[22]PSP!CC:CC) -> 2273991.7 | CD24: =TRUNC(CC24*CB24,2) -> 79995.07 | CF24: =_xlfn.XLOOKUP($C24,[22]PSP!$C:$C,[22]PSP!CF:CF) -> 0.062284271 | CG24: =_xlfn.XLOOKUP($C24,[22]PSP!$C:$C,[22]PSP!CG:CG) -> 2273991.7 | CH24: =TRUNC(CG24*CF24,2) -> 141633.91 | CJ24: =_xlfn.XLOOKUP($C24,[22]PSP!$C:$C,[22]PSP!CJ:CJ) -> 0.031583242 | CK24: =_xlfn.XLOOKUP($C24,[22]PSP!$C:$C,[22]PSP!CK:CK) -> 2273991.7 | CL24: =TRUNC(CK24*CJ24,2) -> 71820.03 | CN24: =_xlfn.XLOOKUP($C24,[22]PSP!$C:$C,[22]PSP!CN:CN) -> 0.055866168 | CO24: =_xlfn.XLOOKUP($C24,[22]PSP!$C:$C,[22]PSP!CO:CO) -> 2273991.7 | CP24: =TRUNC(CO24*CN24,2) -> 127039.2 | CR24: =_xlfn.XLOOKUP($C24,[22]PSP!$C:$C,[22]PSP!CR:CR) -> 0.060674232 | CS24: =_xlfn.XLOOKUP($C24,[22]PSP!$C:$C,[22]PSP!CS:CS) -> 2273991.7 | CT24: =TRUNC(CS24*CR24,2) -> 137972.69 | CV24: =_xlfn.XLOOKUP($C24,[22]PSP!$C:$C,[22]PSP!CV:CV) -> 0.05632933 | CW24: =_xlfn.XLOOKUP($C24,[22]PSP!$C:$C,[22]PSP!CW:CW) -> 2273991.7 | CX24: =TRUNC(CW24*CV24,2) -> 128092.42 | CZ24: =_xlfn.XLOOKUP($C24,[22]PSP!$C:$C,[22]PSP!CZ:CZ) -> 0.050396445 | DA24: =_xlfn.XLOOKUP($C24,[22]PSP!$C:$C,[22]PSP!DA:DA) -> 2273991.7 | DB24: =TRUNC(DA24*CZ24,2) -> 114601.09 | DD24: =_xlfn.XLOOKUP($C24,[22]PSP!$C:$C,[22]PSP!DD:DD) -> 0.033369725 | DE24: =_xlfn.XLOOKUP($C24,[22]PSP!$C:$C,[22]PSP!DE:DE) -> 2273991.7 | DF24: =TRUNC(DE24*DD24,2) -> 75882.47 | DH24: =_xlfn.XLOOKUP($C24,[22]PSP!$C:$C,[22]PSP!DH:DH) -> 0.0058667196 | DI24: =_xlfn.XLOOKUP($C24,[22]PSP!$C:$C,[22]PSP!DI:DI) -> 2273991.7 | DJ24: =TRUNC(DI24*DH24,2) -> 13340.87 | DL24: =_xlfn.XLOOKUP($C24,[22]PSP!$C:$C,[22]PSP!DL:DL) -> 0.0033744665 | DM24: =_xlfn.XLOOKUP($C24,[22]PSP!$C:$C,[22]PSP!DM:DM) -> 2273991.7 | DN24: =TRUNC(DM24*DL24,2) -> 7673.5 | DP24: =_xlfn.XLOOKUP($C24,[22]PSP!$C:$C,[22]PSP!DP:DP) -> 0.018195653 | DQ24: =_xlfn.XLOOKUP($C24,[22]PSP!$C:$C,[22]PSP!DQ:DQ) -> 2273991.7 | DR24: =TRUNC(DQ24*DP24,2) -> 41376.76 | DT24: =_xlfn.XLOOKUP($C24,[22]PSP!$C:$C,[22]PSP!DT:DT) -> 0.017953044 | DU24: =_xlfn.XLOOKUP($C24,[22]PSP!$C:$C,[22]PSP!DU:DU) -> 2273991.7 | DV24: =TRUNC(DU24*DT24,2) -> 40825.07 | DX24: =_xlfn.XLOOKUP($C24,[22]PSP!$C:$C,[22]PSP!DX:DX) -> 0.010674783 | DY24: =_xlfn.XLOOKUP($C24,[22]PSP!$C:$C,[22]PSP!DY:DY) -> 2273991.7 | DZ24: =TRUNC(DY24*DX24,2) -> 24274.36 | EB24: =_xlfn.XLOOKUP($C24,[22]PSP!$C:$C,[22]PSP!EB:EB) -> 0.022739052 | EC24: =_xlfn.XLOOKUP($C24,[22]PSP!$C:$C,[22]PSP!EC:EC) -> 2273991.7 | ED24: =TRUNC(EC24*EB24,2) -> 51708.41 | EF24: =_xlfn.XLOOKUP($C24,[22]PSP!$C:$C,[22]PSP!EF:EF) -> 0.004488261 | EG24: =_xlfn.XLOOKUP($C24,[22]PSP!$C:$C,[22]PSP!EG:EG) -> 2273991.7 | EH24: =TRUNC(EG24*EF24,2) -> 10206.26 | EJ24: =_xlfn.XLOOKUP($C24,[22]PSP!$C:$C,[22]PSP!EJ:EJ) -> 0.023158104 | EK24: =_xlfn.XLOOKUP($C24,[22]PSP!$C:$C,[22]PSP!EK:EK) -> 2273991.7 | EL24: =TRUNC(EK24*EJ24,2) -> 52661.33 | EO24: =EL24+EH24+ED24+DZ24+DV24+DR24+DN24+DJ24+DF24+DB24+CX24+CT24+CP24+CL24+CH24+CD24+BZ24+BV24+BR24+BN24+BJ24+BF24+BB24+AX24+AT24+AP24+AL24+AH24+AD24+Z24+V24+R24+N24 -> 2273991.5 | EP24: =I24 -> 2273991.5 | EQ24: =EP24=EO24 -> TRUE
C25: 4.0 | F25: PROJETO EXECUTIVO | I25: =SUM(I26:I36) -> 30763349 | J25: =SUM(J26:J36) -> 37872759 | EO25: =EL25+EH25+ED25+DZ25+DV25+DR25+DN25+DJ25+DF25+DB25+CX25+CT25+CP25+CL25+CH25+CD25+BZ25+BV25+BR25+BN25+BJ25+BF25+BB25+AX25+AT25+AP25+AL25+AH25+AD25+Z25+V25+R25+N25 -> 0 | EP25: =I25 -> 30763349 | EQ25: =EP25=EO25 -> FALSE
C26: 4.1 | D26: =_xlfn.XLOOKUP($C26,[22]PSP!$C:$C,[22]PSP!D:D) -> COMP_00003 | E26: =_xlfn.XLOOKUP($C26,[22]PSP!$C:$C,[22]PSP!E:E) -> COMPOSIÇÃO | F26: =_xlfn.XLOOKUP($C26,[22]PSP!$C:$C,[22]PSP!F:F) -> PROJETO EXECUTIVO: TRABALHOS INICIAIS | G26: =_xlfn.XLOOKUP($C26,[22]PSP!$C:$C,[22]PSP!G:G) -> CJ | H26: =_xlfn.XLOOKUP($C26,[22]PSP!$C:$C,[22]PSP!H:H) -> 1 | I26: =_xlfn.XLOOKUP($C26,[22]PSP!$C:$C,[22]PSP!I:I) -> 2405705.4 | J26: =_xlfn.XLOOKUP($C26,[22]PSP!$C:$C,[22]PSP!J:J) -> 2961663.9 | L26: =_xlfn.XLOOKUP($C26,[22]PSP!$C:$C,[22]PSP!L:L) -> 0.020930515 | M26: =_xlfn.XLOOKUP($C26,[22]PSP!$C:$C,[22]PSP!M:M) -> 2405705.5 | N26: =TRUNC(M26*L26,2) -> 50352.65 | P26: =_xlfn.XLOOKUP($C26,[22]PSP!$C:$C,[22]PSP!P:P) -> 0.0036832413 | Q26: =_xlfn.XLOOKUP($C26,[22]PSP!$C:$C,[22]PSP!Q:Q) -> 2405705.5 | R26: =TRUNC(Q26*P26,2) -> 8860.79 | T26: =_xlfn.XLOOKUP($C26,[22]PSP!$C:$C,[22]PSP!T:T) -> 0.0048080634 | U26: =_xlfn.XLOOKUP($C26,[22]PSP!$C:$C,[22]PSP!U:U) -> 2405705.5 | V26: =TRUNC(U26*T26,2) -> 11566.78 | X26: =_xlfn.XLOOKUP($C26,[22]PSP!$C:$C,[22]PSP!X:X) -> 0.043471069 | Y26: =_xlfn.XLOOKUP($C26,[22]PSP!$C:$C,[22]PSP!Y:Y) -> 2405705.5 | Z26: =TRUNC(Y26*X26,2) -> 104578.59 | AB26: =_xlfn.XLOOKUP($C26,[22]PSP!$C:$C,[22]PSP!AB:AB) -> 0.024371147 | AC26: =_xlfn.XLOOKUP($C26,[22]PSP!$C:$C,[22]PSP!AC:AC) -> 2405705.5 | AD26: =TRUNC(AC26*AB26,2) -> 58629.8 | AF26: =_xlfn.XLOOKUP($C26,[22]PSP!$C:$C,[22]PSP!AF:AF) -> 0.027414784 | AG26: =_xlfn.XLOOKUP($C26,[22]PSP!$C:$C,[22]PSP!AG:AG) -> 2405705.5 | AH26: =TRUNC(AG26*AF26,2) -> 65951.89 | AJ26: =_xlfn.XLOOKUP($C26,[22]PSP!$C:$C,[22]PSP!AJ:AJ) -> 0.016872333 | AK26: =_xlfn.XLOOKUP($C26,[22]PSP!$C:$C,[22]PSP!AK:AK) -> 2405705.5 | AL26: =TRUNC(AK26*AJ26,2) -> 40589.86 | AN26: =_xlfn.XLOOKUP($C26,[22]PSP!$C:$C,[22]PSP!AN:AN) -> 0.047838026 | AO26: =_xlfn.XLOOKUP($C26,[22]PSP!$C:$C,[22]PSP!AO:AO) -> 2405705.5 | AP26: =TRUNC(AO26*AN26,2) -> 115084.2 | AR26: =_xlfn.XLOOKUP($C26,[22]PSP!$C:$C,[22]PSP!AR:AR) -> 0.011579052 | AS26: =_xlfn.XLOOKUP($C26,[22]PSP!$C:$C,[22]PSP!AS:AS) -> 2405705.5 | AT26: =TRUNC(AS26*AR26,2) -> 27855.78 | AV26: =_xlfn.XLOOKUP($C26,[22]PSP!$C:$C,[22]PSP!AV:AV) -> 0.031583242 | AW26: =_xlfn.XLOOKUP($C26,[22]PSP!$C:$C,[22]PSP!AW:AW) -> 2405705.5 | AX26: =TRUNC(AW26*AV26,2) -> 75979.98 | AZ26: =_xlfn.XLOOKUP($C26,[22]PSP!$C:$C,[22]PSP!AZ:AZ) -> 0.0062416603 | BA26: =_xlfn.XLOOKUP($C26,[22]PSP!$C:$C,[22]PSP!BA:BA) -> 2405705.5 | BB26: =TRUNC(BA26*AZ26,2) -> 15015.59 | BD26: =_xlfn.XLOOKUP($C26,[22]PSP!$C:$C,[22]PSP!BD:BD) -> 0.058424587 | BE26: =_xlfn.XLOOKUP($C26,[22]PSP!$C:$C,[22]PSP!BE:BE) -> 2405705.5 | BF26: =TRUNC(BE26*BD26,2) -> 140552.35 | BH26: =_xlfn.XLOOKUP($C26,[22]PSP!$C:$C,[22]PSP!BH:BH) -> 0.05566767 | BI26: =_xlfn.XLOOKUP($C26,[22]PSP!$C:$C,[22]PSP!BI:BI) -> 2405705.5 | BJ26: =TRUNC(BI26*BH26,2) -> 133920.02 | BL26: =_xlfn.XLOOKUP($C26,[22]PSP!$C:$C,[22]PSP!BL:BL) -> 0.071349015 | BM26: =_xlfn.XLOOKUP($C26,[22]PSP!$C:$C,[22]PSP!BM:BM) -> 2405705.5 | BN26: =TRUNC(BM26*BL26,2) -> 171644.71 | BP26: =_xlfn.XLOOKUP($C26,[22]PSP!$C:$C,[22]PSP!BP:BP) -> 0.013409645 | BQ26: =_xlfn.XLOOKUP($C26,[22]PSP!$C:$C,[22]PSP!BQ:BQ) -> 2405705.5 | BR26: =TRUNC(BQ26*BP26,2) -> 32259.65 | BT26: =_xlfn.XLOOKUP($C26,[22]PSP!$C:$C,[22]PSP!BT:BT) -> 0.038508618 | BU26: =_xlfn.XLOOKUP($C26,[22]PSP!$C:$C,[22]PSP!BU:BU) -> 2405705.5 | BV26: =TRUNC(BU26*BT26,2) -> 92640.39 | BX26: =_xlfn.XLOOKUP($C26,[22]PSP!$C:$C,[22]PSP!BX:BX) -> 0.031715574 | BY26: =_xlfn.XLOOKUP($C26,[22]PSP!$C:$C,[22]PSP!BY:BY) -> 2405705.5 | BZ26: =TRUNC(BY26*BX26,2) -> 76298.33 | CB26: =_xlfn.XLOOKUP($C26,[22]PSP!$C:$C,[22]PSP!CB:CB) -> 0.035178262 | CC26: =_xlfn.XLOOKUP($C26,[22]PSP!$C:$C,[22]PSP!CC:CC) -> 2405705.5 | CD26: =TRUNC(CC26*CB26,2) -> 84628.54 | CF26: =_xlfn.XLOOKUP($C26,[22]PSP!$C:$C,[22]PSP!CF:CF) -> 0.062284271 | CG26: =_xlfn.XLOOKUP($C26,[22]PSP!$C:$C,[22]PSP!CG:CG) -> 2405705.5 | CH26: =TRUNC(CG26*CF26,2) -> 149837.61 | CJ26: =_xlfn.XLOOKUP($C26,[22]PSP!$C:$C,[22]PSP!CJ:CJ) -> 0.031583242 | CK26: =_xlfn.XLOOKUP($C26,[22]PSP!$C:$C,[22]PSP!CK:CK) -> 2405705.5 | CL26: =TRUNC(CK26*CJ26,2) -> 75979.98 | CN26: =_xlfn.XLOOKUP($C26,[22]PSP!$C:$C,[22]PSP!CN:CN) -> 0.055866168 | CO26: =_xlfn.XLOOKUP($C26,[22]PSP!$C:$C,[22]PSP!CO:CO) -> 2405705.5 | CP26: =TRUNC(CO26*CN26,2) -> 134397.54 | CR26: =_xlfn.XLOOKUP($C26,[22]PSP!$C:$C,[22]PSP!CR:CR) -> 0.060674232 | CS26: =_xlfn.XLOOKUP($C26,[22]PSP!$C:$C,[22]PSP!CS:CS) -> 2405705.5 | CT26: =TRUNC(CS26*CR26,2) -> 145964.33 | CV26: =_xlfn.XLOOKUP($C26,[22]PSP!$C:$C,[22]PSP!CV:CV) -> 0.05632933 | CW26: =_xlfn.XLOOKUP($C26,[22]PSP!$C:$C,[22]PSP!CW:CW) -> 2405705.5 | CX26: =TRUNC(CW26*CV26,2) -> 135511.78 | CZ26: =_xlfn.XLOOKUP($C26,[22]PSP!$C:$C,[22]PSP!CZ:CZ) -> 0.050396445 | DA26: =_xlfn.XLOOKUP($C26,[22]PSP!$C:$C,[22]PSP!DA:DA) -> 2405705.5 | DB26: =TRUNC(DA26*CZ26,2) -> 121239 | DD26: =_xlfn.XLOOKUP($C26,[22]PSP!$C:$C,[22]PSP!DD:DD) -> 0.033369725 | DE26: =_xlfn.XLOOKUP($C26,[22]PSP!$C:$C,[22]PSP!DE:DE) -> 2405705.5 | DF26: =TRUNC(DE26*DD26,2) -> 80277.73 | DH26: =_xlfn.XLOOKUP($C26,[22]PSP!$C:$C,[22]PSP!DH:DH) -> 0.0058667196 | DI26: =_xlfn.XLOOKUP($C26,[22]PSP!$C:$C,[22]PSP!DI:DI) -> 2405705.5 | DJ26: =TRUNC(DI26*DH26,2) -> 14113.59 | DL26: =_xlfn.XLOOKUP($C26,[22]PSP!$C:$C,[22]PSP!DL:DL) -> 0.0033744665 | DM26: =_xlfn.XLOOKUP($C26,[22]PSP!$C:$C,[22]PSP!DM:DM) -> 2405705.5 | DN26: =TRUNC(DM26*DL26,2) -> 8117.97 | DP26: =_xlfn.XLOOKUP($C26,[22]PSP!$C:$C,[22]PSP!DP:DP) -> 0.018195653 | DQ26: =_xlfn.XLOOKUP($C26,[22]PSP!$C:$C,[22]PSP!DQ:DQ) -> 2405705.5 | DR26: =TRUNC(DQ26*DP26,2) -> 43773.38 | DT26: =_xlfn.XLOOKUP($C26,[22]PSP!$C:$C,[22]PSP!DT:DT) -> 0.017953044 | DU26: =_xlfn.XLOOKUP($C26,[22]PSP!$C:$C,[22]PSP!DU:DU) -> 2405705.5 | DV26: =TRUNC(DU26*DT26,2) -> 43189.73 | DX26: =_xlfn.XLOOKUP($C26,[22]PSP!$C:$C,[22]PSP!DX:DX) -> 0.010674783 | DY26: =_xlfn.XLOOKUP($C26,[22]PSP!$C:$C,[22]PSP!DY:DY) -> 2405705.5 | DZ26: =TRUNC(DY26*DX26,2) -> 25680.38 | EB26: =_xlfn.XLOOKUP($C26,[22]PSP!$C:$C,[22]PSP!EB:EB) -> 0.022739052 | EC26: =_xlfn.XLOOKUP($C26,[22]PSP!$C:$C,[22]PSP!EC:EC) -> 2405705.5 | ED26: =TRUNC(EC26*EB26,2) -> 54703.46 | EF26: =_xlfn.XLOOKUP($C26,[22]PSP!$C:$C,[22]PSP!EF:EF) -> 0.004488261 | EG26: =_xlfn.XLOOKUP($C26,[22]PSP!$C:$C,[22]PSP!EG:EG) -> 2405705.5 | EH26: =TRUNC(EG26*EF26,2) -> 10797.43 | EJ26: =_xlfn.XLOOKUP($C26,[22]PSP!$C:$C,[22]PSP!EJ:EJ) -> 0.023158104 | EK26: =_xlfn.XLOOKUP($C26,[22]PSP!$C:$C,[22]PSP!EK:EK) -> 2405705.5 | EL26: =TRUNC(EK26*EJ26,2) -> 55711.57 | EO26: =EL26+EH26+ED26+DZ26+DV26+DR26+DN26+DJ26+DF26+DB26+CX26+CT26+CP26+CL26+CH26+CD26+BZ26+BV26+BR26+BN26+BJ26+BF26+BB26+AX26+AT26+AP26+AL26+AH26+AD26+Z26+V26+R26+N26 -> 2405705.4 | EP26: =I26 -> 2405705.4 | EQ26: =EP26=EO26 -> TRUE
C27: 4.2 | D27: =_xlfn.XLOOKUP($C27,[22]PSP!$C:$C,[22]PSP!D:D) -> COMP_00004 | E27: =_xlfn.XLOOKUP($C27,[22]PSP!$C:$C,[22]PSP!E:E) -> COMPOSIÇÃO | F27: =_xlfn.XLOOKUP($C27,[22]PSP!$C:$C,[22]PSP!F:F) -> PROJETO EXECUTIVO: RECUPERAÇÃO DA CONCESSÃO RODOVIÁRIA | G27: =_xlfn.XLOOKUP($C27,[22]PSP!$C:$C,[22]PSP!G:G) -> CJ | H27: =_xlfn.XLOOKUP($C27,[22]PSP!$C:$C,[22]PSP!H:H) -> 1 | I27: =_xlfn.XLOOKUP($C27,[22]PSP!$C:$C,[22]PSP!I:I) -> 2253980.5 | J27: =_xlfn.XLOOKUP($C27,[22]PSP!$C:$C,[22]PSP!J:J) -> 2774875.4 | L27: =_xlfn.XLOOKUP($C27,[22]PSP!$C:$C,[22]PSP!L:L) -> 0.020930515 | M27: =_xlfn.XLOOKUP($C27,[22]PSP!$C:$C,[22]PSP!M:M) -> 2253980.6 | N27: =TRUNC(M27*L27,2) -> 47176.97 | P27: =_xlfn.XLOOKUP($C27,[22]PSP!$C:$C,[22]PSP!P:P) -> 0.0036832413 | Q27: =_xlfn.XLOOKUP($C27,[22]PSP!$C:$C,[22]PSP!Q:Q) -> 2253980.6 | R27: =TRUNC(Q27*P27,2) -> 8301.95 | T27: =_xlfn.XLOOKUP($C27,[22]PSP!$C:$C,[22]PSP!T:T) -> 0.0048080634 | U27: =_xlfn.XLOOKUP($C27,[22]PSP!$C:$C,[22]PSP!U:U) -> 2253980.6 | V27: =TRUNC(U27*T27,2) -> 10837.28 | X27: =_xlfn.XLOOKUP($C27,[22]PSP!$C:$C,[22]PSP!X:X) -> 0.043471069 | Y27: =_xlfn.XLOOKUP($C27,[22]PSP!$C:$C,[22]PSP!Y:Y) -> 2253980.6 | Z27: =TRUNC(Y27*X27,2) -> 97982.94 | AB27: =_xlfn.XLOOKUP($C27,[22]PSP!$C:$C,[22]PSP!AB:AB) -> 0.024371147 | AC27: =_xlfn.XLOOKUP($C27,[22]PSP!$C:$C,[22]PSP!AC:AC) -> 2253980.6 | AD27: =TRUNC(AC27*AB27,2) -> 54932.09 | AF27: =_xlfn.XLOOKUP($C27,[22]PSP!$C:$C,[22]PSP!AF:AF) -> 0.027414784 | AG27: =_xlfn.XLOOKUP($C27,[22]PSP!$C:$C,[22]PSP!AG:AG) -> 2253980.6 | AH27: =TRUNC(AG27*AF27,2) -> 61792.39 | AJ27: =_xlfn.XLOOKUP($C27,[22]PSP!$C:$C,[22]PSP!AJ:AJ) -> 0.016872333 | AK27: =_xlfn.XLOOKUP($C27,[22]PSP!$C:$C,[22]PSP!AK:AK) -> 2253980.6 | AL27: =TRUNC(AK27*AJ27,2) -> 38029.91 | AN27: =_xlfn.XLOOKUP($C27,[22]PSP!$C:$C,[22]PSP!AN:AN) -> 0.047838026 | AO27: =_xlfn.XLOOKUP($C27,[22]PSP!$C:$C,[22]PSP!AO:AO) -> 2253980.6 | AP27: =TRUNC(AO27*AN27,2) -> 107825.98 | AR27: =_xlfn.XLOOKUP($C27,[22]PSP!$C:$C,[22]PSP!AR:AR) -> 0.011579052 | AS27: =_xlfn.XLOOKUP($C27,[22]PSP!$C:$C,[22]PSP!AS:AS) -> 2253980.6 | AT27: =TRUNC(AS27*AR27,2) -> 26098.95 | AV27: =_xlfn.XLOOKUP($C27,[22]PSP!$C:$C,[22]PSP!AV:AV) -> 0.031583242 | AW27: =_xlfn.XLOOKUP($C27,[22]PSP!$C:$C,[22]PSP!AW:AW) -> 2253980.6 | AX27: =TRUNC(AW27*AV27,2) -> 71188.01 | AZ27: =_xlfn.XLOOKUP($C27,[22]PSP!$C:$C,[22]PSP!AZ:AZ) -> 0.0062416603 | BA27: =_xlfn.XLOOKUP($C27,[22]PSP!$C:$C,[22]PSP!BA:BA) -> 2253980.6 | BB27: =TRUNC(BA27*AZ27,2) -> 14068.58 | BD27: =_xlfn.XLOOKUP($C27,[22]PSP!$C:$C,[22]PSP!BD:BD) -> 0.058424587 | BE27: =_xlfn.XLOOKUP($C27,[22]PSP!$C:$C,[22]PSP!BE:BE) -> 2253980.6 | BF27: =TRUNC(BE27*BD27,2) -> 131687.88 | BH27: =_xlfn.XLOOKUP($C27,[22]PSP!$C:$C,[22]PSP!BH:BH) -> 0.05566767 | BI27: =_xlfn.XLOOKUP($C27,[22]PSP!$C:$C,[22]PSP!BI:BI) -> 2253980.6 | BJ27: =TRUNC(BI27*BH27,2) -> 125473.85 | BL27: =_xlfn.XLOOKUP($C27,[22]PSP!$C:$C,[22]PSP!BL:BL) -> 0.071349015 | BM27: =_xlfn.XLOOKUP($C27,[22]PSP!$C:$C,[22]PSP!BM:BM) -> 2253980.6 | BN27: =TRUNC(BM27*BL27,2) -> 160819.29 | BP27: =_xlfn.XLOOKUP($C27,[22]PSP!$C:$C,[22]PSP!BP:BP) -> 0.013409645 | BQ27: =_xlfn.XLOOKUP($C27,[22]PSP!$C:$C,[22]PSP!BQ:BQ) -> 2253980.6 | BR27: =TRUNC(BQ27*BP27,2) -> 30225.07 | BT27: =_xlfn.XLOOKUP($C27,[22]PSP!$C:$C,[22]PSP!BT:BT) -> 0.038508618 | BU27: =_xlfn.XLOOKUP($C27,[22]PSP!$C:$C,[22]PSP!BU:BU) -> 2253980.6 | BV27: =TRUNC(BU27*BT27,2) -> 86797.67 | BX27: =_xlfn.XLOOKUP($C27,[22]PSP!$C:$C,[22]PSP!BX:BX) -> 0.031715574 | BY27: =_xlfn.XLOOKUP($C27,[22]PSP!$C:$C,[22]PSP!BY:BY) -> 2253980.6 | BZ27: =TRUNC(BY27*BX27,2) -> 71486.29 | CB27: =_xlfn.XLOOKUP($C27,[22]PSP!$C:$C,[22]PSP!CB:CB) -> 0.035178262 | CC27: =_xlfn.XLOOKUP($C27,[22]PSP!$C:$C,[22]PSP!CC:CC) -> 2253980.6 | CD27: =TRUNC(CC27*CB27,2) -> 79291.12 | CF27: =_xlfn.XLOOKUP($C27,[22]PSP!$C:$C,[22]PSP!CF:CF) -> 0.062284271 | CG27: =_xlfn.XLOOKUP($C27,[22]PSP!$C:$C,[22]PSP!CG:CG) -> 2253980.6 | CH27: =TRUNC(CG27*CF27,2) -> 140387.54 | CJ27: =_xlfn.XLOOKUP($C27,[22]PSP!$C:$C,[22]PSP!CJ:CJ) -> 0.031583242 | CK27: =_xlfn.XLOOKUP($C27,[22]PSP!$C:$C,[22]PSP!CK:CK) -> 2253980.6 | CL27: =TRUNC(CK27*CJ27,2) -> 71188.01 | CN27: =_xlfn.XLOOKUP($C27,[22]PSP!$C:$C,[22]PSP!CN:CN) -> 0.055866168 | CO27: =_xlfn.XLOOKUP($C27,[22]PSP!$C:$C,[22]PSP!CO:CO) -> 2253980.6 | CP27: =TRUNC(CO27*CN27,2) -> 125921.26 | CR27: =_xlfn.XLOOKUP($C27,[22]PSP!$C:$C,[22]PSP!CR:CR) -> 0.060674232 | CS27: =_xlfn.XLOOKUP($C27,[22]PSP!$C:$C,[22]PSP!CS:CS) -> 2253980.6 | CT27: =TRUNC(CS27*CR27,2) -> 136758.54 | CV27: =_xlfn.XLOOKUP($C27,[22]PSP!$C:$C,[22]PSP!CV:CV) -> 0.05632933 | CW27: =_xlfn.XLOOKUP($C27,[22]PSP!$C:$C,[22]PSP!CW:CW) -> 2253980.6 | CX27: =TRUNC(CW27*CV27,2) -> 126965.21 | CZ27: =_xlfn.XLOOKUP($C27,[22]PSP!$C:$C,[22]PSP!CZ:CZ) -> 0.050396445 | DA27: =_xlfn.XLOOKUP($C27,[22]PSP!$C:$C,[22]PSP!DA:DA) -> 2253980.6 | DB27: =TRUNC(DA27*CZ27,2) -> 113592.61 | DD27: =_xlfn.XLOOKUP($C27,[22]PSP!$C:$C,[22]PSP!DD:DD) -> 0.033369725 | DE27: =_xlfn.XLOOKUP($C27,[22]PSP!$C:$C,[22]PSP!DE:DE) -> 2253980.6 | DF27: =TRUNC(DE27*DD27,2) -> 75214.71 | DH27: =_xlfn.XLOOKUP($C27,[22]PSP!$C:$C,[22]PSP!DH:DH) -> 0.0058667196 | DI27: =_xlfn.XLOOKUP($C27,[22]PSP!$C:$C,[22]PSP!DI:DI) -> 2253980.6 | DJ27: =TRUNC(DI27*DH27,2) -> 13223.47 | DL27: =_xlfn.XLOOKUP($C27,[22]PSP!$C:$C,[22]PSP!DL:DL) -> 0.0033744665 | DM27: =_xlfn.XLOOKUP($C27,[22]PSP!$C:$C,[22]PSP!DM:DM) -> 2253980.6 | DN27: =TRUNC(DM27*DL27,2) -> 7605.98 | DP27: =_xlfn.XLOOKUP($C27,[22]PSP!$C:$C,[22]PSP!DP:DP) -> 0.018195653 | DQ27: =_xlfn.XLOOKUP($C27,[22]PSP!$C:$C,[22]PSP!DQ:DQ) -> 2253980.6 | DR27: =TRUNC(DQ27*DP27,2) -> 41012.64 | DT27: =_xlfn.XLOOKUP($C27,[22]PSP!$C:$C,[22]PSP!DT:DT) -> 0.017953044 | DU27: =_xlfn.XLOOKUP($C27,[22]PSP!$C:$C,[22]PSP!DU:DU) -> 2253980.6 | DV27: =TRUNC(DU27*DT27,2) -> 40465.81 | DX27: =_xlfn.XLOOKUP($C27,[22]PSP!$C:$C,[22]PSP!DX:DX) -> 0.010674783 | DY27: =_xlfn.XLOOKUP($C27,[22]PSP!$C:$C,[22]PSP!DY:DY) -> 2253980.6 | DZ27: =TRUNC(DY27*DX27,2) -> 24060.75 | EB27: =_xlfn.XLOOKUP($C27,[22]PSP!$C:$C,[22]PSP!EB:EB) -> 0.022739052 | EC27: =_xlfn.XLOOKUP($C27,[22]PSP!$C:$C,[22]PSP!EC:EC) -> 2253980.6 | ED27: =TRUNC(EC27*EB27,2) -> 51253.38 | EF27: =_xlfn.XLOOKUP($C27,[22]PSP!$C:$C,[22]PSP!EF:EF) -> 0.004488261 | EG27: =_xlfn.XLOOKUP($C27,[22]PSP!$C:$C,[22]PSP!EG:EG) -> 2253980.6 | EH27: =TRUNC(EG27*EF27,2) -> 10116.45 | EJ27: =_xlfn.XLOOKUP($C27,[22]PSP!$C:$C,[22]PSP!EJ:EJ) -> 0.023158104 | EK27: =_xlfn.XLOOKUP($C27,[22]PSP!$C:$C,[22]PSP!EK:EK) -> 2253980.6 | EL27: =TRUNC(EK27*EJ27,2) -> 52197.91 | EO27: =EL27+EH27+ED27+DZ27+DV27+DR27+DN27+DJ27+DF27+DB27+CX27+CT27+CP27+CL27+CH27+CD27+BZ27+BV27+BR27+BN27+BJ27+BF27+BB27+AX27+AT27+AP27+AL27+AH27+AD27+Z27+V27+R27+N27 -> 2253980.5 | EP27: =I27 -> 2253980.5 | EQ27: =EP27=EO27 -> TRUE
C28: 4.3 | D28: =_xlfn.XLOOKUP($C28,[22]PSP!$C:$C,[22]PSP!D:D) -> COMP_00006 | E28: =_xlfn.XLOOKUP($C28,[22]PSP!$C:$C,[22]PSP!E:E) -> COMPOSIÇÃO | F28: =_xlfn.XLOOKUP($C28,[22]PSP!$C:$C,[22]PSP!F:F) -> PROJETO EXECUTIVO: AMPLIAÇÃO - PASSARELAS | G28: =_xlfn.XLOOKUP($C28,[22]PSP!$C:$C,[22]PSP!G:G) -> CJ | H28: =_xlfn.XLOOKUP($C28,[22]PSP!$C:$C,[22]PSP!H:H) -> 1 | I28: =_xlfn.XLOOKUP($C28,[22]PSP!$C:$C,[22]PSP!I:I) -> 275252.02 | J28: =_xlfn.XLOOKUP($C28,[22]PSP!$C:$C,[22]PSP!J:J) -> 338862.76 | L28: =_xlfn.XLOOKUP($C28,[22]PSP!$C:$C,[22]PSP!L:L) -> 0.020930515 | M28: =_xlfn.XLOOKUP($C28,[22]PSP!$C:$C,[22]PSP!M:M) -> 275252.18 | N28: =TRUNC(M28*L28,2) -> 5761.16 | P28: =_xlfn.XLOOKUP($C28,[22]PSP!$C:$C,[22]PSP!P:P) -> 0.0036832413 | Q28: =_xlfn.XLOOKUP($C28,[22]PSP!$C:$C,[22]PSP!Q:Q) -> 275252.18 | R28: =TRUNC(Q28*P28,2) -> 1013.82 | T28: =_xlfn.XLOOKUP($C28,[22]PSP!$C:$C,[22]PSP!T:T) -> 0.0048080634 | U28: =_xlfn.XLOOKUP($C28,[22]PSP!$C:$C,[22]PSP!U:U) -> 275252.18 | V28: =TRUNC(U28*T28,2) -> 1323.42 | X28: =_xlfn.XLOOKUP($C28,[22]PSP!$C:$C,[22]PSP!X:X) -> 0.043471069 | Y28: =_xlfn.XLOOKUP($C28,[22]PSP!$C:$C,[22]PSP!Y:Y) -> 275252.18 | Z28: =TRUNC(Y28*X28,2) -> 11965.5 | AB28: =_xlfn.XLOOKUP($C28,[22]PSP!$C:$C,[22]PSP!AB:AB) -> 0.024371147 | AC28: =_xlfn.XLOOKUP($C28,[22]PSP!$C:$C,[22]PSP!AC:AC) -> 275252.18 | AD28: =TRUNC(AC28*AB28,2) -> 6708.21 | AF28: =_xlfn.XLOOKUP($C28,[22]PSP!$C:$C,[22]PSP!AF:AF) -> 0.027414784 | AG28: =_xlfn.XLOOKUP($C28,[22]PSP!$C:$C,[22]PSP!AG:AG) -> 275252.18 | AH28: =TRUNC(AG28*AF28,2) -> 7545.97 | AJ28: =_xlfn.XLOOKUP($C28,[22]PSP!$C:$C,[22]PSP!AJ:AJ) -> 0.016872333 | AK28: =_xlfn.XLOOKUP($C28,[22]PSP!$C:$C,[22]PSP!AK:AK) -> 275252.18 | AL28: =TRUNC(AK28*AJ28,2) -> 4644.14 | AN28: =_xlfn.XLOOKUP($C28,[22]PSP!$C:$C,[22]PSP!AN:AN) -> 0.047838026 | AO28: =_xlfn.XLOOKUP($C28,[22]PSP!$C:$C,[22]PSP!AO:AO) -> 275252.18 | AP28: =TRUNC(AO28*AN28,2) -> 13167.52 | AR28: =_xlfn.XLOOKUP($C28,[22]PSP!$C:$C,[22]PSP!AR:AR) -> 0.011579052 | AS28: =_xlfn.XLOOKUP($C28,[22]PSP!$C:$C,[22]PSP!AS:AS) -> 275252.18 | AT28: =TRUNC(AS28*AR28,2) -> 3187.15 | AV28: =_xlfn.XLOOKUP($C28,[22]PSP!$C:$C,[22]PSP!AV:AV) -> 0.031583242 | AW28: =_xlfn.XLOOKUP($C28,[22]PSP!$C:$C,[22]PSP!AW:AW) -> 275252.18 | AX28: =TRUNC(AW28*AV28,2) -> 8693.35 | AZ28: =_xlfn.XLOOKUP($C28,[22]PSP!$C:$C,[22]PSP!AZ:AZ) -> 0.0062416603 | BA28: =_xlfn.XLOOKUP($C28,[22]PSP!$C:$C,[22]PSP!BA:BA) -> 275252.18 | BB28: =TRUNC(BA28*AZ28,2) -> 1718.03 | BD28: =_xlfn.XLOOKUP($C28,[22]PSP!$C:$C,[22]PSP!BD:BD) -> 0.058424587 | BE28: =_xlfn.XLOOKUP($C28,[22]PSP!$C:$C,[22]PSP!BE:BE) -> 275252.18 | BF28: =TRUNC(BE28*BD28,2) -> 16081.49 | BH28: =_xlfn.XLOOKUP($C28,[22]PSP!$C:$C,[22]PSP!BH:BH) -> 0.05566767 | BI28: =_xlfn.XLOOKUP($C28,[22]PSP!$C:$C,[22]PSP!BI:BI) -> 275252.18 | BJ28: =TRUNC(BI28*BH28,2) -> 15322.64 | BL28: =_xlfn.XLOOKUP($C28,[22]PSP!$C:$C,[22]PSP!BL:BL) -> 0.071349015 | BM28: =_xlfn.XLOOKUP($C28,[22]PSP!$C:$C,[22]PSP!BM:BM) -> 275252.18 | BN28: =TRUNC(BM28*BL28,2) -> 19638.97 | BP28: =_xlfn.XLOOKUP($C28,[22]PSP!$C:$C,[22]PSP!BP:BP) -> 0.013409645 | BQ28: =_xlfn.XLOOKUP($C28,[22]PSP!$C:$C,[22]PSP!BQ:BQ) -> 275252.18 | BR28: =TRUNC(BQ28*BP28,2) -> 3691.03 | BT28: =_xlfn.XLOOKUP($C28,[22]PSP!$C:$C,[22]PSP!BT:BT) -> 0.038508618 | BU28: =_xlfn.XLOOKUP($C28,[22]PSP!$C:$C,[22]PSP!BU:BU) -> 275252.18 | BV28: =TRUNC(BU28*BT28,2) -> 10599.58 | BX28: =_xlfn.XLOOKUP($C28,[22]PSP!$C:$C,[22]PSP!BX:BX) -> 0.031715574 | BY28: =_xlfn.XLOOKUP($C28,[22]PSP!$C:$C,[22]PSP!BY:BY) -> 275252.18 | BZ28: =TRUNC(BY28*BX28,2) -> 8729.78 | CB28: =_xlfn.XLOOKUP($C28,[22]PSP!$C:$C,[22]PSP!CB:CB) -> 0.035178262 | CC28: =_xlfn.XLOOKUP($C28,[22]PSP!$C:$C,[22]PSP!CC:CC) -> 275252.18 | CD28: =TRUNC(CC28*CB28,2) -> 9682.89 | CF28: =_xlfn.XLOOKUP($C28,[22]PSP!$C:$C,[22]PSP!CF:CF) -> 0.062284271 | CG28: =_xlfn.XLOOKUP($C28,[22]PSP!$C:$C,[22]PSP!CG:CG) -> 275252.18 | CH28: =TRUNC(CG28*CF28,2) -> 17143.88 | CJ28: =_xlfn.XLOOKUP($C28,[22]PSP!$C:$C,[22]PSP!CJ:CJ) -> 0.031583242 | CK28: =_xlfn.XLOOKUP($C28,[22]PSP!$C:$C,[22]PSP!CK:CK) -> 275252.18 | CL28: =TRUNC(CK28*CJ28,2) -> 8693.35 | CN28: =_xlfn.XLOOKUP($C28,[22]PSP!$C:$C,[22]PSP!CN:CN) -> 0.055866168 | CO28: =_xlfn.XLOOKUP($C28,[22]PSP!$C:$C,[22]PSP!CO:CO) -> 275252.18 | CP28: =TRUNC(CO28*CN28,2) -> 15377.28 | CR28: =_xlfn.XLOOKUP($C28,[22]PSP!$C:$C,[22]PSP!CR:CR) -> 0.060674232 | CS28: =_xlfn.XLOOKUP($C28,[22]PSP!$C:$C,[22]PSP!CS:CS) -> 275252.18 | CT28: =TRUNC(CS28*CR28,2) -> 16700.71 | CV28: =_xlfn.XLOOKUP($C28,[22]PSP!$C:$C,[22]PSP!CV:CV) -> 0.05632933 | CW28: =_xlfn.XLOOKUP($C28,[22]PSP!$C:$C,[22]PSP!CW:CW) -> 275252.18 | CX28: =TRUNC(CW28*CV28,2) -> 15504.77 | CZ28: =_xlfn.XLOOKUP($C28,[22]PSP!$C:$C,[22]PSP!CZ:CZ) -> 0.050396445 | DA28: =_xlfn.XLOOKUP($C28,[22]PSP!$C:$C,[22]PSP!DA:DA) -> 275252.18 | DB28: =TRUNC(DA28*CZ28,2) -> 13871.73 | DD28: =_xlfn.XLOOKUP($C28,[22]PSP!$C:$C,[22]PSP!DD:DD) -> 0.033369725 | DE28: =_xlfn.XLOOKUP($C28,[22]PSP!$C:$C,[22]PSP!DE:DE) -> 275252.18 | DF28: =TRUNC(DE28*DD28,2) -> 9185.08 | DH28: =_xlfn.XLOOKUP($C28,[22]PSP!$C:$C,[22]PSP!DH:DH) -> 0.0058667196 | DI28: =_xlfn.XLOOKUP($C28,[22]PSP!$C:$C,[22]PSP!DI:DI) -> 275252.18 | DJ28: =TRUNC(DI28*DH28,2) -> 1614.82 | DL28: =_xlfn.XLOOKUP($C28,[22]PSP!$C:$C,[22]PSP!DL:DL) -> 0.0033744665 | DM28: =_xlfn.XLOOKUP($C28,[22]PSP!$C:$C,[22]PSP!DM:DM) -> 275252.18 | DN28: =TRUNC(DM28*DL28,2) -> 928.82 | DP28: =_xlfn.XLOOKUP($C28,[22]PSP!$C:$C,[22]PSP!DP:DP) -> 0.018195653 | DQ28: =_xlfn.XLOOKUP($C28,[22]PSP!$C:$C,[22]PSP!DQ:DQ) -> 275252.18 | DR28: =TRUNC(DQ28*DP28,2) -> 5008.39 | DT28: =_xlfn.XLOOKUP($C28,[22]PSP!$C:$C,[22]PSP!DT:DT) -> 0.017953044 | DU28: =_xlfn.XLOOKUP($C28,[22]PSP!$C:$C,[22]PSP!DU:DU) -> 275252.18 | DV28: =TRUNC(DU28*DT28,2) -> 4941.61 | DX28: =_xlfn.XLOOKUP($C28,[22]PSP!$C:$C,[22]PSP!DX:DX) -> 0.010674783 | DY28: =_xlfn.XLOOKUP($C28,[22]PSP!$C:$C,[22]PSP!DY:DY) -> 275252.18 | DZ28: =TRUNC(DY28*DX28,2) -> 2938.25 | EB28: =_xlfn.XLOOKUP($C28,[22]PSP!$C:$C,[22]PSP!EB:EB) -> 0.022739052 | EC28: =_xlfn.XLOOKUP($C28,[22]PSP!$C:$C,[22]PSP!EC:EC) -> 275252.18 | ED28: =TRUNC(EC28*EB28,2) -> 6258.97 | EF28: =_xlfn.XLOOKUP($C28,[22]PSP!$C:$C,[22]PSP!EF:EF) -> 0.004488261 | EG28: =_xlfn.XLOOKUP($C28,[22]PSP!$C:$C,[22]PSP!EG:EG) -> 275252.18 | EH28: =TRUNC(EG28*EF28,2) -> 1235.4 | EJ28: =_xlfn.XLOOKUP($C28,[22]PSP!$C:$C,[22]PSP!EJ:EJ) -> 0.023158104 | EK28: =_xlfn.XLOOKUP($C28,[22]PSP!$C:$C,[22]PSP!EK:EK) -> 275252.18 | EL28: =TRUNC(EK28*EJ28,2) -> 6374.31 | EO28: =EL28+EH28+ED28+DZ28+DV28+DR28+DN28+DJ28+DF28+DB28+CX28+CT28+CP28+CL28+CH28+CD28+BZ28+BV28+BR28+BN28+BJ28+BF28+BB28+AX28+AT28+AP28+AL28+AH28+AD28+Z28+V28+R28+N28 -> 275252.02 | EP28: =I28 -> 275252.02 | EQ28: =EP28=EO28 -> TRUE
C29: 4.4 | D29: =_xlfn.XLOOKUP($C29,[22]PSP!$C:$C,[22]PSP!D:D) -> COMP_00007 | E29: =_xlfn.XLOOKUP($C29,[22]PSP!$C:$C,[22]PSP!E:E) -> COMPOSIÇÃO | F29: =_xlfn.XLOOKUP($C29,[22]PSP!$C:$C,[22]PSP!F:F) -> PROJETO EXECUTIVO: AMPLIAÇÃO - VIAS MARGINAIS | G29: =_xlfn.XLOOKUP($C29,[22]PSP!$C:$C,[22]PSP!G:G) -> CJ | H29: =_xlfn.XLOOKUP($C29,[22]PSP!$C:$C,[22]PSP!H:H) -> 1 | I29: =_xlfn.XLOOKUP($C29,[22]PSP!$C:$C,[22]PSP!I:I) -> 567341.45 | J29: =_xlfn.XLOOKUP($C29,[22]PSP!$C:$C,[22]PSP!J:J) -> 698454.06 | L29: =_xlfn.XLOOKUP($C29,[22]PSP!$C:$C,[22]PSP!L:L) -> 0.020930515 | M29: =_xlfn.XLOOKUP($C29,[22]PSP!$C:$C,[22]PSP!M:M) -> 567341.62 | N29: =TRUNC(M29*L29,2) -> 11874.75 | P29: =_xlfn.XLOOKUP($C29,[22]PSP!$C:$C,[22]PSP!P:P) -> 0.0036832413 | Q29: =_xlfn.XLOOKUP($C29,[22]PSP!$C:$C,[22]PSP!Q:Q) -> 567341.62 | R29: =TRUNC(Q29*P29,2) -> 2089.65 | T29: =_xlfn.XLOOKUP($C29,[22]PSP!$C:$C,[22]PSP!T:T) -> 0.0048080634 | U29: =_xlfn.XLOOKUP($C29,[22]PSP!$C:$C,[22]PSP!U:U) -> 567341.62 | V29: =TRUNC(U29*T29,2) -> 2727.81 | X29: =_xlfn.XLOOKUP($C29,[22]PSP!$C:$C,[22]PSP!X:X) -> 0.043471069 | Y29: =_xlfn.XLOOKUP($C29,[22]PSP!$C:$C,[22]PSP!Y:Y) -> 567341.62 | Z29: =TRUNC(Y29*X29,2) -> 24662.94 | AB29: =_xlfn.XLOOKUP($C29,[22]PSP!$C:$C,[22]PSP!AB:AB) -> 0.024371147 | AC29: =_xlfn.XLOOKUP($C29,[22]PSP!$C:$C,[22]PSP!AC:AC) -> 567341.62 | AD29: =TRUNC(AC29*AB29,2) -> 13826.76 | AF29: =_xlfn.XLOOKUP($C29,[22]PSP!$C:$C,[22]PSP!AF:AF) -> 0.027414784 | AG29: =_xlfn.XLOOKUP($C29,[22]PSP!$C:$C,[22]PSP!AG:AG) -> 567341.62 | AH29: =TRUNC(AG29*AF29,2) -> 15553.54 | AJ29: =_xlfn.XLOOKUP($C29,[22]PSP!$C:$C,[22]PSP!AJ:AJ) -> 0.016872333 | AK29: =_xlfn.XLOOKUP($C29,[22]PSP!$C:$C,[22]PSP!AK:AK) -> 567341.62 | AL29: =TRUNC(AK29*AJ29,2) -> 9572.37 | AN29: =_xlfn.XLOOKUP($C29,[22]PSP!$C:$C,[22]PSP!AN:AN) -> 0.047838026 | AO29: =_xlfn.XLOOKUP($C29,[22]PSP!$C:$C,[22]PSP!AO:AO) -> 567341.62 | AP29: =TRUNC(AO29*AN29,2) -> 27140.5 | AR29: =_xlfn.XLOOKUP($C29,[22]PSP!$C:$C,[22]PSP!AR:AR) -> 0.011579052 | AS29: =_xlfn.XLOOKUP($C29,[22]PSP!$C:$C,[22]PSP!AS:AS) -> 567341.62 | AT29: =TRUNC(AS29*AR29,2) -> 6569.27 | AV29: =_xlfn.XLOOKUP($C29,[22]PSP!$C:$C,[22]PSP!AV:AV) -> 0.031583242 | AW29: =_xlfn.XLOOKUP($C29,[22]PSP!$C:$C,[22]PSP!AW:AW) -> 567341.62 | AX29: =TRUNC(AW29*AV29,2) -> 17918.48 | AZ29: =_xlfn.XLOOKUP($C29,[22]PSP!$C:$C,[22]PSP!AZ:AZ) -> 0.0062416603 | BA29: =_xlfn.XLOOKUP($C29,[22]PSP!$C:$C,[22]PSP!BA:BA) -> 567341.62 | BB29: =TRUNC(BA29*AZ29,2) -> 3541.15 | BD29: =_xlfn.XLOOKUP($C29,[22]PSP!$C:$C,[22]PSP!BD:BD) -> 0.058424587 | BE29: =_xlfn.XLOOKUP($C29,[22]PSP!$C:$C,[22]PSP!BE:BE) -> 567341.62 | BF29: =TRUNC(BE29*BD29,2) -> 33146.7 | BH29: =_xlfn.XLOOKUP($C29,[22]PSP!$C:$C,[22]PSP!BH:BH) -> 0.05566767 | BI29: =_xlfn.XLOOKUP($C29,[22]PSP!$C:$C,[22]PSP!BI:BI) -> 567341.62 | BJ29: =TRUNC(BI29*BH29,2) -> 31582.58 | BL29: =_xlfn.XLOOKUP($C29,[22]PSP!$C:$C,[22]PSP!BL:BL) -> 0.071349015 | BM29: =_xlfn.XLOOKUP($C29,[22]PSP!$C:$C,[22]PSP!BM:BM) -> 567341.62 | BN29: =TRUNC(BM29*BL29,2) -> 40479.26 | BP29: =_xlfn.XLOOKUP($C29,[22]PSP!$C:$C,[22]PSP!BP:BP) -> 0.013409645 | BQ29: =_xlfn.XLOOKUP($C29,[22]PSP!$C:$C,[22]PSP!BQ:BQ) -> 567341.62 | BR29: =TRUNC(BQ29*BP29,2) -> 7607.84 | BT29: =_xlfn.XLOOKUP($C29,[22]PSP!$C:$C,[22]PSP!BT:BT) -> 0.038508618 | BU29: =_xlfn.XLOOKUP($C29,[22]PSP!$C:$C,[22]PSP!BU:BU) -> 567341.62 | BV29: =TRUNC(BU29*BT29,2) -> 21847.54 | BX29: =_xlfn.XLOOKUP($C29,[22]PSP!$C:$C,[22]PSP!BX:BX) -> 0.031715574 | BY29: =_xlfn.XLOOKUP($C29,[22]PSP!$C:$C,[22]PSP!BY:BY) -> 567341.62 | BZ29: =TRUNC(BY29*BX29,2) -> 17993.56 | CB29: =_xlfn.XLOOKUP($C29,[22]PSP!$C:$C,[22]PSP!CB:CB) -> 0.035178262 | CC29: =_xlfn.XLOOKUP($C29,[22]PSP!$C:$C,[22]PSP!CC:CC) -> 567341.62 | CD29: =TRUNC(CC29*CB29,2) -> 19958.09 | CF29: =_xlfn.XLOOKUP($C29,[22]PSP!$C:$C,[22]PSP!CF:CF) -> 0.062284271 | CG29: =_xlfn.XLOOKUP($C29,[22]PSP!$C:$C,[22]PSP!CG:CG) -> 567341.62 | CH29: =TRUNC(CG29*CF29,2) -> 35336.45 | CJ29: =_xlfn.XLOOKUP($C29,[22]PSP!$C:$C,[22]PSP!CJ:CJ) -> 0.031583242 | CK29: =_xlfn.XLOOKUP($C29,[22]PSP!$C:$C,[22]PSP!CK:CK) -> 567341.62 | CL29: =TRUNC(CK29*CJ29,2) -> 17918.48 | CN29: =_xlfn.XLOOKUP($C29,[22]PSP!$C:$C,[22]PSP!CN:CN) -> 0.055866168 | CO29: =_xlfn.XLOOKUP($C29,[22]PSP!$C:$C,[22]PSP!CO:CO) -> 567341.62 | CP29: =TRUNC(CO29*CN29,2) -> 31695.2 | CR29: =_xlfn.XLOOKUP($C29,[22]PSP!$C:$C,[22]PSP!CR:CR) -> 0.060674232 | CS29: =_xlfn.XLOOKUP($C29,[22]PSP!$C:$C,[22]PSP!CS:CS) -> 567341.62 | CT29: =TRUNC(CS29*CR29,2) -> 34423.01 | CV29: =_xlfn.XLOOKUP($C29,[22]PSP!$C:$C,[22]PSP!CV:CV) -> 0.05632933 | CW29: =_xlfn.XLOOKUP($C29,[22]PSP!$C:$C,[22]PSP!CW:CW) -> 567341.62 | CX29: =TRUNC(CW29*CV29,2) -> 31957.97 | CZ29: =_xlfn.XLOOKUP($C29,[22]PSP!$C:$C,[22]PSP!CZ:CZ) -> 0.050396445 | DA29: =_xlfn.XLOOKUP($C29,[22]PSP!$C:$C,[22]PSP!DA:DA) -> 567341.62 | DB29: =TRUNC(DA29*CZ29,2) -> 28592 | DD29: =_xlfn.XLOOKUP($C29,[22]PSP!$C:$C,[22]PSP!DD:DD) -> 0.033369725 | DE29: =_xlfn.XLOOKUP($C29,[22]PSP!$C:$C,[22]PSP!DE:DE) -> 567341.62 | DF29: =TRUNC(DE29*DD29,2) -> 18932.03 | DH29: =_xlfn.XLOOKUP($C29,[22]PSP!$C:$C,[22]PSP!DH:DH) -> 0.0058667196 | DI29: =_xlfn.XLOOKUP($C29,[22]PSP!$C:$C,[22]PSP!DI:DI) -> 567341.62 | DJ29: =TRUNC(DI29*DH29,2) -> 3328.43 | DL29: =_xlfn.XLOOKUP($C29,[22]PSP!$C:$C,[22]PSP!DL:DL) -> 0.0033744665 | DM29: =_xlfn.XLOOKUP($C29,[22]PSP!$C:$C,[22]PSP!DM:DM) -> 567341.62 | DN29: =TRUNC(DM29*DL29,2) -> 1914.47 | DP29: =_xlfn.XLOOKUP($C29,[22]PSP!$C:$C,[22]PSP!DP:DP) -> 0.018195653 | DQ29: =_xlfn.XLOOKUP($C29,[22]PSP!$C:$C,[22]PSP!DQ:DQ) -> 567341.62 | DR29: =TRUNC(DQ29*DP29,2) -> 10323.15 | DT29: =_xlfn.XLOOKUP($C29,[22]PSP!$C:$C,[22]PSP!DT:DT) -> 0.017953044 | DU29: =_xlfn.XLOOKUP($C29,[22]PSP!$C:$C,[22]PSP!DU:DU) -> 567341.62 | DV29: =TRUNC(DU29*DT29,2) -> 10185.5 | DX29: =_xlfn.XLOOKUP($C29,[22]PSP!$C:$C,[22]PSP!DX:DX) -> 0.010674783 | DY29: =_xlfn.XLOOKUP($C29,[22]PSP!$C:$C,[22]PSP!DY:DY) -> 567341.62 | DZ29: =TRUNC(DY29*DX29,2) -> 6056.24 | EB29: =_xlfn.XLOOKUP($C29,[22]PSP!$C:$C,[22]PSP!EB:EB) -> 0.022739052 | EC29: =_xlfn.XLOOKUP($C29,[22]PSP!$C:$C,[22]PSP!EC:EC) -> 567341.62 | ED29: =TRUNC(EC29*EB29,2) -> 12900.81 | EF29: =_xlfn.XLOOKUP($C29,[22]PSP!$C:$C,[22]PSP!EF:EF) -> 0.004488261 | EG29: =_xlfn.XLOOKUP($C29,[22]PSP!$C:$C,[22]PSP!EG:EG) -> 567341.62 | EH29: =TRUNC(EG29*EF29,2) -> 2546.37 | EJ29: =_xlfn.XLOOKUP($C29,[22]PSP!$C:$C,[22]PSP!EJ:EJ) -> 0.023158104 | EK29: =_xlfn.XLOOKUP($C29,[22]PSP!$C:$C,[22]PSP!EK:EK) -> 567341.62 | EL29: =TRUNC(EK29*EJ29,2) -> 13138.55 | EO29: =EL29+EH29+ED29+DZ29+DV29+DR29+DN29+DJ29+DF29+DB29+CX29+CT29+CP29+CL29+CH29+CD29+BZ29+BV29+BR29+BN29+BJ29+BF29+BB29+AX29+AT29+AP29+AL29+AH29+AD29+Z29+V29+R29+N29 -> 567341.45 | EP29: =I29 -> 567341.45 | EQ29: =EP29=EO29 -> TRUE
C30: 4.5 | D30: =_xlfn.XLOOKUP($C30,[22]PSP!$C:$C,[22]PSP!D:D) -> COMP_00009 | E30: =_xlfn.XLOOKUP($C30,[22]PSP!$C:$C,[22]PSP!E:E) -> COMPOSIÇÃO | F30: =_xlfn.XLOOKUP($C30,[22]PSP!$C:$C,[22]PSP!F:F) -> PROJETO EXECUTIVO: AMPLIAÇÃO - CONSTRUÇÃO DE ACESSOS | G30: =_xlfn.XLOOKUP($C30,[22]PSP!$C:$C,[22]PSP!G:G) -> CJ | H30: =_xlfn.XLOOKUP($C30,[22]PSP!$C:$C,[22]PSP!H:H) -> 1 | I30: =_xlfn.XLOOKUP($C30,[22]PSP!$C:$C,[22]PSP!I:I) -> 1131066.2 | J30: =_xlfn.XLOOKUP($C30,[22]PSP!$C:$C,[22]PSP!J:J) -> 1392455.6 | L30: =_xlfn.XLOOKUP($C30,[22]PSP!$C:$C,[22]PSP!L:L) -> 0.020930515 | M30: =_xlfn.XLOOKUP($C30,[22]PSP!$C:$C,[22]PSP!M:M) -> 1131066.4 | N30: =TRUNC(M30*L30,2) -> 23673.8 | P30: =_xlfn.XLOOKUP($C30,[22]PSP!$C:$C,[22]PSP!P:P) -> 0.0036832413 | Q30: =_xlfn.XLOOKUP($C30,[22]PSP!$C:$C,[22]PSP!Q:Q) -> 1131066.4 | R30: =TRUNC(Q30*P30,2) -> 4165.99 | T30: =_xlfn.XLOOKUP($C30,[22]PSP!$C:$C,[22]PSP!T:T) -> 0.0048080634 | U30: =_xlfn.XLOOKUP($C30,[22]PSP!$C:$C,[22]PSP!U:U) -> 1131066.4 | V30: =TRUNC(U30*T30,2) -> 5438.23 | X30: =_xlfn.XLOOKUP($C30,[22]PSP!$C:$C,[22]PSP!X:X) -> 0.043471069 | Y30: =_xlfn.XLOOKUP($C30,[22]PSP!$C:$C,[22]PSP!Y:Y) -> 1131066.4 | Z30: =TRUNC(Y30*X30,2) -> 49168.66 | AB30: =_xlfn.XLOOKUP($C30,[22]PSP!$C:$C,[22]PSP!AB:AB) -> 0.024371147 | AC30: =_xlfn.XLOOKUP($C30,[22]PSP!$C:$C,[22]PSP!AC:AC) -> 1131066.4 | AD30: =TRUNC(AC30*AB30,2) -> 27565.38 | AF30: =_xlfn.XLOOKUP($C30,[22]PSP!$C:$C,[22]PSP!AF:AF) -> 0.027414784 | AG30: =_xlfn.XLOOKUP($C30,[22]PSP!$C:$C,[22]PSP!AG:AG) -> 1131066.4 | AH30: =TRUNC(AG30*AF30,2) -> 31007.93 | AJ30: =_xlfn.XLOOKUP($C30,[22]PSP!$C:$C,[22]PSP!AJ:AJ) -> 0.016872333 | AK30: =_xlfn.XLOOKUP($C30,[22]PSP!$C:$C,[22]PSP!AK:AK) -> 1131066.4 | AL30: =TRUNC(AK30*AJ30,2) -> 19083.72 | AN30: =_xlfn.XLOOKUP($C30,[22]PSP!$C:$C,[22]PSP!AN:AN) -> 0.047838026 | AO30: =_xlfn.XLOOKUP($C30,[22]PSP!$C:$C,[22]PSP!AO:AO) -> 1131066.4 | AP30: =TRUNC(AO30*AN30,2) -> 54107.98 | AR30: =_xlfn.XLOOKUP($C30,[22]PSP!$C:$C,[22]PSP!AR:AR) -> 0.011579052 | AS30: =_xlfn.XLOOKUP($C30,[22]PSP!$C:$C,[22]PSP!AS:AS) -> 1131066.4 | AT30: =TRUNC(AS30*AR30,2) -> 13096.67 | AV30: =_xlfn.XLOOKUP($C30,[22]PSP!$C:$C,[22]PSP!AV:AV) -> 0.031583242 | AW30: =_xlfn.XLOOKUP($C30,[22]PSP!$C:$C,[22]PSP!AW:AW) -> 1131066.4 | AX30: =TRUNC(AW30*AV30,2) -> 35722.74 | AZ30: =_xlfn.XLOOKUP($C30,[22]PSP!$C:$C,[22]PSP!AZ:AZ) -> 0.0062416603 | BA30: =_xlfn.XLOOKUP($C30,[22]PSP!$C:$C,[22]PSP!BA:BA) -> 1131066.4 | BB30: =TRUNC(BA30*AZ30,2) -> 7059.73 | BD30: =_xlfn.XLOOKUP($C30,[22]PSP!$C:$C,[22]PSP!BD:BD) -> 0.058424587 | BE30: =_xlfn.XLOOKUP($C30,[22]PSP!$C:$C,[22]PSP!BE:BE) -> 1131066.4 | BF30: =TRUNC(BE30*BD30,2) -> 66082.08 | BH30: =_xlfn.XLOOKUP($C30,[22]PSP!$C:$C,[22]PSP!BH:BH) -> 0.05566767 | BI30: =_xlfn.XLOOKUP($C30,[22]PSP!$C:$C,[22]PSP!BI:BI) -> 1131066.4 | BJ30: =TRUNC(BI30*BH30,2) -> 62963.82 | BL30: =_xlfn.XLOOKUP($C30,[22]PSP!$C:$C,[22]PSP!BL:BL) -> 0.071349015 | BM30: =_xlfn.XLOOKUP($C30,[22]PSP!$C:$C,[22]PSP!BM:BM) -> 1131066.4 | BN30: =TRUNC(BM30*BL30,2) -> 80700.47 | BP30: =_xlfn.XLOOKUP($C30,[22]PSP!$C:$C,[22]PSP!BP:BP) -> 0.013409645 | BQ30: =_xlfn.XLOOKUP($C30,[22]PSP!$C:$C,[22]PSP!BQ:BQ) -> 1131066.4 | BR30: =TRUNC(BQ30*BP30,2) -> 15167.19 | BT30: =_xlfn.XLOOKUP($C30,[22]PSP!$C:$C,[22]PSP!BT:BT) -> 0.038508618 | BU30: =_xlfn.XLOOKUP($C30,[22]PSP!$C:$C,[22]PSP!BU:BU) -> 1131066.4 | BV30: =TRUNC(BU30*BT30,2) -> 43555.8 | BX30: =_xlfn.XLOOKUP($C30,[22]PSP!$C:$C,[22]PSP!BX:BX) -> 0.031715574 | BY30: =_xlfn.XLOOKUP($C30,[22]PSP!$C:$C,[22]PSP!BY:BY) -> 1131066.4 | BZ30: =TRUNC(BY30*BX30,2) -> 35872.41 | CB30: =_xlfn.XLOOKUP($C30,[22]PSP!$C:$C,[22]PSP!CB:CB) -> 0.035178262 | CC30: =_xlfn.XLOOKUP($C30,[22]PSP!$C:$C,[22]PSP!CC:CC) -> 1131066.4 | CD30: =TRUNC(CC30*CB30,2) -> 39788.94 | CF30: =_xlfn.XLOOKUP($C30,[22]PSP!$C:$C,[22]PSP!CF:CF) -> 0.062284271 | CG30: =_xlfn.XLOOKUP($C30,[22]PSP!$C:$C,[22]PSP!CG:CG) -> 1131066.4 | CH30: =TRUNC(CG30*CF30,2) -> 70447.64 | CJ30: =_xlfn.XLOOKUP($C30,[22]PSP!$C:$C,[22]PSP!CJ:CJ) -> 0.031583242 | CK30: =_xlfn.XLOOKUP($C30,[22]PSP!$C:$C,[22]PSP!CK:CK) -> 1131066.4 | CL30: =TRUNC(CK30*CJ30,2) -> 35722.74 | CN30: =_xlfn.XLOOKUP($C30,[22]PSP!$C:$C,[22]PSP!CN:CN) -> 0.055866168 | CO30: =_xlfn.XLOOKUP($C30,[22]PSP!$C:$C,[22]PSP!CO:CO) -> 1131066.4 | CP30: =TRUNC(CO30*CN30,2) -> 63188.34 | CR30: =_xlfn.XLOOKUP($C30,[22]PSP!$C:$C,[22]PSP!CR:CR) -> 0.060674232 | CS30: =_xlfn.XLOOKUP($C30,[22]PSP!$C:$C,[22]PSP!CS:CS) -> 1131066.4 | CT30: =TRUNC(CS30*CR30,2) -> 68626.58 | CV30: =_xlfn.XLOOKUP($C30,[22]PSP!$C:$C,[22]PSP!CV:CV) -> 0.05632933 | CW30: =_xlfn.XLOOKUP($C30,[22]PSP!$C:$C,[22]PSP!CW:CW) -> 1131066.4 | CX30: =TRUNC(CW30*CV30,2) -> 63712.21 | CZ30: =_xlfn.XLOOKUP($C30,[22]PSP!$C:$C,[22]PSP!CZ:CZ) -> 0.050396445 | DA30: =_xlfn.XLOOKUP($C30,[22]PSP!$C:$C,[22]PSP!DA:DA) -> 1131066.4 | DB30: =TRUNC(DA30*CZ30,2) -> 57001.72 | DD30: =_xlfn.XLOOKUP($C30,[22]PSP!$C:$C,[22]PSP!DD:DD) -> 0.033369725 | DE30: =_xlfn.XLOOKUP($C30,[22]PSP!$C:$C,[22]PSP!DE:DE) -> 1131066.4 | DF30: =TRUNC(DE30*DD30,2) -> 37743.37 | DH30: =_xlfn.XLOOKUP($C30,[22]PSP!$C:$C,[22]PSP!DH:DH) -> 0.0058667196 | DI30: =_xlfn.XLOOKUP($C30,[22]PSP!$C:$C,[22]PSP!DI:DI) -> 1131066.4 | DJ30: =TRUNC(DI30*DH30,2) -> 6635.64 | DL30: =_xlfn.XLOOKUP($C30,[22]PSP!$C:$C,[22]PSP!DL:DL) -> 0.0033744665 | DM30: =_xlfn.XLOOKUP($C30,[22]PSP!$C:$C,[22]PSP!DM:DM) -> 1131066.4 | DN30: =TRUNC(DM30*DL30,2) -> 3816.74 | DP30: =_xlfn.XLOOKUP($C30,[22]PSP!$C:$C,[22]PSP!DP:DP) -> 0.018195653 | DQ30: =_xlfn.XLOOKUP($C30,[22]PSP!$C:$C,[22]PSP!DQ:DQ) -> 1131066.4 | DR30: =TRUNC(DQ30*DP30,2) -> 20580.49 | DT30: =_xlfn.XLOOKUP($C30,[22]PSP!$C:$C,[22]PSP!DT:DT) -> 0.017953044 | DU30: =_xlfn.XLOOKUP($C30,[22]PSP!$C:$C,[22]PSP!DU:DU) -> 1131066.4 | DV30: =TRUNC(DU30*DT30,2) -> 20306.08 | DX30: =_xlfn.XLOOKUP($C30,[22]PSP!$C:$C,[22]PSP!DX:DX) -> 0.010674783 | DY30: =_xlfn.XLOOKUP($C30,[22]PSP!$C:$C,[22]PSP!DY:DY) -> 1131066.4 | DZ30: =TRUNC(DY30*DX30,2) -> 12073.88 | EB30: =_xlfn.XLOOKUP($C30,[22]PSP!$C:$C,[22]PSP!EB:EB) -> 0.022739052 | EC30: =_xlfn.XLOOKUP($C30,[22]PSP!$C:$C,[22]PSP!EC:EC) -> 1131066.4 | ED30: =TRUNC(EC30*EB30,2) -> 25719.37 | EF30: =_xlfn.XLOOKUP($C30,[22]PSP!$C:$C,[22]PSP!EF:EF) -> 0.004488261 | EG30: =_xlfn.XLOOKUP($C30,[22]PSP!$C:$C,[22]PSP!EG:EG) -> 1131066.4 | EH30: =TRUNC(EG30*EF30,2) -> 5076.52 | EJ30: =_xlfn.XLOOKUP($C30,[22]PSP!$C:$C,[22]PSP!EJ:EJ) -> 0.023158104 | EK30: =_xlfn.XLOOKUP($C30,[22]PSP!$C:$C,[22]PSP!EK:EK) -> 1131066.4 | EL30: =TRUNC(EK30*EJ30,2) -> 26193.35 | EO30: =EL30+EH30+ED30+DZ30+DV30+DR30+DN30+DJ30+DF30+DB30+CX30+CT30+CP30+CL30+CH30+CD30+BZ30+BV30+BR30+BN30+BJ30+BF30+BB30+AX30+AT30+AP30+AL30+AH30+AD30+Z30+V30+R30+N30 -> 1131066.2 | EP30: =I30 -> 1131066.2 | EQ30: =EP30=EO30 -> TRUE
C31: 4.6 | D31: =_xlfn.XLOOKUP($C31,[22]PSP!$C:$C,[22]PSP!D:D) -> COMP_00008 | E31: =_xlfn.XLOOKUP($C31,[22]PSP!$C:$C,[22]PSP!E:E) -> COMPOSIÇÃO | F31: =_xlfn.XLOOKUP($C31,[22]PSP!$C:$C,[22]PSP!F:F) -> PROJETO EXECUTIVO: AMPLIAÇÃO - CONSTRUÇÃO DE ACESSOS | G31: =_xlfn.XLOOKUP($C31,[22]PSP!$C:$C,[22]PSP!G:G) -> CJ | H31: =_xlfn.XLOOKUP($C31,[22]PSP!$C:$C,[22]PSP!H:H) -> 1 | I31: =_xlfn.XLOOKUP($C31,[22]PSP!$C:$C,[22]PSP!I:I) -> 1131066.2 | J31: =_xlfn.XLOOKUP($C31,[22]PSP!$C:$C,[22]PSP!J:J) -> 1392455.6 | L31: =_xlfn.XLOOKUP($C31,[22]PSP!$C:$C,[22]PSP!L:L) -> 0.020930515 | M31: =_xlfn.XLOOKUP($C31,[22]PSP!$C:$C,[22]PSP!M:M) -> 1131066.4 | N31: =TRUNC(M31*L31,2) -> 23673.8 | P31: =_xlfn.XLOOKUP($C31,[22]PSP!$C:$C,[22]PSP!P:P) -> 0.0036832413 | Q31: =_xlfn.XLOOKUP($C31,[22]PSP!$C:$C,[22]PSP!Q:Q) -> 1131066.4 | R31: =TRUNC(Q31*P31,2) -> 4165.99 | T31: =_xlfn.XLOOKUP($C31,[22]PSP!$C:$C,[22]PSP!T:T) -> 0.0048080634 | U31: =_xlfn.XLOOKUP($C31,[22]PSP!$C:$C,[22]PSP!U:U) -> 1131066.4 | V31: =TRUNC(U31*T31,2) -> 5438.23 | X31: =_xlfn.XLOOKUP($C31,[22]PSP!$C:$C,[22]PSP!X:X) -> 0.043471069 | Y31: =_xlfn.XLOOKUP($C31,[22]PSP!$C:$C,[22]PSP!Y:Y) -> 1131066.4 | Z31: =TRUNC(Y31*X31,2) -> 49168.66 | AB31: =_xlfn.XLOOKUP($C31,[22]PSP!$C:$C,[22]PSP!AB:AB) -> 0.024371147 | AC31: =_xlfn.XLOOKUP($C31,[22]PSP!$C:$C,[22]PSP!AC:AC) -> 1131066.4 | AD31: =TRUNC(AC31*AB31,2) -> 27565.38 | AF31: =_xlfn.XLOOKUP($C31,[22]PSP!$C:$C,[22]PSP!AF:AF) -> 0.027414784 | AG31: =_xlfn.XLOOKUP($C31,[22]PSP!$C:$C,[22]PSP!AG:AG) -> 1131066.4 | AH31: =TRUNC(AG31*AF31,2) -> 31007.93 | AJ31: =_xlfn.XLOOKUP($C31,[22]PSP!$C:$C,[22]PSP!AJ:AJ) -> 0.016872333 | AK31: =_xlfn.XLOOKUP($C31,[22]PSP!$C:$C,[22]PSP!AK:AK) -> 1131066.4 | AL31: =TRUNC(AK31*AJ31,2) -> 19083.72 | AN31: =_xlfn.XLOOKUP($C31,[22]PSP!$C:$C,[22]PSP!AN:AN) -> 0.047838026 | AO31: =_xlfn.XLOOKUP($C31,[22]PSP!$C:$C,[22]PSP!AO:AO) -> 1131066.4 | AP31: =TRUNC(AO31*AN31,2) -> 54107.98 | AR31: =_xlfn.XLOOKUP($C31,[22]PSP!$C:$C,[22]PSP!AR:AR) -> 0.011579052 | AS31: =_xlfn.XLOOKUP($C31,[22]PSP!$C:$C,[22]PSP!AS:AS) -> 1131066.4 | AT31: =TRUNC(AS31*AR31,2) -> 13096.67 | AV31: =_xlfn.XLOOKUP($C31,[22]PSP!$C:$C,[22]PSP!AV:AV) -> 0.031583242 | AW31: =_xlfn.XLOOKUP($C31,[22]PSP!$C:$C,[22]PSP!AW:AW) -> 1131066.4 | AX31: =TRUNC(AW31*AV31,2) -> 35722.74 | AZ31: =_xlfn.XLOOKUP($C31,[22]PSP!$C:$C,[22]PSP!AZ:AZ) -> 0.0062416603 | BA31: =_xlfn.XLOOKUP($C31,[22]PSP!$C:$C,[22]PSP!BA:BA) -> 1131066.4 | BB31: =TRUNC(BA31*AZ31,2) -> 7059.73 | BD31: =_xlfn.XLOOKUP($C31,[22]PSP!$C:$C,[22]PSP!BD:BD) -> 0.058424587 | BE31: =_xlfn.XLOOKUP($C31,[22]PSP!$C:$C,[22]PSP!BE:BE) -> 1131066.4 | BF31: =TRUNC(BE31*BD31,2) -> 66082.08 | BH31: =_xlfn.XLOOKUP($C31,[22]PSP!$C:$C,[22]PSP!BH:BH) -> 0.05566767 | BI31: =_xlfn.XLOOKUP($C31,[22]PSP!$C:$C,[22]PSP!BI:BI) -> 1131066.4 | BJ31: =TRUNC(BI31*BH31,2) -> 62963.82 | BL31: =_xlfn.XLOOKUP($C31,[22]PSP!$C:$C,[22]PSP!BL:BL) -> 0.071349015 | BM31: =_xlfn.XLOOKUP($C31,[22]PSP!$C:$C,[22]PSP!BM:BM) -> 1131066.4 | BN31: =TRUNC(BM31*BL31,2) -> 80700.47 | BP31: =_xlfn.XLOOKUP($C31,[22]PSP!$C:$C,[22]PSP!BP:BP) -> 0.013409645 | BQ31: =_xlfn.XLOOKUP($C31,[22]PSP!$C:$C,[22]PSP!BQ:BQ) -> 1131066.4 | BR31: =TRUNC(BQ31*BP31,2) -> 15167.19 | BT31: =_xlfn.XLOOKUP($C31,[22]PSP!$C:$C,[22]PSP!BT:BT) -> 0.038508618 | BU31: =_xlfn.XLOOKUP($C31,[22]PSP!$C:$C,[22]PSP!BU:BU) -> 1131066.4 | BV31: =TRUNC(BU31*BT31,2) -> 43555.8 | BX31: =_xlfn.XLOOKUP($C31,[22]PSP!$C:$C,[22]PSP!BX:BX) -> 0.031715574 | BY31: =_xlfn.XLOOKUP($C31,[22]PSP!$C:$C,[22]PSP!BY:BY) -> 1131066.4 | BZ31: =TRUNC(BY31*BX31,2) -> 35872.41 | CB31: =_xlfn.XLOOKUP($C31,[22]PSP!$C:$C,[22]PSP!CB:CB) -> 0.035178262 | CC31: =_xlfn.XLOOKUP($C31,[22]PSP!$C:$C,[22]PSP!CC:CC) -> 1131066.4 | CD31: =TRUNC(CC31*CB31,2) -> 39788.94 | CF31: =_xlfn.XLOOKUP($C31,[22]PSP!$C:$C,[22]PSP!CF:CF) -> 0.062284271 | CG31: =_xlfn.XLOOKUP($C31,[22]PSP!$C:$C,[22]PSP!CG:CG) -> 1131066.4 | CH31: =TRUNC(CG31*CF31,2) -> 70447.64 | CJ31: =_xlfn.XLOOKUP($C31,[22]PSP!$C:$C,[22]PSP!CJ:CJ) -> 0.031583242 | CK31: =_xlfn.XLOOKUP($C31,[22]PSP!$C:$C,[22]PSP!CK:CK) -> 1131066.4 | CL31: =TRUNC(CK31*CJ31,2) -> 35722.74 | CN31: =_xlfn.XLOOKUP($C31,[22]PSP!$C:$C,[22]PSP!CN:CN) -> 0.055866168 | CO31: =_xlfn.XLOOKUP($C31,[22]PSP!$C:$C,[22]PSP!CO:CO) -> 1131066.4 | CP31: =TRUNC(CO31*CN31,2) -> 63188.34 | CR31: =_xlfn.XLOOKUP($C31,[22]PSP!$C:$C,[22]PSP!CR:CR) -> 0.060674232 | CS31: =_xlfn.XLOOKUP($C31,[22]PSP!$C:$C,[22]PSP!CS:CS) -> 1131066.4 | CT31: =TRUNC(CS31*CR31,2) -> 68626.58 | CV31: =_xlfn.XLOOKUP($C31,[22]PSP!$C:$C,[22]PSP!CV:CV) -> 0.05632933 | CW31: =_xlfn.XLOOKUP($C31,[22]PSP!$C:$C,[22]PSP!CW:CW) -> 1131066.4 | CX31: =TRUNC(CW31*CV31,2) -> 63712.21 | CZ31: =_xlfn.XLOOKUP($C31,[22]PSP!$C:$C,[22]PSP!CZ:CZ) -> 0.050396445 | DA31: =_xlfn.XLOOKUP($C31,[22]PSP!$C:$C,[22]PSP!DA:DA) -> 1131066.4 | DB31: =TRUNC(DA31*CZ31,2) -> 57001.72 | DD31: =_xlfn.XLOOKUP($C31,[22]PSP!$C:$C,[22]PSP!DD:DD) -> 0.033369725 | DE31: =_xlfn.XLOOKUP($C31,[22]PSP!$C:$C,[22]PSP!DE:DE) -> 1131066.4 | DF31: =TRUNC(DE31*DD31,2) -> 37743.37 | DH31: =_xlfn.XLOOKUP($C31,[22]PSP!$C:$C,[22]PSP!DH:DH) -> 0.0058667196 | DI31: =_xlfn.XLOOKUP($C31,[22]PSP!$C:$C,[22]PSP!DI:DI) -> 1131066.4 | DJ31: =TRUNC(DI31*DH31,2) -> 6635.64 | DL31: =_xlfn.XLOOKUP($C31,[22]PSP!$C:$C,[22]PSP!DL:DL) -> 0.0033744665 | DM31: =_xlfn.XLOOKUP($C31,[22]PSP!$C:$C,[22]PSP!DM:DM) -> 1131066.4 | DN31: =TRUNC(DM31*DL31,2) -> 3816.74 | DP31: =_xlfn.XLOOKUP($C31,[22]PSP!$C:$C,[22]PSP!DP:DP) -> 0.018195653 | DQ31: =_xlfn.XLOOKUP($C31,[22]PSP!$C:$C,[22]PSP!DQ:DQ) -> 1131066.4 | DR31: =TRUNC(DQ31*DP31,2) -> 20580.49 | DT31: =_xlfn.XLOOKUP($C31,[22]PSP!$C:$C,[22]PSP!DT:DT) -> 0.017953044 | DU31: =_xlfn.XLOOKUP($C31,[22]PSP!$C:$C,[22]PSP!DU:DU) -> 1131066.4 | DV31: =TRUNC(DU31*DT31,2) -> 20306.08 | DX31: =_xlfn.XLOOKUP($C31,[22]PSP!$C:$C,[22]PSP!DX:DX) -> 0.010674783 | DY31: =_xlfn.XLOOKUP($C31,[22]PSP!$C:$C,[22]PSP!DY:DY) -> 1131066.4 | DZ31: =TRUNC(DY31*DX31,2) -> 12073.88 | EB31: =_xlfn.XLOOKUP($C31,[22]PSP!$C:$C,[22]PSP!EB:EB) -> 0.022739052 | EC31: =_xlfn.XLOOKUP($C31,[22]PSP!$C:$C,[22]PSP!EC:EC) -> 1131066.4 | ED31: =TRUNC(EC31*EB31,2) -> 25719.37 | EF31: =_xlfn.XLOOKUP($C31,[22]PSP!$C:$C,[22]PSP!EF:EF) -> 0.004488261 | EG31: =_xlfn.XLOOKUP($C31,[22]PSP!$C:$C,[22]PSP!EG:EG) -> 1131066.4 | EH31: =TRUNC(EG31*EF31,2) -> 5076.52 | EJ31: =_xlfn.XLOOKUP($C31,[22]PSP!$C:$C,[22]PSP!EJ:EJ) -> 0.023158104 | EK31: =_xlfn.XLOOKUP($C31,[22]PSP!$C:$C,[22]PSP!EK:EK) -> 1131066.4 | EL31: =TRUNC(EK31*EJ31,2) -> 26193.35 | EO31: =EL31+EH31+ED31+DZ31+DV31+DR31+DN31+DJ31+DF31+DB31+CX31+CT31+CP31+CL31+CH31+CD31+BZ31+BV31+BR31+BN31+BJ31+BF31+BB31+AX31+AT31+AP31+AL31+AH31+AD31+Z31+V31+R31+N31 -> 1131066.2 | EP31: =I31 -> 1131066.2 | EQ31: =EP31=EO31 -> TRUE
C32: 4.7 | D32: =_xlfn.XLOOKUP($C32,[22]PSP!$C:$C,[22]PSP!D:D) -> COMP_00010 | E32: =_xlfn.XLOOKUP($C32,[22]PSP!$C:$C,[22]PSP!E:E) -> COMPOSIÇÃO | F32: =_xlfn.XLOOKUP($C32,[22]PSP!$C:$C,[22]PSP!F:F) -> PROJETO EXECUTIVO: AMPLIAÇÃO - OBRAS DE ARTE ESPECIAIS | G32: =_xlfn.XLOOKUP($C32,[22]PSP!$C:$C,[22]PSP!G:G) -> CJ | H32: =_xlfn.XLOOKUP($C32,[22]PSP!$C:$C,[22]PSP!H:H) -> 1 | I32: =_xlfn.XLOOKUP($C32,[22]PSP!$C:$C,[22]PSP!I:I) -> 1963579 | J32: =_xlfn.XLOOKUP($C32,[22]PSP!$C:$C,[22]PSP!J:J) -> 2417362.1 | L32: =_xlfn.XLOOKUP($C32,[22]PSP!$C:$C,[22]PSP!L:L) -> 0.020930515 | M32: =_xlfn.XLOOKUP($C32,[22]PSP!$C:$C,[22]PSP!M:M) -> 1963579.2 | N32: =TRUNC(M32*L32,2) -> 41098.72 | P32: =_xlfn.XLOOKUP($C32,[22]PSP!$C:$C,[22]PSP!P:P) -> 0.0036832413 | Q32: =_xlfn.XLOOKUP($C32,[22]PSP!$C:$C,[22]PSP!Q:Q) -> 1963579.2 | R32: =TRUNC(Q32*P32,2) -> 7232.33 | T32: =_xlfn.XLOOKUP($C32,[22]PSP!$C:$C,[22]PSP!T:T) -> 0.0048080634 | U32: =_xlfn.XLOOKUP($C32,[22]PSP!$C:$C,[22]PSP!U:U) -> 1963579.2 | V32: =TRUNC(U32*T32,2) -> 9441.01 | X32: =_xlfn.XLOOKUP($C32,[22]PSP!$C:$C,[22]PSP!X:X) -> 0.043471069 | Y32: =_xlfn.XLOOKUP($C32,[22]PSP!$C:$C,[22]PSP!Y:Y) -> 1963579.2 | Z32: =TRUNC(Y32*X32,2) -> 85358.88 | AB32: =_xlfn.XLOOKUP($C32,[22]PSP!$C:$C,[22]PSP!AB:AB) -> 0.024371147 | AC32: =_xlfn.XLOOKUP($C32,[22]PSP!$C:$C,[22]PSP!AC:AC) -> 1963579.2 | AD32: =TRUNC(AC32*AB32,2) -> 47854.67 | AF32: =_xlfn.XLOOKUP($C32,[22]PSP!$C:$C,[22]PSP!AF:AF) -> 0.027414784 | AG32: =_xlfn.XLOOKUP($C32,[22]PSP!$C:$C,[22]PSP!AG:AG) -> 1963579.2 | AH32: =TRUNC(AG32*AF32,2) -> 53831.09 | AJ32: =_xlfn.XLOOKUP($C32,[22]PSP!$C:$C,[22]PSP!AJ:AJ) -> 0.016872333 | AK32: =_xlfn.XLOOKUP($C32,[22]PSP!$C:$C,[22]PSP!AK:AK) -> 1963579.2 | AL32: =TRUNC(AK32*AJ32,2) -> 33130.16 | AN32: =_xlfn.XLOOKUP($C32,[22]PSP!$C:$C,[22]PSP!AN:AN) -> 0.047838026 | AO32: =_xlfn.XLOOKUP($C32,[22]PSP!$C:$C,[22]PSP!AO:AO) -> 1963579.2 | AP32: =TRUNC(AO32*AN32,2) -> 93933.75 | AR32: =_xlfn.XLOOKUP($C32,[22]PSP!$C:$C,[22]PSP!AR:AR) -> 0.011579052 | AS32: =_xlfn.XLOOKUP($C32,[22]PSP!$C:$C,[22]PSP!AS:AS) -> 1963579.2 | AT32: =TRUNC(AS32*AR32,2) -> 22736.38 | AV32: =_xlfn.XLOOKUP($C32,[22]PSP!$C:$C,[22]PSP!AV:AV) -> 0.031583242 | AW32: =_xlfn.XLOOKUP($C32,[22]PSP!$C:$C,[22]PSP!AW:AW) -> 1963579.2 | AX32: =TRUNC(AW32*AV32,2) -> 62016.19 | AZ32: =_xlfn.XLOOKUP($C32,[22]PSP!$C:$C,[22]PSP!AZ:AZ) -> 0.0062416603 | BA32: =_xlfn.XLOOKUP($C32,[22]PSP!$C:$C,[22]PSP!BA:BA) -> 1963579.2 | BB32: =TRUNC(BA32*AZ32,2) -> 12255.99 | BD32: =_xlfn.XLOOKUP($C32,[22]PSP!$C:$C,[22]PSP!BD:BD) -> 0.058424587 | BE32: =_xlfn.XLOOKUP($C32,[22]PSP!$C:$C,[22]PSP!BE:BE) -> 1963579.2 | BF32: =TRUNC(BE32*BD32,2) -> 114721.3 | BH32: =_xlfn.XLOOKUP($C32,[22]PSP!$C:$C,[22]PSP!BH:BH) -> 0.05566767 | BI32: =_xlfn.XLOOKUP($C32,[22]PSP!$C:$C,[22]PSP!BI:BI) -> 1963579.2 | BJ32: =TRUNC(BI32*BH32,2) -> 109307.87 | BL32: =_xlfn.XLOOKUP($C32,[22]PSP!$C:$C,[22]PSP!BL:BL) -> 0.071349015 | BM32: =_xlfn.XLOOKUP($C32,[22]PSP!$C:$C,[22]PSP!BM:BM) -> 1963579.2 | BN32: =TRUNC(BM32*BL32,2) -> 140099.44 | BP32: =_xlfn.XLOOKUP($C32,[22]PSP!$C:$C,[22]PSP!BP:BP) -> 0.013409645 | BQ32: =_xlfn.XLOOKUP($C32,[22]PSP!$C:$C,[22]PSP!BQ:BQ) -> 1963579.2 | BR32: =TRUNC(BQ32*BP32,2) -> 26330.89 | BT32: =_xlfn.XLOOKUP($C32,[22]PSP!$C:$C,[22]PSP!BT:BT) -> 0.038508618 | BU32: =_xlfn.XLOOKUP($C32,[22]PSP!$C:$C,[22]PSP!BU:BU) -> 1963579.2 | BV32: =TRUNC(BU32*BT32,2) -> 75614.72 | BX32: =_xlfn.XLOOKUP($C32,[22]PSP!$C:$C,[22]PSP!BX:BX) -> 0.031715574 | BY32: =_xlfn.XLOOKUP($C32,[22]PSP!$C:$C,[22]PSP!BY:BY) -> 1963579.2 | BZ32: =TRUNC(BY32*BX32,2) -> 62276.04 | CB32: =_xlfn.XLOOKUP($C32,[22]PSP!$C:$C,[22]PSP!CB:CB) -> 0.035178262 | CC32: =_xlfn.XLOOKUP($C32,[22]PSP!$C:$C,[22]PSP!CC:CC) -> 1963579.2 | CD32: =TRUNC(CC32*CB32,2) -> 69075.3 | CF32: =_xlfn.XLOOKUP($C32,[22]PSP!$C:$C,[22]PSP!CF:CF) -> 0.062284271 | CG32: =_xlfn.XLOOKUP($C32,[22]PSP!$C:$C,[22]PSP!CG:CG) -> 1963579.2 | CH32: =TRUNC(CG32*CF32,2) -> 122300.09 | CJ32: =_xlfn.XLOOKUP($C32,[22]PSP!$C:$C,[22]PSP!CJ:CJ) -> 0.031583242 | CK32: =_xlfn.XLOOKUP($C32,[22]PSP!$C:$C,[22]PSP!CK:CK) -> 1963579.2 | CL32: =TRUNC(CK32*CJ32,2) -> 62016.19 | CN32: =_xlfn.XLOOKUP($C32,[22]PSP!$C:$C,[22]PSP!CN:CN) -> 0.055866168 | CO32: =_xlfn.XLOOKUP($C32,[22]PSP!$C:$C,[22]PSP!CO:CO) -> 1963579.2 | CP32: =TRUNC(CO32*CN32,2) -> 109697.64 | CR32: =_xlfn.XLOOKUP($C32,[22]PSP!$C:$C,[22]PSP!CR:CR) -> 0.060674232 | CS32: =_xlfn.XLOOKUP($C32,[22]PSP!$C:$C,[22]PSP!CS:CS) -> 1963579.2 | CT32: =TRUNC(CS32*CR32,2) -> 119138.65 | CV32: =_xlfn.XLOOKUP($C32,[22]PSP!$C:$C,[22]PSP!CV:CV) -> 0.05632933 | CW32: =_xlfn.XLOOKUP($C32,[22]PSP!$C:$C,[22]PSP!CW:CW) -> 1963579.2 | CX32: =TRUNC(CW32*CV32,2) -> 110607.1 | CZ32: =_xlfn.XLOOKUP($C32,[22]PSP!$C:$C,[22]PSP!CZ:CZ) -> 0.050396445 | DA32: =_xlfn.XLOOKUP($C32,[22]PSP!$C:$C,[22]PSP!DA:DA) -> 1963579.2 | DB32: =TRUNC(DA32*CZ32,2) -> 98957.41 | DD32: =_xlfn.XLOOKUP($C32,[22]PSP!$C:$C,[22]PSP!DD:DD) -> 0.033369725 | DE32: =_xlfn.XLOOKUP($C32,[22]PSP!$C:$C,[22]PSP!DE:DE) -> 1963579.2 | DF32: =TRUNC(DE32*DD32,2) -> 65524.09 | DH32: =_xlfn.XLOOKUP($C32,[22]PSP!$C:$C,[22]PSP!DH:DH) -> 0.0058667196 | DI32: =_xlfn.XLOOKUP($C32,[22]PSP!$C:$C,[22]PSP!DI:DI) -> 1963579.2 | DJ32: =TRUNC(DI32*DH32,2) -> 11519.76 | DL32: =_xlfn.XLOOKUP($C32,[22]PSP!$C:$C,[22]PSP!DL:DL) -> 0.0033744665 | DM32: =_xlfn.XLOOKUP($C32,[22]PSP!$C:$C,[22]PSP!DM:DM) -> 1963579.2 | DN32: =TRUNC(DM32*DL32,2) -> 6626.03 | DP32: =_xlfn.XLOOKUP($C32,[22]PSP!$C:$C,[22]PSP!DP:DP) -> 0.018195653 | DQ32: =_xlfn.XLOOKUP($C32,[22]PSP!$C:$C,[22]PSP!DQ:DQ) -> 1963579.2 | DR32: =TRUNC(DQ32*DP32,2) -> 35728.6 | DT32: =_xlfn.XLOOKUP($C32,[22]PSP!$C:$C,[22]PSP!DT:DT) -> 0.017953044 | DU32: =_xlfn.XLOOKUP($C32,[22]PSP!$C:$C,[22]PSP!DU:DU) -> 1963579.2 | DV32: =TRUNC(DU32*DT32,2) -> 35252.22 | DX32: =_xlfn.XLOOKUP($C32,[22]PSP!$C:$C,[22]PSP!DX:DX) -> 0.010674783 | DY32: =_xlfn.XLOOKUP($C32,[22]PSP!$C:$C,[22]PSP!DY:DY) -> 1963579.2 | DZ32: =TRUNC(DY32*DX32,2) -> 20960.78 | EB32: =_xlfn.XLOOKUP($C32,[22]PSP!$C:$C,[22]PSP!EB:EB) -> 0.022739052 | EC32: =_xlfn.XLOOKUP($C32,[22]PSP!$C:$C,[22]PSP!EC:EC) -> 1963579.2 | ED32: =TRUNC(EC32*EB32,2) -> 44649.92 | EF32: =_xlfn.XLOOKUP($C32,[22]PSP!$C:$C,[22]PSP!EF:EF) -> 0.004488261 | EG32: =_xlfn.XLOOKUP($C32,[22]PSP!$C:$C,[22]PSP!EG:EG) -> 1963579.2 | EH32: =TRUNC(EG32*EF32,2) -> 8813.05 | EJ32: =_xlfn.XLOOKUP($C32,[22]PSP!$C:$C,[22]PSP!EJ:EJ) -> 0.023158104 | EK32: =_xlfn.XLOOKUP($C32,[22]PSP!$C:$C,[22]PSP!EK:EK) -> 1963579.2 | EL32: =TRUNC(EK32*EJ32,2) -> 45472.77 | EO32: =EL32+EH32+ED32+DZ32+DV32+DR32+DN32+DJ32+DF32+DB32+CX32+CT32+CP32+CL32+CH32+CD32+BZ32+BV32+BR32+BN32+BJ32+BF32+BB32+AX32+AT32+AP32+AL32+AH32+AD32+Z32+V32+R32+N32 -> 1963579 | EP32: =I32 -> 1963579 | EQ32: =EP32=EO32 -> TRUE
C33: 4.8 | D33: =_xlfn.XLOOKUP($C33,[22]PSP!$C:$C,[22]PSP!D:D) -> COMP_00012 | E33: =_xlfn.XLOOKUP($C33,[22]PSP!$C:$C,[22]PSP!E:E) -> COMPOSIÇÃO | F33: =_xlfn.XLOOKUP($C33,[22]PSP!$C:$C,[22]PSP!F:F) -> PROJETO EXECUTIVO: AMPLIAÇÃO - FAIXA ADICIONAL | G33: =_xlfn.XLOOKUP($C33,[22]PSP!$C:$C,[22]PSP!G:G) -> CJ | H33: =_xlfn.XLOOKUP($C33,[22]PSP!$C:$C,[22]PSP!H:H) -> 1 | I33: =_xlfn.XLOOKUP($C33,[22]PSP!$C:$C,[22]PSP!I:I) -> 8856766.8 | J33: =_xlfn.XLOOKUP($C33,[22]PSP!$C:$C,[22]PSP!J:J) -> 10903566 | L33: =_xlfn.XLOOKUP($C33,[22]PSP!$C:$C,[22]PSP!L:L) -> 0.020930515 | M33: =_xlfn.XLOOKUP($C33,[22]PSP!$C:$C,[22]PSP!M:M) -> 8856767 | N33: =TRUNC(M33*L33,2) -> 185376.69 | P33: =_xlfn.XLOOKUP($C33,[22]PSP!$C:$C,[22]PSP!P:P) -> 0.0036832413 | Q33: =_xlfn.XLOOKUP($C33,[22]PSP!$C:$C,[22]PSP!Q:Q) -> 8856767 | R33: =TRUNC(Q33*P33,2) -> 32621.6 | T33: =_xlfn.XLOOKUP($C33,[22]PSP!$C:$C,[22]PSP!T:T) -> 0.0048080634 | U33: =_xlfn.XLOOKUP($C33,[22]PSP!$C:$C,[22]PSP!U:U) -> 8856767 | V33: =TRUNC(U33*T33,2) -> 42583.89 | X33: =_xlfn.XLOOKUP($C33,[22]PSP!$C:$C,[22]PSP!X:X) -> 0.043471069 | Y33: =_xlfn.XLOOKUP($C33,[22]PSP!$C:$C,[22]PSP!Y:Y) -> 8856767 | Z33: =TRUNC(Y33*X33,2) -> 385013.12 | AB33: =_xlfn.XLOOKUP($C33,[22]PSP!$C:$C,[22]PSP!AB:AB) -> 0.024371147 | AC33: =_xlfn.XLOOKUP($C33,[22]PSP!$C:$C,[22]PSP!AC:AC) -> 8856767 | AD33: =TRUNC(AC33*AB33,2) -> 215849.57 | AF33: =_xlfn.XLOOKUP($C33,[22]PSP!$C:$C,[22]PSP!AF:AF) -> 0.027414784 | AG33: =_xlfn.XLOOKUP($C33,[22]PSP!$C:$C,[22]PSP!AG:AG) -> 8856767 | AH33: =TRUNC(AG33*AF33,2) -> 242806.35 | AJ33: =_xlfn.XLOOKUP($C33,[22]PSP!$C:$C,[22]PSP!AJ:AJ) -> 0.016872333 | AK33: =_xlfn.XLOOKUP($C33,[22]PSP!$C:$C,[22]PSP!AK:AK) -> 8856767 | AL33: =TRUNC(AK33*AJ33,2) -> 149434.31 | AN33: =_xlfn.XLOOKUP($C33,[22]PSP!$C:$C,[22]PSP!AN:AN) -> 0.047838026 | AO33: =_xlfn.XLOOKUP($C33,[22]PSP!$C:$C,[22]PSP!AO:AO) -> 8856767 | AP33: =TRUNC(AO33*AN33,2) -> 423690.24 | AR33: =_xlfn.XLOOKUP($C33,[22]PSP!$C:$C,[22]PSP!AR:AR) -> 0.011579052 | AS33: =_xlfn.XLOOKUP($C33,[22]PSP!$C:$C,[22]PSP!AS:AS) -> 8856767 | AT33: =TRUNC(AS33*AR33,2) -> 102552.96 | AV33: =_xlfn.XLOOKUP($C33,[22]PSP!$C:$C,[22]PSP!AV:AV) -> 0.031583242 | AW33: =_xlfn.XLOOKUP($C33,[22]PSP!$C:$C,[22]PSP!AW:AW) -> 8856767 | AX33: =TRUNC(AW33*AV33,2) -> 279725.41 | AZ33: =_xlfn.XLOOKUP($C33,[22]PSP!$C:$C,[22]PSP!AZ:AZ) -> 0.0062416603 | BA33: =_xlfn.XLOOKUP($C33,[22]PSP!$C:$C,[22]PSP!BA:BA) -> 8856767 | BB33: =TRUNC(BA33*AZ33,2) -> 55280.93 | BD33: =_xlfn.XLOOKUP($C33,[22]PSP!$C:$C,[22]PSP!BD:BD) -> 0.058424587 | BE33: =_xlfn.XLOOKUP($C33,[22]PSP!$C:$C,[22]PSP!BE:BE) -> 8856767 | BF33: =TRUNC(BE33*BD33,2) -> 517452.95 | BH33: =_xlfn.XLOOKUP($C33,[22]PSP!$C:$C,[22]PSP!BH:BH) -> 0.05566767 | BI33: =_xlfn.XLOOKUP($C33,[22]PSP!$C:$C,[22]PSP!BI:BI) -> 8856767 | BJ33: =TRUNC(BI33*BH33,2) -> 493035.58 | BL33: =_xlfn.XLOOKUP($C33,[22]PSP!$C:$C,[22]PSP!BL:BL) -> 0.071349015 | BM33: =_xlfn.XLOOKUP($C33,[22]PSP!$C:$C,[22]PSP!BM:BM) -> 8856767 | BN33: =TRUNC(BM33*BL33,2) -> 631921.59 | BP33: =_xlfn.XLOOKUP($C33,[22]PSP!$C:$C,[22]PSP!BP:BP) -> 0.013409645 | BQ33: =_xlfn.XLOOKUP($C33,[22]PSP!$C:$C,[22]PSP!BQ:BQ) -> 8856767 | BR33: =TRUNC(BQ33*BP33,2) -> 118766.09 | BT33: =_xlfn.XLOOKUP($C33,[22]PSP!$C:$C,[22]PSP!BT:BT) -> 0.038508618 | BU33: =_xlfn.XLOOKUP($C33,[22]PSP!$C:$C,[22]PSP!BU:BU) -> 8856767 | BV33: =TRUNC(BU33*BT33,2) -> 341061.85 | BX33: =_xlfn.XLOOKUP($C33,[22]PSP!$C:$C,[22]PSP!BX:BX) -> 0.031715574 | BY33: =_xlfn.XLOOKUP($C33,[22]PSP!$C:$C,[22]PSP!BY:BY) -> 8856767 | BZ33: =TRUNC(BY33*BX33,2) -> 280897.45 | CB33: =_xlfn.XLOOKUP($C33,[22]PSP!$C:$C,[22]PSP!CB:CB) -> 0.035178262 | CC33: =_xlfn.XLOOKUP($C33,[22]PSP!$C:$C,[22]PSP!CC:CC) -> 8856767 | CD33: =TRUNC(CC33*CB33,2) -> 311565.67 | CF33: =_xlfn.XLOOKUP($C33,[22]PSP!$C:$C,[22]PSP!CF:CF) -> 0.062284271 | CG33: =_xlfn.XLOOKUP($C33,[22]PSP!$C:$C,[22]PSP!CG:CG) -> 8856767 | CH33: =TRUNC(CG33*CF33,2) -> 551637.27 | CJ33: =_xlfn.XLOOKUP($C33,[22]PSP!$C:$C,[22]PSP!CJ:CJ) -> 0.031583242 | CK33: =_xlfn.XLOOKUP($C33,[22]PSP!$C:$C,[22]PSP!CK:CK) -> 8856767 | CL33: =TRUNC(CK33*CJ33,2) -> 279725.41 | CN33: =_xlfn.XLOOKUP($C33,[22]PSP!$C:$C,[22]PSP!CN:CN) -> 0.055866168 | CO33: =_xlfn.XLOOKUP($C33,[22]PSP!$C:$C,[22]PSP!CO:CO) -> 8856767 | CP33: =TRUNC(CO33*CN33,2) -> 494793.63 | CR33: =_xlfn.XLOOKUP($C33,[22]PSP!$C:$C,[22]PSP!CR:CR) -> 0.060674232 | CS33: =_xlfn.XLOOKUP($C33,[22]PSP!$C:$C,[22]PSP!CS:CS) -> 8856767 | CT33: =TRUNC(CS33*CR33,2) -> 537377.53 | CV33: =_xlfn.XLOOKUP($C33,[22]PSP!$C:$C,[22]PSP!CV:CV) -> 0.05632933 | CW33: =_xlfn.XLOOKUP($C33,[22]PSP!$C:$C,[22]PSP!CW:CW) -> 8856767 | CX33: =TRUNC(CW33*CV33,2) -> 498895.75 | CZ33: =_xlfn.XLOOKUP($C33,[22]PSP!$C:$C,[22]PSP!CZ:CZ) -> 0.050396445 | DA33: =_xlfn.XLOOKUP($C33,[22]PSP!$C:$C,[22]PSP!DA:DA) -> 8856767 | DB33: =TRUNC(DA33*CZ33,2) -> 446349.56 | DD33: =_xlfn.XLOOKUP($C33,[22]PSP!$C:$C,[22]PSP!DD:DD) -> 0.033369725 | DE33: =_xlfn.XLOOKUP($C33,[22]PSP!$C:$C,[22]PSP!DE:DE) -> 8856767 | DF33: =TRUNC(DE33*DD33,2) -> 295547.87 | DH33: =_xlfn.XLOOKUP($C33,[22]PSP!$C:$C,[22]PSP!DH:DH) -> 0.0058667196 | DI33: =_xlfn.XLOOKUP($C33,[22]PSP!$C:$C,[22]PSP!DI:DI) -> 8856767 | DJ33: =TRUNC(DI33*DH33,2) -> 51960.16 | DL33: =_xlfn.XLOOKUP($C33,[22]PSP!$C:$C,[22]PSP!DL:DL) -> 0.0033744665 | DM33: =_xlfn.XLOOKUP($C33,[22]PSP!$C:$C,[22]PSP!DM:DM) -> 8856767 | DN33: =TRUNC(DM33*DL33,2) -> 29886.86 | DP33: =_xlfn.XLOOKUP($C33,[22]PSP!$C:$C,[22]PSP!DP:DP) -> 0.018195653 | DQ33: =_xlfn.XLOOKUP($C33,[22]PSP!$C:$C,[22]PSP!DQ:DQ) -> 8856767 | DR33: =TRUNC(DQ33*DP33,2) -> 161154.65 | DT33: =_xlfn.XLOOKUP($C33,[22]PSP!$C:$C,[22]PSP!DT:DT) -> 0.017953044 | DU33: =_xlfn.XLOOKUP($C33,[22]PSP!$C:$C,[22]PSP!DU:DU) -> 8856767 | DV33: =TRUNC(DU33*DT33,2) -> 159005.92 | DX33: =_xlfn.XLOOKUP($C33,[22]PSP!$C:$C,[22]PSP!DX:DX) -> 0.010674783 | DY33: =_xlfn.XLOOKUP($C33,[22]PSP!$C:$C,[22]PSP!DY:DY) -> 8856767 | DZ33: =TRUNC(DY33*DX33,2) -> 94544.06 | EB33: =_xlfn.XLOOKUP($C33,[22]PSP!$C:$C,[22]PSP!EB:EB) -> 0.022739052 | EC33: =_xlfn.XLOOKUP($C33,[22]PSP!$C:$C,[22]PSP!EC:EC) -> 8856767 | ED33: =TRUNC(EC33*EB33,2) -> 201394.48 | EF33: =_xlfn.XLOOKUP($C33,[22]PSP!$C:$C,[22]PSP!EF:EF) -> 0.004488261 | EG33: =_xlfn.XLOOKUP($C33,[22]PSP!$C:$C,[22]PSP!EG:EG) -> 8856767 | EH33: =TRUNC(EG33*EF33,2) -> 39751.48 | EJ33: =_xlfn.XLOOKUP($C33,[22]PSP!$C:$C,[22]PSP!EJ:EJ) -> 0.023158104 | EK33: =_xlfn.XLOOKUP($C33,[22]PSP!$C:$C,[22]PSP!EK:EK) -> 8856767 | EL33: =TRUNC(EK33*EJ33,2) -> 205105.92 | EO33: =EL33+EH33+ED33+DZ33+DV33+DR33+DN33+DJ33+DF33+DB33+CX33+CT33+CP33+CL33+CH33+CD33+BZ33+BV33+BR33+BN33+BJ33+BF33+BB33+AX33+AT33+AP33+AL33+AH33+AD33+Z33+V33+R33+N33 -> 8856766.8 | EP33: =I33 -> 8856766.8 | EQ33: =EP33=EO33 -> TRUE
C34: 4.9 | D34: =_xlfn.XLOOKUP($C34,[22]PSP!$C:$C,[22]PSP!D:D) -> COMP_00023 | E34: =_xlfn.XLOOKUP($C34,[22]PSP!$C:$C,[22]PSP!E:E) -> COMPOSIÇÃO | F34: =_xlfn.XLOOKUP($C34,[22]PSP!$C:$C,[22]PSP!F:F) -> PROJETO EXECUTIVO: AMPLIAÇÃO - ACOSTAMENTO | G34: =_xlfn.XLOOKUP($C34,[22]PSP!$C:$C,[22]PSP!G:G) -> CJ | H34: =_xlfn.XLOOKUP($C34,[22]PSP!$C:$C,[22]PSP!H:H) -> 1 | I34: =_xlfn.XLOOKUP($C34,[22]PSP!$C:$C,[22]PSP!I:I) -> 7041921.9 | J34: =_xlfn.XLOOKUP($C34,[22]PSP!$C:$C,[22]PSP!J:J) -> 8669310 | L34: =_xlfn.XLOOKUP($C34,[22]PSP!$C:$C,[22]PSP!L:L) -> 0.020930515 | M34: =_xlfn.XLOOKUP($C34,[22]PSP!$C:$C,[22]PSP!M:M) -> 7041922 | N34: =TRUNC(M34*L34,2) -> 147391.05 | P34: =_xlfn.XLOOKUP($C34,[22]PSP!$C:$C,[22]PSP!P:P) -> 0.0036832413 | Q34: =_xlfn.XLOOKUP($C34,[22]PSP!$C:$C,[22]PSP!Q:Q) -> 7041922 | R34: =TRUNC(Q34*P34,2) -> 25937.09 | T34: =_xlfn.XLOOKUP($C34,[22]PSP!$C:$C,[22]PSP!T:T) -> 0.0048080634 | U34: =_xlfn.XLOOKUP($C34,[22]PSP!$C:$C,[22]PSP!U:U) -> 7041922 | V34: =TRUNC(U34*T34,2) -> 33858 | X34: =_xlfn.XLOOKUP($C34,[22]PSP!$C:$C,[22]PSP!X:X) -> 0.043471069 | Y34: =_xlfn.XLOOKUP($C34,[22]PSP!$C:$C,[22]PSP!Y:Y) -> 7041922 | Z34: =TRUNC(Y34*X34,2) -> 306119.87 | AB34: =_xlfn.XLOOKUP($C34,[22]PSP!$C:$C,[22]PSP!AB:AB) -> 0.024371147 | AC34: =_xlfn.XLOOKUP($C34,[22]PSP!$C:$C,[22]PSP!AC:AC) -> 7041922 | AD34: =TRUNC(AC34*AB34,2) -> 171619.71 | AF34: =_xlfn.XLOOKUP($C34,[22]PSP!$C:$C,[22]PSP!AF:AF) -> 0.027414784 | AG34: =_xlfn.XLOOKUP($C34,[22]PSP!$C:$C,[22]PSP!AG:AG) -> 7041922 | AH34: =TRUNC(AG34*AF34,2) -> 193052.76 | AJ34: =_xlfn.XLOOKUP($C34,[22]PSP!$C:$C,[22]PSP!AJ:AJ) -> 0.016872333 | AK34: =_xlfn.XLOOKUP($C34,[22]PSP!$C:$C,[22]PSP!AK:AK) -> 7041922 | AL34: =TRUNC(AK34*AJ34,2) -> 118813.65 | AN34: =_xlfn.XLOOKUP($C34,[22]PSP!$C:$C,[22]PSP!AN:AN) -> 0.047838026 | AO34: =_xlfn.XLOOKUP($C34,[22]PSP!$C:$C,[22]PSP!AO:AO) -> 7041922 | AP34: =TRUNC(AO34*AN34,2) -> 336871.64 | AR34: =_xlfn.XLOOKUP($C34,[22]PSP!$C:$C,[22]PSP!AR:AR) -> 0.011579052 | AS34: =_xlfn.XLOOKUP($C34,[22]PSP!$C:$C,[22]PSP!AS:AS) -> 7041922 | AT34: =TRUNC(AS34*AR34,2) -> 81538.78 | AV34: =_xlfn.XLOOKUP($C34,[22]PSP!$C:$C,[22]PSP!AV:AV) -> 0.031583242 | AW34: =_xlfn.XLOOKUP($C34,[22]PSP!$C:$C,[22]PSP!AW:AW) -> 7041922 | AX34: =TRUNC(AW34*AV34,2) -> 222406.73 | AZ34: =_xlfn.XLOOKUP($C34,[22]PSP!$C:$C,[22]PSP!AZ:AZ) -> 0.0062416603 | BA34: =_xlfn.XLOOKUP($C34,[22]PSP!$C:$C,[22]PSP!BA:BA) -> 7041922 | BB34: =TRUNC(BA34*AZ34,2) -> 43953.28 | BD34: =_xlfn.XLOOKUP($C34,[22]PSP!$C:$C,[22]PSP!BD:BD) -> 0.058424587 | BE34: =_xlfn.XLOOKUP($C34,[22]PSP!$C:$C,[22]PSP!BE:BE) -> 7041922 | BF34: =TRUNC(BE34*BD34,2) -> 411421.38 | BH34: =_xlfn.XLOOKUP($C34,[22]PSP!$C:$C,[22]PSP!BH:BH) -> 0.05566767 | BI34: =_xlfn.XLOOKUP($C34,[22]PSP!$C:$C,[22]PSP!BI:BI) -> 7041922 | BJ34: =TRUNC(BI34*BH34,2) -> 392007.39 | BL34: =_xlfn.XLOOKUP($C34,[22]PSP!$C:$C,[22]PSP!BL:BL) -> 0.071349015 | BM34: =_xlfn.XLOOKUP($C34,[22]PSP!$C:$C,[22]PSP!BM:BM) -> 7041922 | BN34: =TRUNC(BM34*BL34,2) -> 502434.19 | BP34: =_xlfn.XLOOKUP($C34,[22]PSP!$C:$C,[22]PSP!BP:BP) -> 0.013409645 | BQ34: =_xlfn.XLOOKUP($C34,[22]PSP!$C:$C,[22]PSP!BQ:BQ) -> 7041922 | BR34: =TRUNC(BQ34*BP34,2) -> 94429.67 | BT34: =_xlfn.XLOOKUP($C34,[22]PSP!$C:$C,[22]PSP!BT:BT) -> 0.038508618 | BU34: =_xlfn.XLOOKUP($C34,[22]PSP!$C:$C,[22]PSP!BU:BU) -> 7041922 | BV34: =TRUNC(BU34*BT34,2) -> 271174.68 | BX34: =_xlfn.XLOOKUP($C34,[22]PSP!$C:$C,[22]PSP!BX:BX) -> 0.031715574 | BY34: =_xlfn.XLOOKUP($C34,[22]PSP!$C:$C,[22]PSP!BY:BY) -> 7041922 | BZ34: =TRUNC(BY34*BX34,2) -> 223338.6 | CB34: =_xlfn.XLOOKUP($C34,[22]PSP!$C:$C,[22]PSP!CB:CB) -> 0.035178262 | CC34: =_xlfn.XLOOKUP($C34,[22]PSP!$C:$C,[22]PSP!CC:CC) -> 7041922 | CD34: =TRUNC(CC34*CB34,2) -> 247722.58 | CF34: =_xlfn.XLOOKUP($C34,[22]PSP!$C:$C,[22]PSP!CF:CF) -> 0.062284271 | CG34: =_xlfn.XLOOKUP($C34,[22]PSP!$C:$C,[22]PSP!CG:CG) -> 7041922 | CH34: =TRUNC(CG34*CF34,2) -> 438600.98 | CJ34: =_xlfn.XLOOKUP($C34,[22]PSP!$C:$C,[22]PSP!CJ:CJ) -> 0.031583242 | CK34: =_xlfn.XLOOKUP($C34,[22]PSP!$C:$C,[22]PSP!CK:CK) -> 7041922 | CL34: =TRUNC(CK34*CJ34,2) -> 222406.73 | CN34: =_xlfn.XLOOKUP($C34,[22]PSP!$C:$C,[22]PSP!CN:CN) -> 0.055866168 | CO34: =_xlfn.XLOOKUP($C34,[22]PSP!$C:$C,[22]PSP!CO:CO) -> 7041922 | CP34: =TRUNC(CO34*CN34,2) -> 393405.2 | CR34: =_xlfn.XLOOKUP($C34,[22]PSP!$C:$C,[22]PSP!CR:CR) -> 0.060674232 | CS34: =_xlfn.XLOOKUP($C34,[22]PSP!$C:$C,[22]PSP!CS:CS) -> 7041922 | CT34: =TRUNC(CS34*CR34,2) -> 427263.2 | CV34: =_xlfn.XLOOKUP($C34,[22]PSP!$C:$C,[22]PSP!CV:CV) -> 0.05632933 | CW34: =_xlfn.XLOOKUP($C34,[22]PSP!$C:$C,[22]PSP!CW:CW) -> 7041922 | CX34: =TRUNC(CW34*CV34,2) -> 396666.75 | CZ34: =_xlfn.XLOOKUP($C34,[22]PSP!$C:$C,[22]PSP!CZ:CZ) -> 0.050396445 | DA34: =_xlfn.XLOOKUP($C34,[22]PSP!$C:$C,[22]PSP!DA:DA) -> 7041922 | DB34: =TRUNC(DA34*CZ34,2) -> 354887.83 | DD34: =_xlfn.XLOOKUP($C34,[22]PSP!$C:$C,[22]PSP!DD:DD) -> 0.033369725 | DE34: =_xlfn.XLOOKUP($C34,[22]PSP!$C:$C,[22]PSP!DE:DE) -> 7041922 | DF34: =TRUNC(DE34*DD34,2) -> 234986.99 | DH34: =_xlfn.XLOOKUP($C34,[22]PSP!$C:$C,[22]PSP!DH:DH) -> 0.0058667196 | DI34: =_xlfn.XLOOKUP($C34,[22]PSP!$C:$C,[22]PSP!DI:DI) -> 7041922 | DJ34: =TRUNC(DI34*DH34,2) -> 41312.98 | DL34: =_xlfn.XLOOKUP($C34,[22]PSP!$C:$C,[22]PSP!DL:DL) -> 0.0033744665 | DM34: =_xlfn.XLOOKUP($C34,[22]PSP!$C:$C,[22]PSP!DM:DM) -> 7041922 | DN34: =TRUNC(DM34*DL34,2) -> 23762.73 | DP34: =_xlfn.XLOOKUP($C34,[22]PSP!$C:$C,[22]PSP!DP:DP) -> 0.018195653 | DQ34: =_xlfn.XLOOKUP($C34,[22]PSP!$C:$C,[22]PSP!DQ:DQ) -> 7041922 | DR34: =TRUNC(DQ34*DP34,2) -> 128132.36 | DT34: =_xlfn.XLOOKUP($C34,[22]PSP!$C:$C,[22]PSP!DT:DT) -> 0.017953044 | DU34: =_xlfn.XLOOKUP($C34,[22]PSP!$C:$C,[22]PSP!DU:DU) -> 7041922 | DV34: =TRUNC(DU34*DT34,2) -> 126423.93 | DX34: =_xlfn.XLOOKUP($C34,[22]PSP!$C:$C,[22]PSP!DX:DX) -> 0.010674783 | DY34: =_xlfn.XLOOKUP($C34,[22]PSP!$C:$C,[22]PSP!DY:DY) -> 7041922 | DZ34: =TRUNC(DY34*DX34,2) -> 75170.99 | EB34: =_xlfn.XLOOKUP($C34,[22]PSP!$C:$C,[22]PSP!EB:EB) -> 0.022739052 | EC34: =_xlfn.XLOOKUP($C34,[22]PSP!$C:$C,[22]PSP!EC:EC) -> 7041922 | ED34: =TRUNC(EC34*EB34,2) -> 160126.63 | EF34: =_xlfn.XLOOKUP($C34,[22]PSP!$C:$C,[22]PSP!EF:EF) -> 0.004488261 | EG34: =_xlfn.XLOOKUP($C34,[22]PSP!$C:$C,[22]PSP!EG:EG) -> 7041922 | EH34: =TRUNC(EG34*EF34,2) -> 31605.98 | EJ34: =_xlfn.XLOOKUP($C34,[22]PSP!$C:$C,[22]PSP!EJ:EJ) -> 0.023158104 | EK34: =_xlfn.XLOOKUP($C34,[22]PSP!$C:$C,[22]PSP!EK:EK) -> 7041922 | EL34: =TRUNC(EK34*EJ34,2) -> 163077.56 | EO34: =EL34+EH34+ED34+DZ34+DV34+DR34+DN34+DJ34+DF34+DB34+CX34+CT34+CP34+CL34+CH34+CD34+BZ34+BV34+BR34+BN34+BJ34+BF34+BB34+AX34+AT34+AP34+AL34+AH34+AD34+Z34+V34+R34+N34 -> 7041921.9 | EP34: =I34 -> 7041921.9 | EQ34: =EP34=EO34 -> TRUE
C35: 4.10 | D35: =_xlfn.XLOOKUP($C35,[22]PSP!$C:$C,[22]PSP!D:D) -> COMP_00024 | E35: =_xlfn.XLOOKUP($C35,[22]PSP!$C:$C,[22]PSP!E:E) -> COMPOSIÇÃO | F35: =_xlfn.XLOOKUP($C35,[22]PSP!$C:$C,[22]PSP!F:F) -> PROJETO EXECUTIVO: AMPLIAÇÃO - PARADA DE ONIBUS | G35: =_xlfn.XLOOKUP($C35,[22]PSP!$C:$C,[22]PSP!G:G) -> CJ | H35: =_xlfn.XLOOKUP($C35,[22]PSP!$C:$C,[22]PSP!H:H) -> 1 | I35: =_xlfn.XLOOKUP($C35,[22]PSP!$C:$C,[22]PSP!I:I) -> 2242941.2 | J35: =_xlfn.XLOOKUP($C35,[22]PSP!$C:$C,[22]PSP!J:J) -> 2761284.9 | L35: =_xlfn.XLOOKUP($C35,[22]PSP!$C:$C,[22]PSP!L:L) -> 0.020930515 | M35: =_xlfn.XLOOKUP($C35,[22]PSP!$C:$C,[22]PSP!M:M) -> 2242941.4 | N35: =TRUNC(M35*L35,2) -> 46945.91 | P35: =_xlfn.XLOOKUP($C35,[22]PSP!$C:$C,[22]PSP!P:P) -> 0.0036832413 | Q35: =_xlfn.XLOOKUP($C35,[22]PSP!$C:$C,[22]PSP!Q:Q) -> 2242941.4 | R35: =TRUNC(Q35*P35,2) -> 8261.29 | T35: =_xlfn.XLOOKUP($C35,[22]PSP!$C:$C,[22]PSP!T:T) -> 0.0048080634 | U35: =_xlfn.XLOOKUP($C35,[22]PSP!$C:$C,[22]PSP!U:U) -> 2242941.4 | V35: =TRUNC(U35*T35,2) -> 10784.2 | X35: =_xlfn.XLOOKUP($C35,[22]PSP!$C:$C,[22]PSP!X:X) -> 0.043471069 | Y35: =_xlfn.XLOOKUP($C35,[22]PSP!$C:$C,[22]PSP!Y:Y) -> 2242941.4 | Z35: =TRUNC(Y35*X35,2) -> 97503.05 | AB35: =_xlfn.XLOOKUP($C35,[22]PSP!$C:$C,[22]PSP!AB:AB) -> 0.024371147 | AC35: =_xlfn.XLOOKUP($C35,[22]PSP!$C:$C,[22]PSP!AC:AC) -> 2242941.4 | AD35: =TRUNC(AC35*AB35,2) -> 54663.05 | AF35: =_xlfn.XLOOKUP($C35,[22]PSP!$C:$C,[22]PSP!AF:AF) -> 0.027414784 | AG35: =_xlfn.XLOOKUP($C35,[22]PSP!$C:$C,[22]PSP!AG:AG) -> 2242941.4 | AH35: =TRUNC(AG35*AF35,2) -> 61489.75 | AJ35: =_xlfn.XLOOKUP($C35,[22]PSP!$C:$C,[22]PSP!AJ:AJ) -> 0.016872333 | AK35: =_xlfn.XLOOKUP($C35,[22]PSP!$C:$C,[22]PSP!AK:AK) -> 2242941.4 | AL35: =TRUNC(AK35*AJ35,2) -> 37843.65 | AN35: =_xlfn.XLOOKUP($C35,[22]PSP!$C:$C,[22]PSP!AN:AN) -> 0.047838026 | AO35: =_xlfn.XLOOKUP($C35,[22]PSP!$C:$C,[22]PSP!AO:AO) -> 2242941.4 | AP35: =TRUNC(AO35*AN35,2) -> 107297.88 | AR35: =_xlfn.XLOOKUP($C35,[22]PSP!$C:$C,[22]PSP!AR:AR) -> 0.011579052 | AS35: =_xlfn.XLOOKUP($C35,[22]PSP!$C:$C,[22]PSP!AS:AS) -> 2242941.4 | AT35: =TRUNC(AS35*AR35,2) -> 25971.13 | AV35: =_xlfn.XLOOKUP($C35,[22]PSP!$C:$C,[22]PSP!AV:AV) -> 0.031583242 | AW35: =_xlfn.XLOOKUP($C35,[22]PSP!$C:$C,[22]PSP!AW:AW) -> 2242941.4 | AX35: =TRUNC(AW35*AV35,2) -> 70839.36 | AZ35: =_xlfn.XLOOKUP($C35,[22]PSP!$C:$C,[22]PSP!AZ:AZ) -> 0.0062416603 | BA35: =_xlfn.XLOOKUP($C35,[22]PSP!$C:$C,[22]PSP!BA:BA) -> 2242941.4 | BB35: =TRUNC(BA35*AZ35,2) -> 13999.67 | BD35: =_xlfn.XLOOKUP($C35,[22]PSP!$C:$C,[22]PSP!BD:BD) -> 0.058424587 | BE35: =_xlfn.XLOOKUP($C35,[22]PSP!$C:$C,[22]PSP!BE:BE) -> 2242941.4 | BF35: =TRUNC(BE35*BD35,2) -> 131042.92 | BH35: =_xlfn.XLOOKUP($C35,[22]PSP!$C:$C,[22]PSP!BH:BH) -> 0.05566767 | BI35: =_xlfn.XLOOKUP($C35,[22]PSP!$C:$C,[22]PSP!BI:BI) -> 2242941.4 | BJ35: =TRUNC(BI35*BH35,2) -> 124859.32 | BL35: =_xlfn.XLOOKUP($C35,[22]PSP!$C:$C,[22]PSP!BL:BL) -> 0.071349015 | BM35: =_xlfn.XLOOKUP($C35,[22]PSP!$C:$C,[22]PSP!BM:BM) -> 2242941.4 | BN35: =TRUNC(BM35*BL35,2) -> 160031.65 | BP35: =_xlfn.XLOOKUP($C35,[22]PSP!$C:$C,[22]PSP!BP:BP) -> 0.013409645 | BQ35: =_xlfn.XLOOKUP($C35,[22]PSP!$C:$C,[22]PSP!BQ:BQ) -> 2242941.4 | BR35: =TRUNC(BQ35*BP35,2) -> 30077.04 | BT35: =_xlfn.XLOOKUP($C35,[22]PSP!$C:$C,[22]PSP!BT:BT) -> 0.038508618 | BU35: =_xlfn.XLOOKUP($C35,[22]PSP!$C:$C,[22]PSP!BU:BU) -> 2242941.4 | BV35: =TRUNC(BU35*BT35,2) -> 86372.57 | BX35: =_xlfn.XLOOKUP($C35,[22]PSP!$C:$C,[22]PSP!BX:BX) -> 0.031715574 | BY35: =_xlfn.XLOOKUP($C35,[22]PSP!$C:$C,[22]PSP!BY:BY) -> 2242941.4 | BZ35: =TRUNC(BY35*BX35,2) -> 71136.17 | CB35: =_xlfn.XLOOKUP($C35,[22]PSP!$C:$C,[22]PSP!CB:CB) -> 0.035178262 | CC35: =_xlfn.XLOOKUP($C35,[22]PSP!$C:$C,[22]PSP!CC:CC) -> 2242941.4 | CD35: =TRUNC(CC35*CB35,2) -> 78902.78 | CF35: =_xlfn.XLOOKUP($C35,[22]PSP!$C:$C,[22]PSP!CF:CF) -> 0.062284271 | CG35: =_xlfn.XLOOKUP($C35,[22]PSP!$C:$C,[22]PSP!CG:CG) -> 2242941.4 | CH35: =TRUNC(CG35*CF35,2) -> 139699.96 | CJ35: =_xlfn.XLOOKUP($C35,[22]PSP!$C:$C,[22]PSP!CJ:CJ) -> 0.031583242 | CK35: =_xlfn.XLOOKUP($C35,[22]PSP!$C:$C,[22]PSP!CK:CK) -> 2242941.4 | CL35: =TRUNC(CK35*CJ35,2) -> 70839.36 | CN35: =_xlfn.XLOOKUP($C35,[22]PSP!$C:$C,[22]PSP!CN:CN) -> 0.055866168 | CO35: =_xlfn.XLOOKUP($C35,[22]PSP!$C:$C,[22]PSP!CO:CO) -> 2242941.4 | CP35: =TRUNC(CO35*CN35,2) -> 125304.54 | CR35: =_xlfn.XLOOKUP($C35,[22]PSP!$C:$C,[22]PSP!CR:CR) -> 0.060674232 | CS35: =_xlfn.XLOOKUP($C35,[22]PSP!$C:$C,[22]PSP!CS:CS) -> 2242941.4 | CT35: =TRUNC(CS35*CR35,2) -> 136088.74 | CV35: =_xlfn.XLOOKUP($C35,[22]PSP!$C:$C,[22]PSP!CV:CV) -> 0.05632933 | CW35: =_xlfn.XLOOKUP($C35,[22]PSP!$C:$C,[22]PSP!CW:CW) -> 2242941.4 | CX35: =TRUNC(CW35*CV35,2) -> 126343.38 | CZ35: =_xlfn.XLOOKUP($C35,[22]PSP!$C:$C,[22]PSP!CZ:CZ) -> 0.050396445 | DA35: =_xlfn.XLOOKUP($C35,[22]PSP!$C:$C,[22]PSP!DA:DA) -> 2242941.4 | DB35: =TRUNC(DA35*CZ35,2) -> 113036.27 | DD35: =_xlfn.XLOOKUP($C35,[22]PSP!$C:$C,[22]PSP!DD:DD) -> 0.033369725 | DE35: =_xlfn.XLOOKUP($C35,[22]PSP!$C:$C,[22]PSP!DE:DE) -> 2242941.4 | DF35: =TRUNC(DE35*DD35,2) -> 74846.33 | DH35: =_xlfn.XLOOKUP($C35,[22]PSP!$C:$C,[22]PSP!DH:DH) -> 0.0058667196 | DI35: =_xlfn.XLOOKUP($C35,[22]PSP!$C:$C,[22]PSP!DI:DI) -> 2242941.4 | DJ35: =TRUNC(DI35*DH35,2) -> 13158.7 | DL35: =_xlfn.XLOOKUP($C35,[22]PSP!$C:$C,[22]PSP!DL:DL) -> 0.0033744665 | DM35: =_xlfn.XLOOKUP($C35,[22]PSP!$C:$C,[22]PSP!DM:DM) -> 2242941.4 | DN35: =TRUNC(DM35*DL35,2) -> 7568.73 | DP35: =_xlfn.XLOOKUP($C35,[22]PSP!$C:$C,[22]PSP!DP:DP) -> 0.018195653 | DQ35: =_xlfn.XLOOKUP($C35,[22]PSP!$C:$C,[22]PSP!DQ:DQ) -> 2242941.4 | DR35: =TRUNC(DQ35*DP35,2) -> 40811.78 | DT35: =_xlfn.XLOOKUP($C35,[22]PSP!$C:$C,[22]PSP!DT:DT) -> 0.017953044 | DU35: =_xlfn.XLOOKUP($C35,[22]PSP!$C:$C,[22]PSP!DU:DU) -> 2242941.4 | DV35: =TRUNC(DU35*DT35,2) -> 40267.62 | DX35: =_xlfn.XLOOKUP($C35,[22]PSP!$C:$C,[22]PSP!DX:DX) -> 0.010674783 | DY35: =_xlfn.XLOOKUP($C35,[22]PSP!$C:$C,[22]PSP!DY:DY) -> 2242941.4 | DZ35: =TRUNC(DY35*DX35,2) -> 23942.91 | EB35: =_xlfn.XLOOKUP($C35,[22]PSP!$C:$C,[22]PSP!EB:EB) -> 0.022739052 | EC35: =_xlfn.XLOOKUP($C35,[22]PSP!$C:$C,[22]PSP!EC:EC) -> 2242941.4 | ED35: =TRUNC(EC35*EB35,2) -> 51002.36 | EF35: =_xlfn.XLOOKUP($C35,[22]PSP!$C:$C,[22]PSP!EF:EF) -> 0.004488261 | EG35: =_xlfn.XLOOKUP($C35,[22]PSP!$C:$C,[22]PSP!EG:EG) -> 2242941.4 | EH35: =TRUNC(EG35*EF35,2) -> 10066.9 | EJ35: =_xlfn.XLOOKUP($C35,[22]PSP!$C:$C,[22]PSP!EJ:EJ) -> 0.023158104 | EK35: =_xlfn.XLOOKUP($C35,[22]PSP!$C:$C,[22]PSP!EK:EK) -> 2242941.4 | EL35: =TRUNC(EK35*EJ35,2) -> 51942.26 | EO35: =EL35+EH35+ED35+DZ35+DV35+DR35+DN35+DJ35+DF35+DB35+CX35+CT35+CP35+CL35+CH35+CD35+BZ35+BV35+BR35+BN35+BJ35+BF35+BB35+AX35+AT35+AP35+AL35+AH35+AD35+Z35+V35+R35+N35 -> 2242941.2 | EP35: =I35 -> 2242941.2 | EQ35: =EP35=EO35 -> TRUE
C36: 4.11 | D36: =_xlfn.XLOOKUP($C36,[22]PSP!$C:$C,[22]PSP!D:D) -> COMP_00025 | E36: =_xlfn.XLOOKUP($C36,[22]PSP!$C:$C,[22]PSP!E:E) -> COMPOSIÇÃO | F36: =_xlfn.XLOOKUP($C36,[22]PSP!$C:$C,[22]PSP!F:F) -> PROJETO EXECUTIVO: EDIFICAÇÕES | G36: =_xlfn.XLOOKUP($C36,[22]PSP!$C:$C,[22]PSP!G:G) -> CJ | H36: =_xlfn.XLOOKUP($C36,[22]PSP!$C:$C,[22]PSP!H:H) -> 1 | I36: =_xlfn.XLOOKUP($C36,[22]PSP!$C:$C,[22]PSP!I:I) -> 2893728.4 | J36: =_xlfn.XLOOKUP($C36,[22]PSP!$C:$C,[22]PSP!J:J) -> 3562469 | L36: =_xlfn.XLOOKUP($C36,[22]PSP!$C:$C,[22]PSP!L:L) -> 0.020930515 | M36: =_xlfn.XLOOKUP($C36,[22]PSP!$C:$C,[22]PSP!M:M) -> 2893728.5 | N36: =TRUNC(M36*L36,2) -> 60567.22 | P36: =_xlfn.XLOOKUP($C36,[22]PSP!$C:$C,[22]PSP!P:P) -> 0.0036832413 | Q36: =_xlfn.XLOOKUP($C36,[22]PSP!$C:$C,[22]PSP!Q:Q) -> 2893728.5 | R36: =TRUNC(Q36*P36,2) -> 10658.3 | T36: =_xlfn.XLOOKUP($C36,[22]PSP!$C:$C,[22]PSP!T:T) -> 0.0048080634 | U36: =_xlfn.XLOOKUP($C36,[22]PSP!$C:$C,[22]PSP!U:U) -> 2893728.5 | V36: =TRUNC(U36*T36,2) -> 13913.23 | X36: =_xlfn.XLOOKUP($C36,[22]PSP!$C:$C,[22]PSP!X:X) -> 0.043471069 | Y36: =_xlfn.XLOOKUP($C36,[22]PSP!$C:$C,[22]PSP!Y:Y) -> 2893728.5 | Z36: =TRUNC(Y36*X36,2) -> 125793.47 | AB36: =_xlfn.XLOOKUP($C36,[22]PSP!$C:$C,[22]PSP!AB:AB) -> 0.024371147 | AC36: =_xlfn.XLOOKUP($C36,[22]PSP!$C:$C,[22]PSP!AC:AC) -> 2893728.5 | AD36: =TRUNC(AC36*AB36,2) -> 70523.48 | AF36: =_xlfn.XLOOKUP($C36,[22]PSP!$C:$C,[22]PSP!AF:AF) -> 0.027414784 | AG36: =_xlfn.XLOOKUP($C36,[22]PSP!$C:$C,[22]PSP!AG:AG) -> 2893728.5 | AH36: =TRUNC(AG36*AF36,2) -> 79330.94 | AJ36: =_xlfn.XLOOKUP($C36,[22]PSP!$C:$C,[22]PSP!AJ:AJ) -> 0.016872333 | AK36: =_xlfn.XLOOKUP($C36,[22]PSP!$C:$C,[22]PSP!AK:AK) -> 2893728.5 | AL36: =TRUNC(AK36*AJ36,2) -> 48823.95 | AN36: =_xlfn.XLOOKUP($C36,[22]PSP!$C:$C,[22]PSP!AN:AN) -> 0.047838026 | AO36: =_xlfn.XLOOKUP($C36,[22]PSP!$C:$C,[22]PSP!AO:AO) -> 2893728.5 | AP36: =TRUNC(AO36*AN36,2) -> 138430.25 | AR36: =_xlfn.XLOOKUP($C36,[22]PSP!$C:$C,[22]PSP!AR:AR) -> 0.011579052 | AS36: =_xlfn.XLOOKUP($C36,[22]PSP!$C:$C,[22]PSP!AS:AS) -> 2893728.5 | AT36: =TRUNC(AS36*AR36,2) -> 33506.63 | AV36: =_xlfn.XLOOKUP($C36,[22]PSP!$C:$C,[22]PSP!AV:AV) -> 0.031583242 | AW36: =_xlfn.XLOOKUP($C36,[22]PSP!$C:$C,[22]PSP!AW:AW) -> 2893728.5 | AX36: =TRUNC(AW36*AV36,2) -> 91393.32 | AZ36: =_xlfn.XLOOKUP($C36,[22]PSP!$C:$C,[22]PSP!AZ:AZ) -> 0.0062416603 | BA36: =_xlfn.XLOOKUP($C36,[22]PSP!$C:$C,[22]PSP!BA:BA) -> 2893728.5 | BB36: =TRUNC(BA36*AZ36,2) -> 18061.67 | BD36: =_xlfn.XLOOKUP($C36,[22]PSP!$C:$C,[22]PSP!BD:BD) -> 0.058424587 | BE36: =_xlfn.XLOOKUP($C36,[22]PSP!$C:$C,[22]PSP!BE:BE) -> 2893728.5 | BF36: =TRUNC(BE36*BD36,2) -> 169064.89 | BH36: =_xlfn.XLOOKUP($C36,[22]PSP!$C:$C,[22]PSP!BH:BH) -> 0.05566767 | BI36: =_xlfn.XLOOKUP($C36,[22]PSP!$C:$C,[22]PSP!BI:BI) -> 2893728.5 | BJ36: =TRUNC(BI36*BH36,2) -> 161087.12 | BL36: =_xlfn.XLOOKUP($C36,[22]PSP!$C:$C,[22]PSP!BL:BL) -> 0.071349015 | BM36: =_xlfn.XLOOKUP($C36,[22]PSP!$C:$C,[22]PSP!BM:BM) -> 2893728.5 | BN36: =TRUNC(BM36*BL36,2) -> 206464.67 | BP36: =_xlfn.XLOOKUP($C36,[22]PSP!$C:$C,[22]PSP!BP:BP) -> 0.013409645 | BQ36: =_xlfn.XLOOKUP($C36,[22]PSP!$C:$C,[22]PSP!BQ:BQ) -> 2893728.5 | BR36: =TRUNC(BQ36*BP36,2) -> 38803.87 | BT36: =_xlfn.XLOOKUP($C36,[22]PSP!$C:$C,[22]PSP!BT:BT) -> 0.038508618 | BU36: =_xlfn.XLOOKUP($C36,[22]PSP!$C:$C,[22]PSP!BU:BU) -> 2893728.5 | BV36: =TRUNC(BU36*BT36,2) -> 111433.48 | BX36: =_xlfn.XLOOKUP($C36,[22]PSP!$C:$C,[22]PSP!BX:BX) -> 0.031715574 | BY36: =_xlfn.XLOOKUP($C36,[22]PSP!$C:$C,[22]PSP!BY:BY) -> 2893728.5 | BZ36: =TRUNC(BY36*BX36,2) -> 91776.26 | CB36: =_xlfn.XLOOKUP($C36,[22]PSP!$C:$C,[22]PSP!CB:CB) -> 0.035178262 | CC36: =_xlfn.XLOOKUP($C36,[22]PSP!$C:$C,[22]PSP!CC:CC) -> 2893728.5 | CD36: =TRUNC(CC36*CB36,2) -> 101796.34 | CF36: =_xlfn.XLOOKUP($C36,[22]PSP!$C:$C,[22]PSP!CF:CF) -> 0.062284271 | CG36: =_xlfn.XLOOKUP($C36,[22]PSP!$C:$C,[22]PSP!CG:CG) -> 2893728.5 | CH36: =TRUNC(CG36*CF36,2) -> 180233.77 | CJ36: =_xlfn.XLOOKUP($C36,[22]PSP!$C:$C,[22]PSP!CJ:CJ) -> 0.031583242 | CK36: =_xlfn.XLOOKUP($C36,[22]PSP!$C:$C,[22]PSP!CK:CK) -> 2893728.5 | CL36: =TRUNC(CK36*CJ36,2) -> 91393.32 | CN36: =_xlfn.XLOOKUP($C36,[22]PSP!$C:$C,[22]PSP!CN:CN) -> 0.055866168 | CO36: =_xlfn.XLOOKUP($C36,[22]PSP!$C:$C,[22]PSP!CO:CO) -> 2893728.5 | CP36: =TRUNC(CO36*CN36,2) -> 161661.52 | CR36: =_xlfn.XLOOKUP($C36,[22]PSP!$C:$C,[22]PSP!CR:CR) -> 0.060674232 | CS36: =_xlfn.XLOOKUP($C36,[22]PSP!$C:$C,[22]PSP!CS:CS) -> 2893728.5 | CT36: =TRUNC(CS36*CR36,2) -> 175574.75 | CV36: =_xlfn.XLOOKUP($C36,[22]PSP!$C:$C,[22]PSP!CV:CV) -> 0.05632933 | CW36: =_xlfn.XLOOKUP($C36,[22]PSP!$C:$C,[22]PSP!CW:CW) -> 2893728.5 | CX36: =TRUNC(CW36*CV36,2) -> 163001.78 | CZ36: =_xlfn.XLOOKUP($C36,[22]PSP!$C:$C,[22]PSP!CZ:CZ) -> 0.050396445 | DA36: =_xlfn.XLOOKUP($C36,[22]PSP!$C:$C,[22]PSP!DA:DA) -> 2893728.5 | DB36: =TRUNC(DA36*CZ36,2) -> 145833.62 | DD36: =_xlfn.XLOOKUP($C36,[22]PSP!$C:$C,[22]PSP!DD:DD) -> 0.033369725 | DE36: =_xlfn.XLOOKUP($C36,[22]PSP!$C:$C,[22]PSP!DE:DE) -> 2893728.5 | DF36: =TRUNC(DE36*DD36,2) -> 96562.92 | DH36: =_xlfn.XLOOKUP($C36,[22]PSP!$C:$C,[22]PSP!DH:DH) -> 0.0058667196 | DI36: =_xlfn.XLOOKUP($C36,[22]PSP!$C:$C,[22]PSP!DI:DI) -> 2893728.5 | DJ36: =TRUNC(DI36*DH36,2) -> 16976.69 | DL36: =_xlfn.XLOOKUP($C36,[22]PSP!$C:$C,[22]PSP!DL:DL) -> 0.0033744665 | DM36: =_xlfn.XLOOKUP($C36,[22]PSP!$C:$C,[22]PSP!DM:DM) -> 2893728.5 | DN36: =TRUNC(DM36*DL36,2) -> 9764.79 | DP36: =_xlfn.XLOOKUP($C36,[22]PSP!$C:$C,[22]PSP!DP:DP) -> 0.018195653 | DQ36: =_xlfn.XLOOKUP($C36,[22]PSP!$C:$C,[22]PSP!DQ:DQ) -> 2893728.5 | DR36: =TRUNC(DQ36*DP36,2) -> 52653.27 | DT36: =_xlfn.XLOOKUP($C36,[22]PSP!$C:$C,[22]PSP!DT:DT) -> 0.017953044 | DU36: =_xlfn.XLOOKUP($C36,[22]PSP!$C:$C,[22]PSP!DU:DU) -> 2893728.5 | DV36: =TRUNC(DU36*DT36,2) -> 51951.23 | DX36: =_xlfn.XLOOKUP($C36,[22]PSP!$C:$C,[22]PSP!DX:DX) -> 0.010674783 | DY36: =_xlfn.XLOOKUP($C36,[22]PSP!$C:$C,[22]PSP!DY:DY) -> 2893728.5 | DZ36: =TRUNC(DY36*DX36,2) -> 30889.92 | EB36: =_xlfn.XLOOKUP($C36,[22]PSP!$C:$C,[22]PSP!EB:EB) -> 0.022739052 | EC36: =_xlfn.XLOOKUP($C36,[22]PSP!$C:$C,[22]PSP!EC:EC) -> 2893728.5 | ED36: =TRUNC(EC36*EB36,2) -> 65800.64 | EF36: =_xlfn.XLOOKUP($C36,[22]PSP!$C:$C,[22]PSP!EF:EF) -> 0.004488261 | EG36: =_xlfn.XLOOKUP($C36,[22]PSP!$C:$C,[22]PSP!EG:EG) -> 2893728.5 | EH36: =TRUNC(EG36*EF36,2) -> 12987.8 | EJ36: =_xlfn.XLOOKUP($C36,[22]PSP!$C:$C,[22]PSP!EJ:EJ) -> 0.023158104 | EK36: =_xlfn.XLOOKUP($C36,[22]PSP!$C:$C,[22]PSP!EK:EK) -> 2893728.5 | EL36: =TRUNC(EK36*EJ36,2) -> 67013.26 | EO36: =EL36+EH36+ED36+DZ36+DV36+DR36+DN36+DJ36+DF36+DB36+CX36+CT36+CP36+CL36+CH36+CD36+BZ36+BV36+BR36+BN36+BJ36+BF36+BB36+AX36+AT36+AP36+AL36+AH36+AD36+Z36+V36+R36+N36 -> 2893728.4 | EP36: =I36 -> 2893728.4 | EQ36: =EP36=EO36 -> TRUE
C37: 5.0 | F37: SERVIÇOS INICIAIS | G37: =UPPER(IF($E37="SICRO SERVIÇO",_xlfn.XLOOKUP('PSP-CN'!D37,#REF!,#REF!),IF($E37="SICRO INSUMO",_xlfn.XLOOKUP('PSP-CN'!D37,#REF!,#REF!),IF($E37="SINAPI INSUMO",_xlfn.XLOOKUP('PSP-CN'!D37,#REF!,#REF!),IF($E37="SINAPI SERVIÇO",_xlfn.XLOOKUP('PSP-CN'!D37,#REF!,#REF!),IF($E37="COTAÇÃO",_xlfn.XLOOKUP('PSP-CN'!D37,#REF!,#REF!),IF(E37="COMPOSIÇÃO",VLOOKUP($D37,#REF!,7),""))))))) | I37: =SUM(I38:I83) -> 60142638 | J37: =SUM(J38:J83) -> 70769842 | N37: =SUMPRODUCT(N39:N83,$ES39:$ES83) -> 1936156.2 | R37: =SUMPRODUCT(R39:R83,$ES39:$ES83) -> 1164619.6 | V37: =SUMPRODUCT(V39:V83,$ES39:$ES83) -> 1204952.7 | Z37: =SUMPRODUCT(Z39:Z83,$ES39:$ES83) -> 1684396.9 | AD37: =SUMPRODUCT(AD39:AD83,$ES39:$ES83) -> 1738581.7 | AH37: =SUMPRODUCT(AH39:AH83,$ES39:$ES83) -> 1339434.8 | AL37: =SUMPRODUCT(AL39:AL83,$ES39:$ES83) -> 1654719.7 | AP37: =SUMPRODUCT(AP39:AP83,$ES39:$ES83) -> 1846275.7 | AT37: =SUMPRODUCT(AT39:AT83,$ES39:$ES83) -> 1209038.2 | AX37: =SUMPRODUCT(AX39:AX83,$ES39:$ES83) -> 1610047.2 | BB37: =SUMPRODUCT(BB39:BB83,$ES39:$ES83) -> 1220532 | BF37: =SUMPRODUCT(BF39:BF83,$ES39:$ES83) -> 2038151.5 | BJ37: =SUMPRODUCT(BJ39:BJ83,$ES39:$ES83) -> 4216872.3 | BN37: =SUMPRODUCT(BN39:BN83,$ES39:$ES83) -> 3608686.4 | BR37: =SUMPRODUCT(BR39:BR83,$ES39:$ES83) -> 1580904.6 | BV37: =SUMPRODUCT(BV39:BV83,$ES39:$ES83) -> 4145272.2 | BZ37: =SUMPRODUCT(BZ39:BZ83,$ES39:$ES83) -> 2500276.1 | CD37: =SUMPRODUCT(CD39:CD83,$ES39:$ES83) -> 2647083.9 | CH37: =SUMPRODUCT(CH39:CH83,$ES39:$ES83) -> 4934138.4 | CL37: =SUMPRODUCT(CL39:CL83,$ES39:$ES83) -> 2314705.1 | CP37: =SUMPRODUCT(CP39:CP83,$ES39:$ES83) -> 4032176.1 | CT37: =SUMPRODUCT(CT39:CT83,$ES39:$ES83) -> 3853095.6 | CX37: =SUMPRODUCT(CX39:CX83,$ES39:$ES83) -> 3333094.6 | DB37: =SUMPRODUCT(DB39:DB83,$ES39:$ES83) -> 3270056.4 | DF37: =SUMPRODUCT(DF39:DF83,$ES39:$ES83) -> 2956603.5 | DJ37: =SUMPRODUCT(DJ39:DJ83,$ES39:$ES83) -> 1398143.2 | DN37: =SUMPRODUCT(DN39:DN83,$ES39:$ES83) -> 1596806.6 | DR37: =SUMPRODUCT(DR39:DR83,$ES39:$ES83) -> 2172631.7 | DV37: =SUMPRODUCT(DV39:DV83,$ES39:$ES83) -> 2300604.9 | DZ37: =SUMPRODUCT(DZ39:DZ83,$ES39:$ES83) -> 1261784.6 | ED37: =SUMPRODUCT(ED39:ED83,$ES39:$ES83) -> 0 | EH37: =SUMPRODUCT(EH39:EH83,$ES39:$ES83) -> 0 | EL37: =SUMPRODUCT(EL39:EL83,$ES39:$ES83) -> 0 | EO37: =EL37+EH37+ED37+DZ37+DV37+DR37+DN37+DJ37+DF37+DB37+CX37+CT37+CP37+CL37+CH37+CD37+BZ37+BV37+BR37+BN37+BJ37+BF37+BB37+AX37+AT37+AP37+AL37+AH37+AD37+Z37+V37+R37+N37 -> 70769842 | EP37: =I37 -> 60142638 | EQ37: =EP37=EO37 -> FALSE | ES37: =IF(LEFT($D37,6)="COT.IS",1,1+$J$7) -> 1.1767
C38: 5.1 | F38: FAIXAS DE DOMÍNIO | EO38: =EL38+EH38+ED38+DZ38+DV38+DR38+DN38+DJ38+DF38+DB38+CX38+CT38+CP38+CL38+CH38+CD38+BZ38+BV38+BR38+BN38+BJ38+BF38+BB38+AX38+AT38+AP38+AL38+AH38+AD38+Z38+V38+R38+N38 -> 0 | EP38: =I38 -> 0 | EQ38: =EP38=EO38 -> TRUE | ES38: =IF(LEFT(D38,6)="COT.IS",1,1+$J$7) -> 1.1767
C39: 5.1.1 | D39: =_xlfn.XLOOKUP($C39,[21]PSP!$C:$C,[21]PSP!D:D) -> RO-41293 | E39: =_xlfn.XLOOKUP($C39,[21]PSP!$C:$C,[21]PSP!E:E) -> DER/MG | F39: =_xlfn.XLOOKUP($C39,[21]PSP!$C:$C,[21]PSP!F:F) -> ROÇADA MANUAL PESADA (EXECUÇÃO, INCLUINDO REMOÇÃO DO MATERIAL ATÉ 5 KM) | G39: =_xlfn.XLOOKUP($C39,[21]PSP!$C:$C,[21]PSP!G:G) -> HA | H39: =_xlfn.XLOOKUP($C39,[21]PSP!$C:$C,[21]PSP!H:H) -> 103.3344 | I39: =_xlfn.XLOOKUP($C39,[21]PSP!$C:$C,[21]PSP!I:I) -> 227770.54 | J39: =IF(LEFT(D39,6)="COT.IS",I39,I39*(1+$J$7)) -> 268017.59 | L39: =_xlfn.XLOOKUP($C39,[21]PSP!$C:$C,[21]PSP!L:L) -> 2.2776 | M39: =_xlfn.XLOOKUP($C39,[21]PSP!$C:$C,[21]PSP!M:M) -> 2204.21 | N39: =TRUNC(M39*L39,2) -> 5020.3 | P39: =_xlfn.XLOOKUP($C39,[21]PSP!$C:$C,[21]PSP!P:P) -> 0.4008 | Q39: =_xlfn.XLOOKUP($C39,[21]PSP!$C:$C,[21]PSP!Q:Q) -> 2204.21 | R39: =TRUNC(Q39*P39,2) -> 883.44 | T39: =_xlfn.XLOOKUP($C39,[21]PSP!$C:$C,[21]PSP!T:T) -> 0.5232 | U39: =_xlfn.XLOOKUP($C39,[21]PSP!$C:$C,[21]PSP!U:U) -> 2204.21 | V39: =TRUNC(U39*T39,2) -> 1153.24 | X39: =_xlfn.XLOOKUP($C39,[21]PSP!$C:$C,[21]PSP!X:X) -> 4.7304 | Y39: =_xlfn.XLOOKUP($C39,[21]PSP!$C:$C,[21]PSP!Y:Y) -> 2204.21 | Z39: =TRUNC(Y39*X39,2) -> 10426.79 | AB39: =_xlfn.XLOOKUP($C39,[21]PSP!$C:$C,[21]PSP!AB:AB) -> 2.652 | AC39: =_xlfn.XLOOKUP($C39,[21]PSP!$C:$C,[21]PSP!AC:AC) -> 2204.21 | AD39: =TRUNC(AC39*AB39,2) -> 5845.56 | AF39: =_xlfn.XLOOKUP($C39,[21]PSP!$C:$C,[21]PSP!AF:AF) -> 2.9832 | AG39: =_xlfn.XLOOKUP($C39,[21]PSP!$C:$C,[21]PSP!AG:AG) -> 2204.21 | AH39: =TRUNC(AG39*AF39,2) -> 6575.59 | AJ39: =_xlfn.XLOOKUP($C39,[21]PSP!$C:$C,[21]PSP!AJ:AJ) -> 1.836 | AK39: =_xlfn.XLOOKUP($C39,[21]PSP!$C:$C,[21]PSP!AK:AK) -> 2204.21 | AL39: =TRUNC(AK39*AJ39,2) -> 4046.92 | AN39: =_xlfn.XLOOKUP($C39,[21]PSP!$C:$C,[21]PSP!AN:AN) -> 5.2056 | AO39: =_xlfn.XLOOKUP($C39,[21]PSP!$C:$C,[21]PSP!AO:AO) -> 2204.21 | AP39: =TRUNC(AO39*AN39,2) -> 11474.23 | AR39: =_xlfn.XLOOKUP($C39,[21]PSP!$C:$C,[21]PSP!AR:AR) -> 1.26 | AS39: =_xlfn.XLOOKUP($C39,[21]PSP!$C:$C,[21]PSP!AS:AS) -> 2204.21 | AT39: =TRUNC(AS39*AR39,2) -> 2777.3 | AV39: =_xlfn.XLOOKUP($C39,[21]PSP!$C:$C,[21]PSP!AV:AV) -> 3.4368 | AW39: =_xlfn.XLOOKUP($C39,[21]PSP!$C:$C,[21]PSP!AW:AW) -> 2204.21 | AX39: =TRUNC(AW39*AV39,2) -> 7575.42 | AZ39: =_xlfn.XLOOKUP($C39,[21]PSP!$C:$C,[21]PSP!AZ:AZ) -> 0.6792 | BA39: =_xlfn.XLOOKUP($C39,[21]PSP!$C:$C,[21]PSP!BA:BA) -> 2204.21 | BB39: =TRUNC(BA39*AZ39,2) -> 1497.09 | BD39: =_xlfn.XLOOKUP($C39,[21]PSP!$C:$C,[21]PSP!BD:BD) -> 6.3576 | BE39: =_xlfn.XLOOKUP($C39,[21]PSP!$C:$C,[21]PSP!BE:BE) -> 2204.21 | BF39: =TRUNC(BE39*BD39,2) -> 14013.48 | BH39: =_xlfn.XLOOKUP($C39,[21]PSP!$C:$C,[21]PSP!BH:BH) -> 6.0576 | BI39: =_xlfn.XLOOKUP($C39,[21]PSP!$C:$C,[21]PSP!BI:BI) -> 2204.21 | BJ39: =TRUNC(BI39*BH39,2) -> 13352.22 | BL39: =_xlfn.XLOOKUP($C39,[21]PSP!$C:$C,[21]PSP!BL:BL) -> 7.764 | BM39: =_xlfn.XLOOKUP($C39,[21]PSP!$C:$C,[21]PSP!BM:BM) -> 2204.21 | BN39: =TRUNC(BM39*BL39,2) -> 17113.48 | BP39: =_xlfn.XLOOKUP($C39,[21]PSP!$C:$C,[21]PSP!BP:BP) -> 1.4592 | BQ39: =_xlfn.XLOOKUP($C39,[21]PSP!$C:$C,[21]PSP!BQ:BQ) -> 2204.21 | BR39: =TRUNC(BQ39*BP39,2) -> 3216.38 | BT39: =_xlfn.XLOOKUP($C39,[21]PSP!$C:$C,[21]PSP!BT:BT) -> 4.1904 | BU39: =_xlfn.XLOOKUP($C39,[21]PSP!$C:$C,[21]PSP!BU:BU) -> 2204.21 | BV39: =TRUNC(BU39*BT39,2) -> 9236.52 | BX39: =_xlfn.XLOOKUP($C39,[21]PSP!$C:$C,[21]PSP!BX:BX) -> 3.4512 | BY39: =_xlfn.XLOOKUP($C39,[21]PSP!$C:$C,[21]PSP!BY:BY) -> 2204.21 | BZ39: =TRUNC(BY39*BX39,2) -> 7607.16 | CB39: =_xlfn.XLOOKUP($C39,[21]PSP!$C:$C,[21]PSP!CB:CB) -> 3.828 | CC39: =_xlfn.XLOOKUP($C39,[21]PSP!$C:$C,[21]PSP!CC:CC) -> 2204.21 | CD39: =TRUNC(CC39*CB39,2) -> 8437.71 | CF39: =_xlfn.XLOOKUP($C39,[21]PSP!$C:$C,[21]PSP!CF:CF) -> 6.7776 | CG39: =_xlfn.XLOOKUP($C39,[21]PSP!$C:$C,[21]PSP!CG:CG) -> 2204.21 | CH39: =TRUNC(CG39*CF39,2) -> 14939.25 | CJ39: =_xlfn.XLOOKUP($C39,[21]PSP!$C:$C,[21]PSP!CJ:CJ) -> 3.4368 | CK39: =_xlfn.XLOOKUP($C39,[21]PSP!$C:$C,[21]PSP!CK:CK) -> 2204.21 | CL39: =TRUNC(CK39*CJ39,2) -> 7575.42 | CN39: =_xlfn.XLOOKUP($C39,[21]PSP!$C:$C,[21]PSP!CN:CN) -> 6.0792 | CO39: =_xlfn.XLOOKUP($C39,[21]PSP!$C:$C,[21]PSP!CO:CO) -> 2204.21 | CP39: =TRUNC(CO39*CN39,2) -> 13399.83 | CR39: =_xlfn.XLOOKUP($C39,[21]PSP!$C:$C,[21]PSP!CR:CR) -> 6.6024 | CS39: =_xlfn.XLOOKUP($C39,[21]PSP!$C:$C,[21]PSP!CS:CS) -> 2204.21 | CT39: =TRUNC(CS39*CR39,2) -> 14553.07 | CV39: =_xlfn.XLOOKUP($C39,[21]PSP!$C:$C,[21]PSP!CV:CV) -> 6.1296 | CW39: =_xlfn.XLOOKUP($C39,[21]PSP!$C:$C,[21]PSP!CW:CW) -> 2204.21 | CX39: =TRUNC(CW39*CV39,2) -> 13510.92 | CZ39: =_xlfn.XLOOKUP($C39,[21]PSP!$C:$C,[21]PSP!CZ:CZ) -> 5.484 | DA39: =_xlfn.XLOOKUP($C39,[21]PSP!$C:$C,[21]PSP!DA:DA) -> 2204.21 | DB39: =TRUNC(DA39*CZ39,2) -> 12087.88 | DD39: =_xlfn.XLOOKUP($C39,[21]PSP!$C:$C,[21]PSP!DD:DD) -> 3.6312 | DE39: =_xlfn.XLOOKUP($C39,[21]PSP!$C:$C,[21]PSP!DE:DE) -> 2204.21 | DF39: =TRUNC(DE39*DD39,2) -> 8003.92 | DH39: =_xlfn.XLOOKUP($C39,[21]PSP!$C:$C,[21]PSP!DH:DH) -> 0.6384 | DI39: =_xlfn.XLOOKUP($C39,[21]PSP!$C:$C,[21]PSP!DI:DI) -> 2204.21 | DJ39: =TRUNC(DI39*DH39,2) -> 1407.16 | DL39: =_xlfn.XLOOKUP($C39,[21]PSP!$C:$C,[21]PSP!DL:DL) -> 0.3672 | DM39: =_xlfn.XLOOKUP($C39,[21]PSP!$C:$C,[21]PSP!DM:DM) -> 2204.21 | DN39: =TRUNC(DM39*DL39,2) -> 809.38 | DP39: =_xlfn.XLOOKUP($C39,[21]PSP!$C:$C,[21]PSP!DP:DP) -> 1.98 | DQ39: =_xlfn.XLOOKUP($C39,[21]PSP!$C:$C,[21]PSP!DQ:DQ) -> 2204.21 | DR39: =TRUNC(DQ39*DP39,2) -> 4364.33 | DT39: =_xlfn.XLOOKUP($C39,[21]PSP!$C:$C,[21]PSP!DT:DT) -> 1.9536 | DU39: =_xlfn.XLOOKUP($C39,[21]PSP!$C:$C,[21]PSP!DU:DU) -> 2204.21 | DV39: =TRUNC(DU39*DT39,2) -> 4306.14 | DX39: =_xlfn.XLOOKUP($C39,[21]PSP!$C:$C,[21]PSP!DX:DX) -> 1.1616 | DY39: =_xlfn.XLOOKUP($C39,[21]PSP!$C:$C,[21]PSP!DY:DY) -> 2204.21 | DZ39: =TRUNC(DY39*DX39,2) -> 2560.41 | EB39: =_xlfn.XLOOKUP($C39,[21]PSP!$C:$C,[21]PSP!EB:EB) -> 0 | EC39: =_xlfn.XLOOKUP($C39,[21]PSP!$C:$C,[21]PSP!EC:EC) -> 2204.21 | ED39: =TRUNC(EC39*EB39,2) -> 0 | EF39: =_xlfn.XLOOKUP($C39,[21]PSP!$C:$C,[21]PSP!EF:EF) -> 0 | EG39: =_xlfn.XLOOKUP($C39,[21]PSP!$C:$C,[21]PSP!EG:EG) -> 2204.21 | EH39: =TRUNC(EG39*EF39,2) -> 0 | EJ39: =_xlfn.XLOOKUP($C39,[21]PSP!$C:$C,[21]PSP!EJ:EJ) -> 0 | EK39: =_xlfn.XLOOKUP($C39,[21]PSP!$C:$C,[21]PSP!EK:EK) -> 2204.21 | EL39: =TRUNC(EK39*EJ39,2) -> 0 | EO39: =EL39+EH39+ED39+DZ39+DV39+DR39+DN39+DJ39+DF39+DB39+CX39+CT39+CP39+CL39+CH39+CD39+BZ39+BV39+BR39+BN39+BJ39+BF39+BB39+AX39+AT39+AP39+AL39+AH39+AD39+Z39+V39+R39+N39 -> 227770.54 | EP39: =I39 -> 227770.54 | EQ39: =EP39=EO39 -> TRUE | ES39: =IF(LEFT(D39,6)="COT.IS",1,1+$J$7) -> 1.1767
C40: 5.1.2 | D40: =_xlfn.XLOOKUP($C40,[21]PSP!$C:$C,[21]PSP!D:D) -> RO-41295 | E40: =_xlfn.XLOOKUP($C40,[21]PSP!$C:$C,[21]PSP!E:E) -> DER/MG | F40: =_xlfn.XLOOKUP($C40,[21]PSP!$C:$C,[21]PSP!F:F) -> ROÇADA MECANIZADA (EXECUÇÃO, INCLUINDO REMOÇÃO DO MATERIAL ATÉ 5 KM) | G40: =_xlfn.XLOOKUP($C40,[21]PSP!$C:$C,[21]PSP!G:G) -> HA | H40: =_xlfn.XLOOKUP($C40,[21]PSP!$C:$C,[21]PSP!H:H) -> 241.1136 | I40: =_xlfn.XLOOKUP($C40,[21]PSP!$C:$C,[21]PSP!I:I) -> 140036.22 | J40: =IF(LEFT(D40,6)="COT.IS",I40,I40*(1+$J$7)) -> 164780.62 | L40: =_xlfn.XLOOKUP($C40,[21]PSP!$C:$C,[21]PSP!L:L) -> 5.3144 | M40: =_xlfn.XLOOKUP($C40,[21]PSP!$C:$C,[21]PSP!M:M) -> 580.79 | N40: =TRUNC(M40*L40,2) -> 3086.55 | P40: =_xlfn.XLOOKUP($C40,[21]PSP!$C:$C,[21]PSP!P:P) -> 0.9352 | Q40: =_xlfn.XLOOKUP($C40,[21]PSP!$C:$C,[21]PSP!Q:Q) -> 580.79 | R40: =TRUNC(Q40*P40,2) -> 543.15 | T40: =_xlfn.XLOOKUP($C40,[21]PSP!$C:$C,[21]PSP!T:T) -> 1.2208 | U40: =_xlfn.XLOOKUP($C40,[21]PSP!$C:$C,[21]PSP!U:U) -> 580.79 | V40: =TRUNC(U40*T40,2) -> 709.02 | X40: =_xlfn.XLOOKUP($C40,[21]PSP!$C:$C,[21]PSP!X:X) -> 11.0376 | Y40: =_xlfn.XLOOKUP($C40,[21]PSP!$C:$C,[21]PSP!Y:Y) -> 580.79 | Z40: =TRUNC(Y40*X40,2) -> 6410.52 | AB40: =_xlfn.XLOOKUP($C40,[21]PSP!$C:$C,[21]PSP!AB:AB) -> 6.188 | AC40: =_xlfn.XLOOKUP($C40,[21]PSP!$C:$C,[21]PSP!AC:AC) -> 580.79 | AD40: =TRUNC(AC40*AB40,2) -> 3593.92 | AF40: =_xlfn.XLOOKUP($C40,[21]PSP!$C:$C,[21]PSP!AF:AF) -> 6.9608 | AG40: =_xlfn.XLOOKUP($C40,[21]PSP!$C:$C,[21]PSP!AG:AG) -> 580.79 | AH40: =TRUNC(AG40*AF40,2) -> 4042.76 | AJ40: =_xlfn.XLOOKUP($C40,[21]PSP!$C:$C,[21]PSP!AJ:AJ) -> 4.284 | AK40: =_xlfn.XLOOKUP($C40,[21]PSP!$C:$C,[21]PSP!AK:AK) -> 580.79 | AL40: =TRUNC(AK40*AJ40,2) -> 2488.1 | AN40: =_xlfn.XLOOKUP($C40,[21]PSP!$C:$C,[21]PSP!AN:AN) -> 12.1464 | AO40: =_xlfn.XLOOKUP($C40,[21]PSP!$C:$C,[21]PSP!AO:AO) -> 580.79 | AP40: =TRUNC(AO40*AN40,2) -> 7054.5 | AR40: =_xlfn.XLOOKUP($C40,[21]PSP!$C:$C,[21]PSP!AR:AR) -> 2.94 | AS40: =_xlfn.XLOOKUP($C40,[21]PSP!$C:$C,[21]PSP!AS:AS) -> 580.79 | AT40: =TRUNC(AS40*AR40,2) -> 1707.52 | AV40: =_xlfn.XLOOKUP($C40,[21]PSP!$C:$C,[21]PSP!AV:AV) -> 8.0192 | AW40: =_xlfn.XLOOKUP($C40,[21]PSP!$C:$C,[21]PSP!AW:AW) -> 580.79 | AX40: =TRUNC(AW40*AV40,2) -> 4657.47 | AZ40: =_xlfn.XLOOKUP($C40,[21]PSP!$C:$C,[21]PSP!AZ:AZ) -> 1.5848 | BA40: =_xlfn.XLOOKUP($C40,[21]PSP!$C:$C,[21]PSP!BA:BA) -> 580.79 | BB40: =TRUNC(BA40*AZ40,2) -> 920.43 | BD40: =_xlfn.XLOOKUP($C40,[21]PSP!$C:$C,[21]PSP!BD:BD) -> 14.8344 | BE40: =_xlfn.XLOOKUP($C40,[21]PSP!$C:$C,[21]PSP!BE:BE) -> 580.79 | BF40: =TRUNC(BE40*BD40,2) -> 8615.67 | BH40: =_xlfn.XLOOKUP($C40,[21]PSP!$C:$C,[21]PSP!BH:BH) -> 14.1344 | BI40: =_xlfn.XLOOKUP($C40,[21]PSP!$C:$C,[21]PSP!BI:BI) -> 580.79 | BJ40: =TRUNC(BI40*BH40,2) -> 8209.11 | BL40: =_xlfn.XLOOKUP($C40,[21]PSP!$C:$C,[21]PSP!BL:BL) -> 18.116 | BM40: =_xlfn.XLOOKUP($C40,[21]PSP!$C:$C,[21]PSP!BM:BM) -> 580.79 | BN40: =TRUNC(BM40*BL40,2) -> 10521.59 | BP40: =_xlfn.XLOOKUP($C40,[21]PSP!$C:$C,[21]PSP!BP:BP) -> 3.4048 | BQ40: =_xlfn.XLOOKUP($C40,[21]PSP!$C:$C,[21]PSP!BQ:BQ) -> 580.79 | BR40: =TRUNC(BQ40*BP40,2) -> 1977.47 | BT40: =_xlfn.XLOOKUP($C40,[21]PSP!$C:$C,[21]PSP!BT:BT) -> 9.7776 | BU40: =_xlfn.XLOOKUP($C40,[21]PSP!$C:$C,[21]PSP!BU:BU) -> 580.79 | BV40: =TRUNC(BU40*BT40,2) -> 5678.73 | BX40: =_xlfn.XLOOKUP($C40,[21]PSP!$C:$C,[21]PSP!BX:BX) -> 8.0528 | BY40: =_xlfn.XLOOKUP($C40,[21]PSP!$C:$C,[21]PSP!BY:BY) -> 580.79 | BZ40: =TRUNC(BY40*BX40,2) -> 4676.98 | CB40: =_xlfn.XLOOKUP($C40,[21]PSP!$C:$C,[21]PSP!CB:CB) -> 8.932 | CC40: =_xlfn.XLOOKUP($C40,[21]PSP!$C:$C,[21]PSP!CC:CC) -> 580.79 | CD40: =TRUNC(CC40*CB40,2) -> 5187.61 | CF40: =_xlfn.XLOOKUP($C40,[21]PSP!$C:$C,[21]PSP!CF:CF) -> 15.8144 | CG40: =_xlfn.XLOOKUP($C40,[21]PSP!$C:$C,[21]PSP!CG:CG) -> 580.79 | CH40: =TRUNC(CG40*CF40,2) -> 9184.84 | CJ40: =_xlfn.XLOOKUP($C40,[21]PSP!$C:$C,[21]PSP!CJ:CJ) -> 8.0192 | CK40: =_xlfn.XLOOKUP($C40,[21]PSP!$C:$C,[21]PSP!CK:CK) -> 580.79 | CL40: =TRUNC(CK40*CJ40,2) -> 4657.47 | CN40: =_xlfn.XLOOKUP($C40,[21]PSP!$C:$C,[21]PSP!CN:CN) -> 14.1848 | CO40: =_xlfn.XLOOKUP($C40,[21]PSP!$C:$C,[21]PSP!CO:CO) -> 580.79 | CP40: =TRUNC(CO40*CN40,2) -> 8238.38 | CR40: =_xlfn.XLOOKUP($C40,[21]PSP!$C:$C,[21]PSP!CR:CR) -> 15.4056 | CS40: =_xlfn.XLOOKUP($C40,[21]PSP!$C:$C,[21]PSP!CS:CS) -> 580.79 | CT40: =TRUNC(CS40*CR40,2) -> 8947.41 | CV40: =_xlfn.XLOOKUP($C40,[21]PSP!$C:$C,[21]PSP!CV:CV) -> 14.3024 | CW40: =_xlfn.XLOOKUP($C40,[21]PSP!$C:$C,[21]PSP!CW:CW) -> 580.79 | CX40: =TRUNC(CW40*CV40,2) -> 8306.69 | CZ40: =_xlfn.XLOOKUP($C40,[21]PSP!$C:$C,[21]PSP!CZ:CZ) -> 12.796 | DA40: =_xlfn.XLOOKUP($C40,[21]PSP!$C:$C,[21]PSP!DA:DA) -> 580.79 | DB40: =TRUNC(DA40*CZ40,2) -> 7431.78 | DD40: =_xlfn.XLOOKUP($C40,[21]PSP!$C:$C,[21]PSP!DD:DD) -> 8.4728 | DE40: =_xlfn.XLOOKUP($C40,[21]PSP!$C:$C,[21]PSP!DE:DE) -> 580.79 | DF40: =TRUNC(DE40*DD40,2) -> 4920.91 | DH40: =_xlfn.XLOOKUP($C40,[21]PSP!$C:$C,[21]PSP!DH:DH) -> 1.4896 | DI40: =_xlfn.XLOOKUP($C40,[21]PSP!$C:$C,[21]PSP!DI:DI) -> 580.79 | DJ40: =TRUNC(DI40*DH40,2) -> 865.14 | DL40: =_xlfn.XLOOKUP($C40,[21]PSP!$C:$C,[21]PSP!DL:DL) -> 0.8568 | DM40: =_xlfn.XLOOKUP($C40,[21]PSP!$C:$C,[21]PSP!DM:DM) -> 580.79 | DN40: =TRUNC(DM40*DL40,2) -> 497.62 | DP40: =_xlfn.XLOOKUP($C40,[21]PSP!$C:$C,[21]PSP!DP:DP) -> 4.62 | DQ40: =_xlfn.XLOOKUP($C40,[21]PSP!$C:$C,[21]PSP!DQ:DQ) -> 580.79 | DR40: =TRUNC(DQ40*DP40,2) -> 2683.24 | DT40: =_xlfn.XLOOKUP($C40,[21]PSP!$C:$C,[21]PSP!DT:DT) -> 4.5584 | DU40: =_xlfn.XLOOKUP($C40,[21]PSP!$C:$C,[21]PSP!DU:DU) -> 580.79 | DV40: =TRUNC(DU40*DT40,2) -> 2647.47 | DX40: =_xlfn.XLOOKUP($C40,[21]PSP!$C:$C,[21]PSP!DX:DX) -> 2.7104 | DY40: =_xlfn.XLOOKUP($C40,[21]PSP!$C:$C,[21]PSP!DY:DY) -> 580.79 | DZ40: =TRUNC(DY40*DX40,2) -> 1574.17 | EB40: =_xlfn.XLOOKUP($C40,[21]PSP!$C:$C,[21]PSP!EB:EB) -> 0 | EC40: =_xlfn.XLOOKUP($C40,[21]PSP!$C:$C,[21]PSP!EC:EC) -> 580.79 | ED40: =TRUNC(EC40*EB40,2) -> 0 | EF40: =_xlfn.XLOOKUP($C40,[21]PSP!$C:$C,[21]PSP!EF:EF) -> 0 | EG40: =_xlfn.XLOOKUP($C40,[21]PSP!$C:$C,[21]PSP!EG:EG) -> 580.79 | EH40: =TRUNC(EG40*EF40,2) -> 0 | EJ40: =_xlfn.XLOOKUP($C40,[21]PSP!$C:$C,[21]PSP!EJ:EJ) -> 0 | EK40: =_xlfn.XLOOKUP($C40,[21]PSP!$C:$C,[21]PSP!EK:EK) -> 580.79 | EL40: =TRUNC(EK40*EJ40,2) -> 0 | EO40: =EL40+EH40+ED40+DZ40+DV40+DR40+DN40+DJ40+DF40+DB40+CX40+CT40+CP40+CL40+CH40+CD40+BZ40+BV40+BR40+BN40+BJ40+BF40+BB40+AX40+AT40+AP40+AL40+AH40+AD40+Z40+V40+R40+N40 -> 140036.22 | EP40: =I40 -> 140036.22 | EQ40: =EP40=EO40 -> TRUE | ES40: =IF(LEFT(D40,6)="COT.IS",1,1+$J$7) -> 1.1767
C41: 5.1.3 | D41: =_xlfn.XLOOKUP($C41,[21]PSP!$C:$C,[21]PSP!D:D) -> ED-50701 | E41: =_xlfn.XLOOKUP($C41,[21]PSP!$C:$C,[21]PSP!E:E) -> DER/MG | F41: =_xlfn.XLOOKUP($C41,[21]PSP!$C:$C,[21]PSP!F:F) -> CAPINA MANUAL DO TERRENO, EXCLUSIVE RASTELAMENTO E QUEIMA | G41: =_xlfn.XLOOKUP($C41,[21]PSP!$C:$C,[21]PSP!G:G) -> M2 | H41: =_xlfn.XLOOKUP($C41,[21]PSP!$C:$C,[21]PSP!H:H) -> 1291680 | I41: =_xlfn.XLOOKUP($C41,[21]PSP!$C:$C,[21]PSP!I:I) -> 1265846.3 | J41: =IF(LEFT(D41,6)="COT.IS",I41,I41*(1+$J$7)) -> 1489521.4 | L41: =_xlfn.XLOOKUP($C41,[21]PSP!$C:$C,[21]PSP!L:L) -> 28470 | M41: =_xlfn.XLOOKUP($C41,[21]PSP!$C:$C,[21]PSP!M:M) -> 0.98 | N41: =TRUNC(M41*L41,2) -> 27900.6 | P41: =_xlfn.XLOOKUP($C41,[21]PSP!$C:$C,[21]PSP!P:P) -> 5010 | Q41: =_xlfn.XLOOKUP($C41,[21]PSP!$C:$C,[21]PSP!Q:Q) -> 0.98 | R41: =TRUNC(Q41*P41,2) -> 4909.8 | T41: =_xlfn.XLOOKUP($C41,[21]PSP!$C:$C,[21]PSP!T:T) -> 6540 | U41: =_xlfn.XLOOKUP($C41,[21]PSP!$C:$C,[21]PSP!U:U) -> 0.98 | V41: =TRUNC(U41*T41,2) -> 6409.2 | X41: =_xlfn.XLOOKUP($C41,[21]PSP!$C:$C,[21]PSP!X:X) -> 59130 | Y41: =_xlfn.XLOOKUP($C41,[21]PSP!$C:$C,[21]PSP!Y:Y) -> 0.98 | Z41: =TRUNC(Y41*X41,2) -> 57947.4 | AB41: =_xlfn.XLOOKUP($C41,[21]PSP!$C:$C,[21]PSP!AB:AB) -> 33150 | AC41: =_xlfn.XLOOKUP($C41,[21]PSP!$C:$C,[21]PSP!AC:AC) -> 0.98 | AD41: =TRUNC(AC41*AB41,2) -> 32487 | AF41: =_xlfn.XLOOKUP($C41,[21]PSP!$C:$C,[21]PSP!AF:AF) -> 37290 | AG41: =_xlfn.XLOOKUP($C41,[21]PSP!$C:$C,[21]PSP!AG:AG) -> 0.98 | AH41: =TRUNC(AG41*AF41,2) -> 36544.2 | AJ41: =_xlfn.XLOOKUP($C41,[21]PSP!$C:$C,[21]PSP!AJ:AJ) -> 22950 | AK41: =_xlfn.XLOOKUP($C41,[21]PSP!$C:$C,[21]PSP!AK:AK) -> 0.98 | AL41: =TRUNC(AK41*AJ41,2) -> 22491 | AN41: =_xlfn.XLOOKUP($C41,[21]PSP!$C:$C,[21]PSP!AN:AN) -> 65070 | AO41: =_xlfn.XLOOKUP($C41,[21]PSP!$C:$C,[21]PSP!AO:AO) -> 0.98 | AP41: =TRUNC(AO41*AN41,2) -> 63768.59 | AR41: =_xlfn.XLOOKUP($C41,[21]PSP!$C:$C,[21]PSP!AR:AR) -> 15750 | AS41: =_xlfn.XLOOKUP($C41,[21]PSP!$C:$C,[21]PSP!AS:AS) -> 0.98 | AT41: =TRUNC(AS41*AR41,2) -> 15435 | AV41: =_xlfn.XLOOKUP($C41,[21]PSP!$C:$C,[21]PSP!AV:AV) -> 42960 | AW41: =_xlfn.XLOOKUP($C41,[21]PSP!$C:$C,[21]PSP!AW:AW) -> 0.98 | AX41: =TRUNC(AW41*AV41,2) -> 42100.8 | AZ41: =_xlfn.XLOOKUP($C41,[21]PSP!$C:$C,[21]PSP!AZ:AZ) -> 8490 | BA41: =_xlfn.XLOOKUP($C41,[21]PSP!$C:$C,[21]PSP!BA:BA) -> 0.98 | BB41: =TRUNC(BA41*AZ41,2) -> 8320.19 | BD41: =_xlfn.XLOOKUP($C41,[21]PSP!$C:$C,[21]PSP!BD:BD) -> 79470 | BE41: =_xlfn.XLOOKUP($C41,[21]PSP!$C:$C,[21]PSP!BE:BE) -> 0.98 | BF41: =TRUNC(BE41*BD41,2) -> 77880.6 | BH41: =_xlfn.XLOOKUP($C41,[21]PSP!$C:$C,[21]PSP!BH:BH) -> 75720 | BI41: =_xlfn.XLOOKUP($C41,[21]PSP!$C:$C,[21]PSP!BI:BI) -> 0.98 | BJ41: =TRUNC(BI41*BH41,2) -> 74205.6 | BL41: =_xlfn.XLOOKUP($C41,[21]PSP!$C:$C,[21]PSP!BL:BL) -> 97050 | BM41: =_xlfn.XLOOKUP($C41,[21]PSP!$C:$C,[21]PSP!BM:BM) -> 0.98 | BN41: =TRUNC(BM41*BL41,2) -> 95109 | BP41: =_xlfn.XLOOKUP($C41,[21]PSP!$C:$C,[21]PSP!BP:BP) -> 18240 | BQ41: =_xlfn.XLOOKUP($C41,[21]PSP!$C:$C,[21]PSP!BQ:BQ) -> 0.98 | BR41: =TRUNC(BQ41*BP41,2) -> 17875.19 | BT41: =_xlfn.XLOOKUP($C41,[21]PSP!$C:$C,[21]PSP!BT:BT) -> 52380 | BU41: =_xlfn.XLOOKUP($C41,[21]PSP!$C:$C,[21]PSP!BU:BU) -> 0.98 | BV41: =TRUNC(BU41*BT41,2) -> 51332.4 | BX41: =_xlfn.XLOOKUP($C41,[21]PSP!$C:$C,[21]PSP!BX:BX) -> 43140 | BY41: =_xlfn.XLOOKUP($C41,[21]PSP!$C:$C,[21]PSP!BY:BY) -> 0.98 | BZ41: =TRUNC(BY41*BX41,2) -> 42277.2 | CB41: =_xlfn.XLOOKUP($C41,[21]PSP!$C:$C,[21]PSP!CB:CB) -> 47850 | CC41: =_xlfn.XLOOKUP($C41,[21]PSP!$C:$C,[21]PSP!CC:CC) -> 0.98 | CD41: =TRUNC(CC41*CB41,2) -> 46893 | CF41: =_xlfn.XLOOKUP($C41,[21]PSP!$C:$C,[21]PSP!CF:CF) -> 84720 | CG41: =_xlfn.XLOOKUP($C41,[21]PSP!$C:$C,[21]PSP!CG:CG) -> 0.98 | CH41: =TRUNC(CG41*CF41,2) -> 83025.6 | CJ41: =_xlfn.XLOOKUP($C41,[21]PSP!$C:$C,[21]PSP!CJ:CJ) -> 42960 | CK41: =_xlfn.XLOOKUP($C41,[21]PSP!$C:$C,[21]PSP!CK:CK) -> 0.98 | CL41: =TRUNC(CK41*CJ41,2) -> 42100.79 | CN41: =_xlfn.XLOOKUP($C41,[21]PSP!$C:$C,[21]PSP!CN:CN) -> 75990 | CO41: =_xlfn.XLOOKUP($C41,[21]PSP!$C:$C,[21]PSP!CO:CO) -> 0.98 | CP41: =TRUNC(CO41*CN41,2) -> 74470.19 | CR41: =_xlfn.XLOOKUP($C41,[21]PSP!$C:$C,[21]PSP!CR:CR) -> 82530 | CS41: =_xlfn.XLOOKUP($C41,[21]PSP!$C:$C,[21]PSP!CS:CS) -> 0.98 | CT41: =TRUNC(CS41*CR41,2) -> 80879.4 | CV41: =_xlfn.XLOOKUP($C41,[21]PSP!$C:$C,[21]PSP!CV:CV) -> 76620 | CW41: =_xlfn.XLOOKUP($C41,[21]PSP!$C:$C,[21]PSP!CW:CW) -> 0.98 | CX41: =TRUNC(CW41*CV41,2) -> 75087.59 | CZ41: =_xlfn.XLOOKUP($C41,[21]PSP!$C:$C,[21]PSP!CZ:CZ) -> 68550 | DA41: =_xlfn.XLOOKUP($C41,[21]PSP!$C:$C,[21]PSP!DA:DA) -> 0.98 | DB41: =TRUNC(DA41*CZ41,2) -> 67179 | DD41: =_xlfn.XLOOKUP($C41,[21]PSP!$C:$C,[21]PSP!DD:DD) -> 45390 | DE41: =_xlfn.XLOOKUP($C41,[21]PSP!$C:$C,[21]PSP!DE:DE) -> 0.98 | DF41: =TRUNC(DE41*DD41,2) -> 44482.19 | DH41: =_xlfn.XLOOKUP($C41,[21]PSP!$C:$C,[21]PSP!DH:DH) -> 7980 | DI41: =_xlfn.XLOOKUP($C41,[21]PSP!$C:$C,[21]PSP!DI:DI) -> 0.98 | DJ41: =TRUNC(DI41*DH41,2) -> 7820.4 | DL41: =_xlfn.XLOOKUP($C41,[21]PSP!$C:$C,[21]PSP!DL:DL) -> 4590 | DM41: =_xlfn.XLOOKUP($C41,[21]PSP!$C:$C,[21]PSP!DM:DM) -> 0.98 | DN41: =TRUNC(DM41*DL41,2) -> 4498.19 | DP41: =_xlfn.XLOOKUP($C41,[21]PSP!$C:$C,[21]PSP!DP:DP) -> 24750 | DQ41: =_xlfn.XLOOKUP($C41,[21]PSP!$C:$C,[21]PSP!DQ:DQ) -> 0.98 | DR41: =TRUNC(DQ41*DP41,2) -> 24255 | DT41: =_xlfn.XLOOKUP($C41,[21]PSP!$C:$C,[21]PSP!DT:DT) -> 24420 | DU41: =_xlfn.XLOOKUP($C41,[21]PSP!$C:$C,[21]PSP!DU:DU) -> 0.98 | DV41: =TRUNC(DU41*DT41,2) -> 23931.6 | DX41: =_xlfn.XLOOKUP($C41,[21]PSP!$C:$C,[21]PSP!DX:DX) -> 14520 | DY41: =_xlfn.XLOOKUP($C41,[21]PSP!$C:$C,[21]PSP!DY:DY) -> 0.98 | DZ41: =TRUNC(DY41*DX41,2) -> 14229.6 | EB41: =_xlfn.XLOOKUP($C41,[21]PSP!$C:$C,[21]PSP!EB:EB) -> 0 | EC41: =_xlfn.XLOOKUP($C41,[21]PSP!$C:$C,[21]PSP!EC:EC) -> 0.98 | ED41: =TRUNC(EC41*EB41,2) -> 0 | EF41: =_xlfn.XLOOKUP($C41,[21]PSP!$C:$C,[21]PSP!EF:EF) -> 0 | EG41: =_xlfn.XLOOKUP($C41,[21]PSP!$C:$C,[21]PSP!EG:EG) -> 0.98 | EH41: =TRUNC(EG41*EF41,2) -> 0 | EJ41: =_xlfn.XLOOKUP($C41,[21]PSP!$C:$C,[21]PSP!EJ:EJ) -> 0 | EK41: =_xlfn.XLOOKUP($C41,[21]PSP!$C:$C,[21]PSP!EK:EK) -> 0.98 | EL41: =TRUNC(EK41*EJ41,2) -> 0 | EO41: =EL41+EH41+ED41+DZ41+DV41+DR41+DN41+DJ41+DF41+DB41+CX41+CT41+CP41+CL41+CH41+CD41+BZ41+BV41+BR41+BN41+BJ41+BF41+BB41+AX41+AT41+AP41+AL41+AH41+AD41+Z41+V41+R41+N41 -> 1265846.3 | EP41: =I41 -> 1265846.3 | EQ41: =EP41=EO41 -> TRUE | ES41: =IF(LEFT(D41,6)="COT.IS",1,1+$J$7) -> 1.1767
C42: 5.1.4 | D42: =_xlfn.XLOOKUP($C42,[21]PSP!$C:$C,[21]PSP!D:D) -> 4413905 | E42: =_xlfn.XLOOKUP($C42,[21]PSP!$C:$C,[21]PSP!E:E) -> SICRO SERVIÇO | F42: =_xlfn.XLOOKUP($C42,[21]PSP!$C:$C,[21]PSP!F:F) -> HIDROSSEMEADURA | G42: =_xlfn.XLOOKUP($C42,[21]PSP!$C:$C,[21]PSP!G:G) -> M² | H42: =_xlfn.XLOOKUP($C42,[21]PSP!$C:$C,[21]PSP!H:H) -> 344448 | I42: =_xlfn.XLOOKUP($C42,[21]PSP!$C:$C,[21]PSP!I:I) -> 950676.4 | J42: =IF(LEFT(D42,6)="COT.IS",I42,I42*(1+$J$7)) -> 1118660.9 | L42: =_xlfn.XLOOKUP($C42,[21]PSP!$C:$C,[21]PSP!L:L) -> 7592 | M42: =_xlfn.XLOOKUP($C42,[21]PSP!$C:$C,[21]PSP!M:M) -> 2.76 | N42: =TRUNC(M42*L42,2) -> 20953.92 | P42: =_xlfn.XLOOKUP($C42,[21]PSP!$C:$C,[21]PSP!P:P) -> 1336 | Q42: =_xlfn.XLOOKUP($C42,[21]PSP!$C:$C,[21]PSP!Q:Q) -> 2.76 | R42: =TRUNC(Q42*P42,2) -> 3687.36 | T42: =_xlfn.XLOOKUP($C42,[21]PSP!$C:$C,[21]PSP!T:T) -> 1744 | U42: =_xlfn.XLOOKUP($C42,[21]PSP!$C:$C,[21]PSP!U:U) -> 2.76 | V42: =TRUNC(U42*T42,2) -> 4813.44 | X42: =_xlfn.XLOOKUP($C42,[21]PSP!$C:$C,[21]PSP!X:X) -> 15768 | Y42: =_xlfn.XLOOKUP($C42,[21]PSP!$C:$C,[21]PSP!Y:Y) -> 2.76 | Z42: =TRUNC(Y42*X42,2) -> 43519.68 | AB42: =_xlfn.XLOOKUP($C42,[21]PSP!$C:$C,[21]PSP!AB:AB) -> 8840 | AC42: =_xlfn.XLOOKUP($C42,[21]PSP!$C:$C,[21]PSP!AC:AC) -> 2.76 | AD42: =TRUNC(AC42*AB42,2) -> 24398.4 | AF42: =_xlfn.XLOOKUP($C42,[21]PSP!$C:$C,[21]PSP!AF:AF) -> 9944 | AG42: =_xlfn.XLOOKUP($C42,[21]PSP!$C:$C,[21]PSP!AG:AG) -> 2.76 | AH42: =TRUNC(AG42*AF42,2) -> 27445.44 | AJ42: =_xlfn.XLOOKUP($C42,[21]PSP!$C:$C,[21]PSP!AJ:AJ) -> 6120 | AK42: =_xlfn.XLOOKUP($C42,[21]PSP!$C:$C,[21]PSP!AK:AK) -> 2.76 | AL42: =TRUNC(AK42*AJ42,2) -> 16891.2 | AN42: =_xlfn.XLOOKUP($C42,[21]PSP!$C:$C,[21]PSP!AN:AN) -> 17352 | AO42: =_xlfn.XLOOKUP($C42,[21]PSP!$C:$C,[21]PSP!AO:AO) -> 2.76 | AP42: =TRUNC(AO42*AN42,2) -> 47891.51 | AR42: =_xlfn.XLOOKUP($C42,[21]PSP!$C:$C,[21]PSP!AR:AR) -> 4200 | AS42: =_xlfn.XLOOKUP($C42,[21]PSP!$C:$C,[21]PSP!AS:AS) -> 2.76 | AT42: =TRUNC(AS42*AR42,2) -> 11592 | AV42: =_xlfn.XLOOKUP($C42,[21]PSP!$C:$C,[21]PSP!AV:AV) -> 11456 | AW42: =_xlfn.XLOOKUP($C42,[21]PSP!$C:$C,[21]PSP!AW:AW) -> 2.76 | AX42: =TRUNC(AW42*AV42,2) -> 31618.56 | AZ42: =_xlfn.XLOOKUP($C42,[21]PSP!$C:$C,[21]PSP!AZ:AZ) -> 2264 | BA42: =_xlfn.XLOOKUP($C42,[21]PSP!$C:$C,[21]PSP!BA:BA) -> 2.76 | BB42: =TRUNC(BA42*AZ42,2) -> 6248.63 | BD42: =_xlfn.XLOOKUP($C42,[21]PSP!$C:$C,[21]PSP!BD:BD) -> 21192 | BE42: =_xlfn.XLOOKUP($C42,[21]PSP!$C:$C,[21]PSP!BE:BE) -> 2.76 | BF42: =TRUNC(BE42*BD42,2) -> 58489.92 | BH42: =_xlfn.XLOOKUP($C42,[21]PSP!$C:$C,[21]PSP!BH:BH) -> 20192 | BI42: =_xlfn.XLOOKUP($C42,[21]PSP!$C:$C,[21]PSP!BI:BI) -> 2.76 | BJ42: =TRUNC(BI42*BH42,2) -> 55729.92 | BL42: =_xlfn.XLOOKUP($C42,[21]PSP!$C:$C,[21]PSP!BL:BL) -> 25880 | BM42: =_xlfn.XLOOKUP($C42,[21]PSP!$C:$C,[21]PSP!BM:BM) -> 2.76 | BN42: =TRUNC(BM42*BL42,2) -> 71428.8 | BP42: =_xlfn.XLOOKUP($C42,[21]PSP!$C:$C,[21]PSP!BP:BP) -> 4864 | BQ42: =_xlfn.XLOOKUP($C42,[21]PSP!$C:$C,[21]PSP!BQ:BQ) -> 2.76 | BR42: =TRUNC(BQ42*BP42,2) -> 13424.63 | BT42: =_xlfn.XLOOKUP($C42,[21]PSP!$C:$C,[21]PSP!BT:BT) -> 13968 | BU42: =_xlfn.XLOOKUP($C42,[21]PSP!$C:$C,[21]PSP!BU:BU) -> 2.76 | BV42: =TRUNC(BU42*BT42,2) -> 38551.68 | BX42: =_xlfn.XLOOKUP($C42,[21]PSP!$C:$C,[21]PSP!BX:BX) -> 11504 | BY42: =_xlfn.XLOOKUP($C42,[21]PSP!$C:$C,[21]PSP!BY:BY) -> 2.76 | BZ42: =TRUNC(BY42*BX42,2) -> 31751.04 | CB42: =_xlfn.XLOOKUP($C42,[21]PSP!$C:$C,[21]PSP!CB:CB) -> 12760 | CC42: =_xlfn.XLOOKUP($C42,[21]PSP!$C:$C,[21]PSP!CC:CC) -> 2.76 | CD42: =TRUNC(CC42*CB42,2) -> 35217.6 | CF42: =_xlfn.XLOOKUP($C42,[21]PSP!$C:$C,[21]PSP!CF:CF) -> 22592 | CG42: =_xlfn.XLOOKUP($C42,[21]PSP!$C:$C,[21]PSP!CG:CG) -> 2.76 | CH42: =TRUNC(CG42*CF42,2) -> 62353.92 | CJ42: =_xlfn.XLOOKUP($C42,[21]PSP!$C:$C,[21]PSP!CJ:CJ) -> 11456 | CK42: =_xlfn.XLOOKUP($C42,[21]PSP!$C:$C,[21]PSP!CK:CK) -> 2.76 | CL42: =TRUNC(CK42*CJ42,2) -> 31618.55 | CN42: =_xlfn.XLOOKUP($C42,[21]PSP!$C:$C,[21]PSP!CN:CN) -> 20264 | CO42: =_xlfn.XLOOKUP($C42,[21]PSP!$C:$C,[21]PSP!CO:CO) -> 2.76 | CP42: =TRUNC(CO42*CN42,2) -> 55928.63 | CR42: =_xlfn.XLOOKUP($C42,[21]PSP!$C:$C,[21]PSP!CR:CR) -> 22008 | CS42: =_xlfn.XLOOKUP($C42,[21]PSP!$C:$C,[21]PSP!CS:CS) -> 2.76 | CT42: =TRUNC(CS42*CR42,2) -> 60742.08 | CV42: =_xlfn.XLOOKUP($C42,[21]PSP!$C:$C,[21]PSP!CV:CV) -> 20432 | CW42: =_xlfn.XLOOKUP($C42,[21]PSP!$C:$C,[21]PSP!CW:CW) -> 2.76 | CX42: =TRUNC(CW42*CV42,2) -> 56392.31 | CZ42: =_xlfn.XLOOKUP($C42,[21]PSP!$C:$C,[21]PSP!CZ:CZ) -> 18280 | DA42: =_xlfn.XLOOKUP($C42,[21]PSP!$C:$C,[21]PSP!DA:DA) -> 2.76 | DB42: =TRUNC(DA42*CZ42,2) -> 50452.8 | DD42: =_xlfn.XLOOKUP($C42,[21]PSP!$C:$C,[21]PSP!DD:DD) -> 12104 | DE42: =_xlfn.XLOOKUP($C42,[21]PSP!$C:$C,[21]PSP!DE:DE) -> 2.76 | DF42: =TRUNC(DE42*DD42,2) -> 33407.03 | DH42: =_xlfn.XLOOKUP($C42,[21]PSP!$C:$C,[21]PSP!DH:DH) -> 2128 | DI42: =_xlfn.XLOOKUP($C42,[21]PSP!$C:$C,[21]PSP!DI:DI) -> 2.76 | DJ42: =TRUNC(DI42*DH42,2) -> 5873.28 | DL42: =_xlfn.XLOOKUP($C42,[21]PSP!$C:$C,[21]PSP!DL:DL) -> 1224 | DM42: =_xlfn.XLOOKUP($C42,[21]PSP!$C:$C,[21]PSP!DM:DM) -> 2.76 | DN42: =TRUNC(DM42*DL42,2) -> 3378.23 | DP42: =_xlfn.XLOOKUP($C42,[21]PSP!$C:$C,[21]PSP!DP:DP) -> 6600 | DQ42: =_xlfn.XLOOKUP($C42,[21]PSP!$C:$C,[21]PSP!DQ:DQ) -> 2.76 | DR42: =TRUNC(DQ42*DP42,2) -> 18216 | DT42: =_xlfn.XLOOKUP($C42,[21]PSP!$C:$C,[21]PSP!DT:DT) -> 6512 | DU42: =_xlfn.XLOOKUP($C42,[21]PSP!$C:$C,[21]PSP!DU:DU) -> 2.76 | DV42: =TRUNC(DU42*DT42,2) -> 17973.12 | DX42: =_xlfn.XLOOKUP($C42,[21]PSP!$C:$C,[21]PSP!DX:DX) -> 3872 | DY42: =_xlfn.XLOOKUP($C42,[21]PSP!$C:$C,[21]PSP!DY:DY) -> 2.76 | DZ42: =TRUNC(DY42*DX42,2) -> 10686.72 | EB42: =_xlfn.XLOOKUP($C42,[21]PSP!$C:$C,[21]PSP!EB:EB) -> 0 | EC42: =_xlfn.XLOOKUP($C42,[21]PSP!$C:$C,[21]PSP!EC:EC) -> 2.76 | ED42: =TRUNC(EC42*EB42,2) -> 0 | EF42: =_xlfn.XLOOKUP($C42,[21]PSP!$C:$C,[21]PSP!EF:EF) -> 0 | EG42: =_xlfn.XLOOKUP($C42,[21]PSP!$C:$C,[21]PSP!EG:EG) -> 2.76 | EH42: =TRUNC(EG42*EF42,2) -> 0 | EJ42: =_xlfn.XLOOKUP($C42,[21]PSP!$C:$C,[21]PSP!EJ:EJ) -> 0 | EK42: =_xlfn.XLOOKUP($C42,[21]PSP!$C:$C,[21]PSP!EK:EK) -> 2.76 | EL42: =TRUNC(EK42*EJ42,2) -> 0 | EO42: =EL42+EH42+ED42+DZ42+DV42+DR42+DN42+DJ42+DF42+DB42+CX42+CT42+CP42+CL42+CH42+CD42+BZ42+BV42+BR42+BN42+BJ42+BF42+BB42+AX42+AT42+AP42+AL42+AH42+AD42+Z42+V42+R42+N42 -> 950676.4 | EP42: =I42 -> 950676.4 | EQ42: =EP42=EO42 -> TRUE | ES42: =IF(LEFT(D42,6)="COT.IS",1,1+$J$7) -> 1.1767
C43: 5.1.5 | D43: =_xlfn.XLOOKUP($C43,[21]PSP!$C:$C,[21]PSP!D:D) -> 4915786 | E43: =_xlfn.XLOOKUP($C43,[21]PSP!$C:$C,[21]PSP!E:E) -> SICRO SERVIÇO | F43: =_xlfn.XLOOKUP($C43,[21]PSP!$C:$C,[21]PSP!F:F) -> REMOÇÃO DE ANIMAIS DE PEQUENO PORTE MORTOS EM RODOVIA - CARGA MANUAL | G43: =_xlfn.XLOOKUP($C43,[21]PSP!$C:$C,[21]PSP!G:G) -> T | H43: =_xlfn.XLOOKUP($C43,[21]PSP!$C:$C,[21]PSP!H:H) -> 34.4448 | I43: =_xlfn.XLOOKUP($C43,[21]PSP!$C:$C,[21]PSP!I:I) -> 4262.39 | J43: =IF(LEFT(D43,6)="COT.IS",I43,I43*(1+$J$7)) -> 5015.5543 | L43: =_xlfn.XLOOKUP($C43,[21]PSP!$C:$C,[21]PSP!L:L) -> 0.7592 | M43: =_xlfn.XLOOKUP($C43,[21]PSP!$C:$C,[21]PSP!M:M) -> 123.75 | N43: =TRUNC(M43*L43,2) -> 93.95 | P43: =_xlfn.XLOOKUP($C43,[21]PSP!$C:$C,[21]PSP!P:P) -> 0.1336 | Q43: =_xlfn.XLOOKUP($C43,[21]PSP!$C:$C,[21]PSP!Q:Q) -> 123.75 | R43: =TRUNC(Q43*P43,2) -> 16.53 | T43: =_xlfn.XLOOKUP($C43,[21]PSP!$C:$C,[21]PSP!T:T) -> 0.1744 | U43: =_xlfn.XLOOKUP($C43,[21]PSP!$C:$C,[21]PSP!U:U) -> 123.75 | V43: =TRUNC(U43*T43,2) -> 21.58 | X43: =_xlfn.XLOOKUP($C43,[21]PSP!$C:$C,[21]PSP!X:X) -> 1.5768 | Y43: =_xlfn.XLOOKUP($C43,[21]PSP!$C:$C,[21]PSP!Y:Y) -> 123.75 | Z43: =TRUNC(Y43*X43,2) -> 195.12 | AB43: =_xlfn.XLOOKUP($C43,[21]PSP!$C:$C,[21]PSP!AB:AB) -> 0.884 | AC43: =_xlfn.XLOOKUP($C43,[21]PSP!$C:$C,[21]PSP!AC:AC) -> 123.75 | AD43: =TRUNC(AC43*AB43,2) -> 109.39 | AF43: =_xlfn.XLOOKUP($C43,[21]PSP!$C:$C,[21]PSP!AF:AF) -> 0.9944 | AG43: =_xlfn.XLOOKUP($C43,[21]PSP!$C:$C,[21]PSP!AG:AG) -> 123.75 | AH43: =TRUNC(AG43*AF43,2) -> 123.05 | AJ43: =_xlfn.XLOOKUP($C43,[21]PSP!$C:$C,[21]PSP!AJ:AJ) -> 0.612 | AK43: =_xlfn.XLOOKUP($C43,[21]PSP!$C:$C,[21]PSP!AK:AK) -> 123.75 | AL43: =TRUNC(AK43*AJ43,2) -> 75.73 | AN43: =_xlfn.XLOOKUP($C43,[21]PSP!$C:$C,[21]PSP!AN:AN) -> 1.7352 | AO43: =_xlfn.XLOOKUP($C43,[21]PSP!$C:$C,[21]PSP!AO:AO) -> 123.75 | AP43: =TRUNC(AO43*AN43,2) -> 214.73 | AR43: =_xlfn.XLOOKUP($C43,[21]PSP!$C:$C,[21]PSP!AR:AR) -> 0.42 | AS43: =_xlfn.XLOOKUP($C43,[21]PSP!$C:$C,[21]PSP!AS:AS) -> 123.75 | AT43: =TRUNC(AS43*AR43,2) -> 51.97 | AV43: =_xlfn.XLOOKUP($C43,[21]PSP!$C:$C,[21]PSP!AV:AV) -> 1.1456 | AW43: =_xlfn.XLOOKUP($C43,[21]PSP!$C:$C,[21]PSP!AW:AW) -> 123.75 | AX43: =TRUNC(AW43*AV43,2) -> 141.76 | AZ43: =_xlfn.XLOOKUP($C43,[21]PSP!$C:$C,[21]PSP!AZ:AZ) -> 0.2264 | BA43: =_xlfn.XLOOKUP($C43,[21]PSP!$C:$C,[21]PSP!BA:BA) -> 123.75 | BB43: =TRUNC(BA43*AZ43,2) -> 28.01 | BD43: =_xlfn.XLOOKUP($C43,[21]PSP!$C:$C,[21]PSP!BD:BD) -> 2.1192 | BE43: =_xlfn.XLOOKUP($C43,[21]PSP!$C:$C,[21]PSP!BE:BE) -> 123.75 | BF43: =TRUNC(BE43*BD43,2) -> 262.25 | BH43: =_xlfn.XLOOKUP($C43,[21]PSP!$C:$C,[21]PSP!BH:BH) -> 2.0192 | BI43: =_xlfn.XLOOKUP($C43,[21]PSP!$C:$C,[21]PSP!BI:BI) -> 123.75 | BJ43: =TRUNC(BI43*BH43,2) -> 249.87 | BL43: =_xlfn.XLOOKUP($C43,[21]PSP!$C:$C,[21]PSP!BL:BL) -> 2.588 | BM43: =_xlfn.XLOOKUP($C43,[21]PSP!$C:$C,[21]PSP!BM:BM) -> 123.75 | BN43: =TRUNC(BM43*BL43,2) -> 320.26 | BP43: =_xlfn.XLOOKUP($C43,[21]PSP!$C:$C,[21]PSP!BP:BP) -> 0.4864 | BQ43: =_xlfn.XLOOKUP($C43,[21]PSP!$C:$C,[21]PSP!BQ:BQ) -> 123.75 | BR43: =TRUNC(BQ43*BP43,2) -> 60.19 | BT43: =_xlfn.XLOOKUP($C43,[21]PSP!$C:$C,[21]PSP!BT:BT) -> 1.3968 | BU43: =_xlfn.XLOOKUP($C43,[21]PSP!$C:$C,[21]PSP!BU:BU) -> 123.75 | BV43: =TRUNC(BU43*BT43,2) -> 172.85 | BX43: =_xlfn.XLOOKUP($C43,[21]PSP!$C:$C,[21]PSP!BX:BX) -> 1.1504 | BY43: =_xlfn.XLOOKUP($C43,[21]PSP!$C:$C,[21]PSP!BY:BY) -> 123.75 | BZ43: =TRUNC(BY43*BX43,2) -> 142.36 | CB43: =_xlfn.XLOOKUP($C43,[21]PSP!$C:$C,[21]PSP!CB:CB) -> 1.276 | CC43: =_xlfn.XLOOKUP($C43,[21]PSP!$C:$C,[21]PSP!CC:CC) -> 123.75 | CD43: =TRUNC(CC43*CB43,2) -> 157.9 | CF43: =_xlfn.XLOOKUP($C43,[21]PSP!$C:$C,[21]PSP!CF:CF) -> 2.2592 | CG43: =_xlfn.XLOOKUP($C43,[21]PSP!$C:$C,[21]PSP!CG:CG) -> 123.75 | CH43: =TRUNC(CG43*CF43,2) -> 279.57 | CJ43: =_xlfn.XLOOKUP($C43,[21]PSP!$C:$C,[21]PSP!CJ:CJ) -> 1.1456 | CK43: =_xlfn.XLOOKUP($C43,[21]PSP!$C:$C,[21]PSP!CK:CK) -> 123.75 | CL43: =TRUNC(CK43*CJ43,2) -> 141.76 | CN43: =_xlfn.XLOOKUP($C43,[21]PSP!$C:$C,[21]PSP!CN:CN) -> 2.0264 | CO43: =_xlfn.XLOOKUP($C43,[21]PSP!$C:$C,[21]PSP!CO:CO) -> 123.75 | CP43: =TRUNC(CO43*CN43,2) -> 250.76 | CR43: =_xlfn.XLOOKUP($C43,[21]PSP!$C:$C,[21]PSP!CR:CR) -> 2.2008 | CS43: =_xlfn.XLOOKUP($C43,[21]PSP!$C:$C,[21]PSP!CS:CS) -> 123.75 | CT43: =TRUNC(CS43*CR43,2) -> 272.34 | CV43: =_xlfn.XLOOKUP($C43,[21]PSP!$C:$C,[21]PSP!CV:CV) -> 2.0432 | CW43: =_xlfn.XLOOKUP($C43,[21]PSP!$C:$C,[21]PSP!CW:CW) -> 123.75 | CX43: =TRUNC(CW43*CV43,2) -> 252.84 | CZ43: =_xlfn.XLOOKUP($C43,[21]PSP!$C:$C,[21]PSP!CZ:CZ) -> 1.828 | DA43: =_xlfn.XLOOKUP($C43,[21]PSP!$C:$C,[21]PSP!DA:DA) -> 123.75 | DB43: =TRUNC(DA43*CZ43,2) -> 226.21 | DD43: =_xlfn.XLOOKUP($C43,[21]PSP!$C:$C,[21]PSP!DD:DD) -> 1.2104 | DE43: =_xlfn.XLOOKUP($C43,[21]PSP!$C:$C,[21]PSP!DE:DE) -> 123.75 | DF43: =TRUNC(DE43*DD43,2) -> 149.78 | DH43: =_xlfn.XLOOKUP($C43,[21]PSP!$C:$C,[21]PSP!DH:DH) -> 0.2128 | DI43: =_xlfn.XLOOKUP($C43,[21]PSP!$C:$C,[21]PSP!DI:DI) -> 123.75 | DJ43: =TRUNC(DI43*DH43,2) -> 26.33 | DL43: =_xlfn.XLOOKUP($C43,[21]PSP!$C:$C,[21]PSP!DL:DL) -> 0.1224 | DM43: =_xlfn.XLOOKUP($C43,[21]PSP!$C:$C,[21]PSP!DM:DM) -> 123.75 | DN43: =TRUNC(DM43*DL43,2) -> 15.14 | DP43: =_xlfn.XLOOKUP($C43,[21]PSP!$C:$C,[21]PSP!DP:DP) -> 0.66 | DQ43: =_xlfn.XLOOKUP($C43,[21]PSP!$C:$C,[21]PSP!DQ:DQ) -> 123.75 | DR43: =TRUNC(DQ43*DP43,2) -> 81.67 | DT43: =_xlfn.XLOOKUP($C43,[21]PSP!$C:$C,[21]PSP!DT:DT) -> 0.6512 | DU43: =_xlfn.XLOOKUP($C43,[21]PSP!$C:$C,[21]PSP!DU:DU) -> 123.75 | DV43: =TRUNC(DU43*DT43,2) -> 80.58 | DX43: =_xlfn.XLOOKUP($C43,[21]PSP!$C:$C,[21]PSP!DX:DX) -> 0.3872 | DY43: =_xlfn.XLOOKUP($C43,[21]PSP!$C:$C,[21]PSP!DY:DY) -> 123.75 | DZ43: =TRUNC(DY43*DX43,2) -> 47.91 | EB43: =_xlfn.XLOOKUP($C43,[21]PSP!$C:$C,[21]PSP!EB:EB) -> 0 | EC43: =_xlfn.XLOOKUP($C43,[21]PSP!$C:$C,[21]PSP!EC:EC) -> 123.75 | ED43: =TRUNC(EC43*EB43,2) -> 0 | EF43: =_xlfn.XLOOKUP($C43,[21]PSP!$C:$C,[21]PSP!EF:EF) -> 0 | EG43: =_xlfn.XLOOKUP($C43,[21]PSP!$C:$C,[21]PSP!EG:EG) -> 123.75 | EH43: =TRUNC(EG43*EF43,2) -> 0 | EJ43: =_xlfn.XLOOKUP($C43,[21]PSP!$C:$C,[21]PSP!EJ:EJ) -> 0 | EK43: =_xlfn.XLOOKUP($C43,[21]PSP!$C:$C,[21]PSP!EK:EK) -> 123.75 | EL43: =TRUNC(EK43*EJ43,2) -> 0 | EO43: =EL43+EH43+ED43+DZ43+DV43+DR43+DN43+DJ43+DF43+DB43+CX43+CT43+CP43+CL43+CH43+CD43+BZ43+BV43+BR43+BN43+BJ43+BF43+BB43+AX43+AT43+AP43+AL43+AH43+AD43+Z43+V43+R43+N43 -> 4262.39 | EP43: =I43 -> 4262.39 | EQ43: =EP43=EO43 -> TRUE | ES43: =IF(LEFT(D43,6)="COT.IS",1,1+$J$7) -> 1.1767
C44: 5.1.6 | D44: =_xlfn.XLOOKUP($C44,[21]PSP!$C:$C,[21]PSP!D:D) -> 4915795 | E44: =_xlfn.XLOOKUP($C44,[21]PSP!$C:$C,[21]PSP!E:E) -> SICRO SERVIÇO | F44: =_xlfn.XLOOKUP($C44,[21]PSP!$C:$C,[21]PSP!F:F) -> REMOÇÃO DE EMBORRACHADOS DE PNEUS EM RODOVIA | G44: =_xlfn.XLOOKUP($C44,[21]PSP!$C:$C,[21]PSP!G:G) -> T | H44: =_xlfn.XLOOKUP($C44,[21]PSP!$C:$C,[21]PSP!H:H) -> 172.224 | I44: =_xlfn.XLOOKUP($C44,[21]PSP!$C:$C,[21]PSP!I:I) -> 34775.29 | J44: =IF(LEFT(D44,6)="COT.IS",I44,I44*(1+$J$7)) -> 40920.084 | L44: =_xlfn.XLOOKUP($C44,[21]PSP!$C:$C,[21]PSP!L:L) -> 3.796 | M44: =_xlfn.XLOOKUP($C44,[21]PSP!$C:$C,[21]PSP!M:M) -> 201.92 | N44: =TRUNC(M44*L44,2) -> 766.48 | P44: =_xlfn.XLOOKUP($C44,[21]PSP!$C:$C,[21]PSP!P:P) -> 0.668 | Q44: =_xlfn.XLOOKUP($C44,[21]PSP!$C:$C,[21]PSP!Q:Q) -> 201.92 | R44: =TRUNC(Q44*P44,2) -> 134.88 | T44: =_xlfn.XLOOKUP($C44,[21]PSP!$C:$C,[21]PSP!T:T) -> 0.872 | U44: =_xlfn.XLOOKUP($C44,[21]PSP!$C:$C,[21]PSP!U:U) -> 201.92 | V44: =TRUNC(U44*T44,2) -> 176.07 | X44: =_xlfn.XLOOKUP($C44,[21]PSP!$C:$C,[21]PSP!X:X) -> 7.884 | Y44: =_xlfn.XLOOKUP($C44,[21]PSP!$C:$C,[21]PSP!Y:Y) -> 201.92 | Z44: =TRUNC(Y44*X44,2) -> 1591.93 | AB44: =_xlfn.XLOOKUP($C44,[21]PSP!$C:$C,[21]PSP!AB:AB) -> 4.42 | AC44: =_xlfn.XLOOKUP($C44,[21]PSP!$C:$C,[21]PSP!AC:AC) -> 201.92 | AD44: =TRUNC(AC44*AB44,2) -> 892.48 | AF44: =_xlfn.XLOOKUP($C44,[21]PSP!$C:$C,[21]PSP!AF:AF) -> 4.972 | AG44: =_xlfn.XLOOKUP($C44,[21]PSP!$C:$C,[21]PSP!AG:AG) -> 201.92 | AH44: =TRUNC(AG44*AF44,2) -> 1003.94 | AJ44: =_xlfn.XLOOKUP($C44,[21]PSP!$C:$C,[21]PSP!AJ:AJ) -> 3.06 | AK44: =_xlfn.XLOOKUP($C44,[21]PSP!$C:$C,[21]PSP!AK:AK) -> 201.92 | AL44: =TRUNC(AK44*AJ44,2) -> 617.87 | AN44: =_xlfn.XLOOKUP($C44,[21]PSP!$C:$C,[21]PSP!AN:AN) -> 8.676 | AO44: =_xlfn.XLOOKUP($C44,[21]PSP!$C:$C,[21]PSP!AO:AO) -> 201.92 | AP44: =TRUNC(AO44*AN44,2) -> 1751.85 | AR44: =_xlfn.XLOOKUP($C44,[21]PSP!$C:$C,[21]PSP!AR:AR) -> 2.1 | AS44: =_xlfn.XLOOKUP($C44,[21]PSP!$C:$C,[21]PSP!AS:AS) -> 201.92 | AT44: =TRUNC(AS44*AR44,2) -> 424.03 | AV44: =_xlfn.XLOOKUP($C44,[21]PSP!$C:$C,[21]PSP!AV:AV) -> 5.728 | AW44: =_xlfn.XLOOKUP($C44,[21]PSP!$C:$C,[21]PSP!AW:AW) -> 201.92 | AX44: =TRUNC(AW44*AV44,2) -> 1156.59 | AZ44: =_xlfn.XLOOKUP($C44,[21]PSP!$C:$C,[21]PSP!AZ:AZ) -> 1.132 | BA44: =_xlfn.XLOOKUP($C44,[21]PSP!$C:$C,[21]PSP!BA:BA) -> 201.92 | BB44: =TRUNC(BA44*AZ44,2) -> 228.57 | BD44: =_xlfn.XLOOKUP($C44,[21]PSP!$C:$C,[21]PSP!BD:BD) -> 10.596 | BE44: =_xlfn.XLOOKUP($C44,[21]PSP!$C:$C,[21]PSP!BE:BE) -> 201.92 | BF44: =TRUNC(BE44*BD44,2) -> 2139.54 | BH44: =_xlfn.XLOOKUP($C44,[21]PSP!$C:$C,[21]PSP!BH:BH) -> 10.096 | BI44: =_xlfn.XLOOKUP($C44,[21]PSP!$C:$C,[21]PSP!BI:BI) -> 201.92 | BJ44: =TRUNC(BI44*BH44,2) -> 2038.58 | BL44: =_xlfn.XLOOKUP($C44,[21]PSP!$C:$C,[21]PSP!BL:BL) -> 12.94 | BM44: =_xlfn.XLOOKUP($C44,[21]PSP!$C:$C,[21]PSP!BM:BM) -> 201.92 | BN44: =TRUNC(BM44*BL44,2) -> 2612.84 | BP44: =_xlfn.XLOOKUP($C44,[21]PSP!$C:$C,[21]PSP!BP:BP) -> 2.432 | BQ44: =_xlfn.XLOOKUP($C44,[21]PSP!$C:$C,[21]PSP!BQ:BQ) -> 201.92 | BR44: =TRUNC(BQ44*BP44,2) -> 491.06 | BT44: =_xlfn.XLOOKUP($C44,[21]PSP!$C:$C,[21]PSP!BT:BT) -> 6.984 | BU44: =_xlfn.XLOOKUP($C44,[21]PSP!$C:$C,[21]PSP!BU:BU) -> 201.92 | BV44: =TRUNC(BU44*BT44,2) -> 1410.2 | BX44: =_xlfn.XLOOKUP($C44,[21]PSP!$C:$C,[21]PSP!BX:BX) -> 5.752 | BY44: =_xlfn.XLOOKUP($C44,[21]PSP!$C:$C,[21]PSP!BY:BY) -> 201.92 | BZ44: =TRUNC(BY44*BX44,2) -> 1161.44 | CB44: =_xlfn.XLOOKUP($C44,[21]PSP!$C:$C,[21]PSP!CB:CB) -> 6.38 | CC44: =_xlfn.XLOOKUP($C44,[21]PSP!$C:$C,[21]PSP!CC:CC) -> 201.92 | CD44: =TRUNC(CC44*CB44,2) -> 1288.24 | CF44: =_xlfn.XLOOKUP($C44,[21]PSP!$C:$C,[21]PSP!CF:CF) -> 11.296 | CG44: =_xlfn.XLOOKUP($C44,[21]PSP!$C:$C,[21]PSP!CG:CG) -> 201.92 | CH44: =TRUNC(CG44*CF44,2) -> 2280.88 | CJ44: =_xlfn.XLOOKUP($C44,[21]PSP!$C:$C,[21]PSP!CJ:CJ) -> 5.728 | CK44: =_xlfn.XLOOKUP($C44,[21]PSP!$C:$C,[21]PSP!CK:CK) -> 201.92 | CL44: =TRUNC(CK44*CJ44,2) -> 1156.59 | CN44: =_xlfn.XLOOKUP($C44,[21]PSP!$C:$C,[21]PSP!CN:CN) -> 10.132 | CO44: =_xlfn.XLOOKUP($C44,[21]PSP!$C:$C,[21]PSP!CO:CO) -> 201.92 | CP44: =TRUNC(CO44*CN44,2) -> 2045.85 | CR44: =_xlfn.XLOOKUP($C44,[21]PSP!$C:$C,[21]PSP!CR:CR) -> 11.004 | CS44: =_xlfn.XLOOKUP($C44,[21]PSP!$C:$C,[21]PSP!CS:CS) -> 201.92 | CT44: =TRUNC(CS44*CR44,2) -> 2221.92 | CV44: =_xlfn.XLOOKUP($C44,[21]PSP!$C:$C,[21]PSP!CV:CV) -> 10.216 | CW44: =_xlfn.XLOOKUP($C44,[21]PSP!$C:$C,[21]PSP!CW:CW) -> 201.92 | CX44: =TRUNC(CW44*CV44,2) -> 2062.81 | CZ44: =_xlfn.XLOOKUP($C44,[21]PSP!$C:$C,[21]PSP!CZ:CZ) -> 9.14 | DA44: =_xlfn.XLOOKUP($C44,[21]PSP!$C:$C,[21]PSP!DA:DA) -> 201.92 | DB44: =TRUNC(DA44*CZ44,2) -> 1845.54 | DD44: =_xlfn.XLOOKUP($C44,[21]PSP!$C:$C,[21]PSP!DD:DD) -> 6.052 | DE44: =_xlfn.XLOOKUP($C44,[21]PSP!$C:$C,[21]PSP!DE:DE) -> 201.92 | DF44: =TRUNC(DE44*DD44,2) -> 1222.01 | DH44: =_xlfn.XLOOKUP($C44,[21]PSP!$C:$C,[21]PSP!DH:DH) -> 1.064 | DI44: =_xlfn.XLOOKUP($C44,[21]PSP!$C:$C,[21]PSP!DI:DI) -> 201.92 | DJ44: =TRUNC(DI44*DH44,2) -> 214.84 | DL44: =_xlfn.XLOOKUP($C44,[21]PSP!$C:$C,[21]PSP!DL:DL) -> 0.612 | DM44: =_xlfn.XLOOKUP($C44,[21]PSP!$C:$C,[21]PSP!DM:DM) -> 201.92 | DN44: =TRUNC(DM44*DL44,2) -> 123.57 | DP44: =_xlfn.XLOOKUP($C44,[21]PSP!$C:$C,[21]PSP!DP:DP) -> 3.3 | DQ44: =_xlfn.XLOOKUP($C44,[21]PSP!$C:$C,[21]PSP!DQ:DQ) -> 201.92 | DR44: =TRUNC(DQ44*DP44,2) -> 666.33 | DT44: =_xlfn.XLOOKUP($C44,[21]PSP!$C:$C,[21]PSP!DT:DT) -> 3.256 | DU44: =_xlfn.XLOOKUP($C44,[21]PSP!$C:$C,[21]PSP!DU:DU) -> 201.92 | DV44: =TRUNC(DU44*DT44,2) -> 657.45 | DX44: =_xlfn.XLOOKUP($C44,[21]PSP!$C:$C,[21]PSP!DX:DX) -> 1.936 | DY44: =_xlfn.XLOOKUP($C44,[21]PSP!$C:$C,[21]PSP!DY:DY) -> 201.92 | DZ44: =TRUNC(DY44*DX44,2) -> 390.91 | EB44: =_xlfn.XLOOKUP($C44,[21]PSP!$C:$C,[21]PSP!EB:EB) -> 0 | EC44: =_xlfn.XLOOKUP($C44,[21]PSP!$C:$C,[21]PSP!EC:EC) -> 201.92 | ED44: =TRUNC(EC44*EB44,2) -> 0 | EF44: =_xlfn.XLOOKUP($C44,[21]PSP!$C:$C,[21]PSP!EF:EF) -> 0 | EG44: =_xlfn.XLOOKUP($C44,[21]PSP!$C:$C,[21]PSP!EG:EG) -> 201.92 | EH44: =TRUNC(EG44*EF44,2) -> 0 | EJ44: =_xlfn.XLOOKUP($C44,[21]PSP!$C:$C,[21]PSP!EJ:EJ) -> 0 | EK44: =_xlfn.XLOOKUP($C44,[21]PSP!$C:$C,[21]PSP!EK:EK) -> 201.92 | EL44: =TRUNC(EK44*EJ44,2) -> 0 | EO44: =EL44+EH44+ED44+DZ44+DV44+DR44+DN44+DJ44+DF44+DB44+CX44+CT44+CP44+CL44+CH44+CD44+BZ44+BV44+BR44+BN44+BJ44+BF44+BB44+AX44+AT44+AP44+AL44+AH44+AD44+Z44+V44+R44+N44 -> 34775.29 | EP44: =I44 -> 34775.29 | EQ44: =EP44=EO44 -> TRUE | ES44: =IF(LEFT(D44,6)="COT.IS",1,1+$J$7) -> 1.1767
C45: 5.1.7 | D45: =_xlfn.XLOOKUP($C45,[21]PSP!$C:$C,[21]PSP!D:D) -> 4915794 | E45: =_xlfn.XLOOKUP($C45,[21]PSP!$C:$C,[21]PSP!E:E) -> SICRO SERVIÇO | F45: =_xlfn.XLOOKUP($C45,[21]PSP!$C:$C,[21]PSP!F:F) -> REMOÇÃO DE SUCATAS DERRAMADAS EM RODOVIA | G45: =_xlfn.XLOOKUP($C45,[21]PSP!$C:$C,[21]PSP!G:G) -> T | H45: =_xlfn.XLOOKUP($C45,[21]PSP!$C:$C,[21]PSP!H:H) -> 68.8896 | I45: =_xlfn.XLOOKUP($C45,[21]PSP!$C:$C,[21]PSP!I:I) -> 27383.49 | J45: =IF(LEFT(D45,6)="COT.IS",I45,I45*(1+$J$7)) -> 32222.153 | L45: =_xlfn.XLOOKUP($C45,[21]PSP!$C:$C,[21]PSP!L:L) -> 1.5184 | M45: =_xlfn.XLOOKUP($C45,[21]PSP!$C:$C,[21]PSP!M:M) -> 397.5 | N45: =TRUNC(M45*L45,2) -> 603.56 | P45: =_xlfn.XLOOKUP($C45,[21]PSP!$C:$C,[21]PSP!P:P) -> 0.2672 | Q45: =_xlfn.XLOOKUP($C45,[21]PSP!$C:$C,[21]PSP!Q:Q) -> 397.5 | R45: =TRUNC(Q45*P45,2) -> 106.21 | T45: =_xlfn.XLOOKUP($C45,[21]PSP!$C:$C,[21]PSP!T:T) -> 0.3488 | U45: =_xlfn.XLOOKUP($C45,[21]PSP!$C:$C,[21]PSP!U:U) -> 397.5 | V45: =TRUNC(U45*T45,2) -> 138.64 | X45: =_xlfn.XLOOKUP($C45,[21]PSP!$C:$C,[21]PSP!X:X) -> 3.1536 | Y45: =_xlfn.XLOOKUP($C45,[21]PSP!$C:$C,[21]PSP!Y:Y) -> 397.5 | Z45: =TRUNC(Y45*X45,2) -> 1253.55 | AB45: =_xlfn.XLOOKUP($C45,[21]PSP!$C:$C,[21]PSP!AB:AB) -> 1.768 | AC45: =_xlfn.XLOOKUP($C45,[21]PSP!$C:$C,[21]PSP!AC:AC) -> 397.5 | AD45: =TRUNC(AC45*AB45,2) -> 702.78 | AF45: =_xlfn.XLOOKUP($C45,[21]PSP!$C:$C,[21]PSP!AF:AF) -> 1.9888 | AG45: =_xlfn.XLOOKUP($C45,[21]PSP!$C:$C,[21]PSP!AG:AG) -> 397.5 | AH45: =TRUNC(AG45*AF45,2) -> 790.54 | AJ45: =_xlfn.XLOOKUP($C45,[21]PSP!$C:$C,[21]PSP!AJ:AJ) -> 1.224 | AK45: =_xlfn.XLOOKUP($C45,[21]PSP!$C:$C,[21]PSP!AK:AK) -> 397.5 | AL45: =TRUNC(AK45*AJ45,2) -> 486.54 | AN45: =_xlfn.XLOOKUP($C45,[21]PSP!$C:$C,[21]PSP!AN:AN) -> 3.4704 | AO45: =_xlfn.XLOOKUP($C45,[21]PSP!$C:$C,[21]PSP!AO:AO) -> 397.5 | AP45: =TRUNC(AO45*AN45,2) -> 1379.48 | AR45: =_xlfn.XLOOKUP($C45,[21]PSP!$C:$C,[21]PSP!AR:AR) -> 0.84 | AS45: =_xlfn.XLOOKUP($C45,[21]PSP!$C:$C,[21]PSP!AS:AS) -> 397.5 | AT45: =TRUNC(AS45*AR45,2) -> 333.9 | AV45: =_xlfn.XLOOKUP($C45,[21]PSP!$C:$C,[21]PSP!AV:AV) -> 2.2912 | AW45: =_xlfn.XLOOKUP($C45,[21]PSP!$C:$C,[21]PSP!AW:AW) -> 397.5 | AX45: =TRUNC(AW45*AV45,2) -> 910.75 | AZ45: =_xlfn.XLOOKUP($C45,[21]PSP!$C:$C,[21]PSP!AZ:AZ) -> 0.4528 | BA45: =_xlfn.XLOOKUP($C45,[21]PSP!$C:$C,[21]PSP!BA:BA) -> 397.5 | BB45: =TRUNC(BA45*AZ45,2) -> 179.98 | BD45: =_xlfn.XLOOKUP($C45,[21]PSP!$C:$C,[21]PSP!BD:BD) -> 4.2384 | BE45: =_xlfn.XLOOKUP($C45,[21]PSP!$C:$C,[21]PSP!BE:BE) -> 397.5 | BF45: =TRUNC(BE45*BD45,2) -> 1684.76 | BH45: =_xlfn.XLOOKUP($C45,[21]PSP!$C:$C,[21]PSP!BH:BH) -> 4.0384 | BI45: =_xlfn.XLOOKUP($C45,[21]PSP!$C:$C,[21]PSP!BI:BI) -> 397.5 | BJ45: =TRUNC(BI45*BH45,2) -> 1605.26 | BL45: =_xlfn.XLOOKUP($C45,[21]PSP!$C:$C,[21]PSP!BL:BL) -> 5.176 | BM45: =_xlfn.XLOOKUP($C45,[21]PSP!$C:$C,[21]PSP!BM:BM) -> 397.5 | BN45: =TRUNC(BM45*BL45,2) -> 2057.46 | BP45: =_xlfn.XLOOKUP($C45,[21]PSP!$C:$C,[21]PSP!BP:BP) -> 0.9728 | BQ45: =_xlfn.XLOOKUP($C45,[21]PSP!$C:$C,[21]PSP!BQ:BQ) -> 397.5 | BR45: =TRUNC(BQ45*BP45,2) -> 386.68 | BT45: =_xlfn.XLOOKUP($C45,[21]PSP!$C:$C,[21]PSP!BT:BT) -> 2.7936 | BU45: =_xlfn.XLOOKUP($C45,[21]PSP!$C:$C,[21]PSP!BU:BU) -> 397.5 | BV45: =TRUNC(BU45*BT45,2) -> 1110.45 | BX45: =_xlfn.XLOOKUP($C45,[21]PSP!$C:$C,[21]PSP!BX:BX) -> 2.3008 | BY45: =_xlfn.XLOOKUP($C45,[21]PSP!$C:$C,[21]PSP!BY:BY) -> 397.5 | BZ45: =TRUNC(BY45*BX45,2) -> 914.56 | CB45: =_xlfn.XLOOKUP($C45,[21]PSP!$C:$C,[21]PSP!CB:CB) -> 2.552 | CC45: =_xlfn.XLOOKUP($C45,[21]PSP!$C:$C,[21]PSP!CC:CC) -> 397.5 | CD45: =TRUNC(CC45*CB45,2) -> 1014.42 | CF45: =_xlfn.XLOOKUP($C45,[21]PSP!$C:$C,[21]PSP!CF:CF) -> 4.5184 | CG45: =_xlfn.XLOOKUP($C45,[21]PSP!$C:$C,[21]PSP!CG:CG) -> 397.5 | CH45: =TRUNC(CG45*CF45,2) -> 1796.06 | CJ45: =_xlfn.XLOOKUP($C45,[21]PSP!$C:$C,[21]PSP!CJ:CJ) -> 2.2912 | CK45: =_xlfn.XLOOKUP($C45,[21]PSP!$C:$C,[21]PSP!CK:CK) -> 397.5 | CL45: =TRUNC(CK45*CJ45,2) -> 910.75 | CN45: =_xlfn.XLOOKUP($C45,[21]PSP!$C:$C,[21]PSP!CN:CN) -> 4.0528 | CO45: =_xlfn.XLOOKUP($C45,[21]PSP!$C:$C,[21]PSP!CO:CO) -> 397.5 | CP45: =TRUNC(CO45*CN45,2) -> 1610.98 | CR45: =_xlfn.XLOOKUP($C45,[21]PSP!$C:$C,[21]PSP!CR:CR) -> 4.4016 | CS45: =_xlfn.XLOOKUP($C45,[21]PSP!$C:$C,[21]PSP!CS:CS) -> 397.5 | CT45: =TRUNC(CS45*CR45,2) -> 1749.63 | CV45: =_xlfn.XLOOKUP($C45,[21]PSP!$C:$C,[21]PSP!CV:CV) -> 4.0864 | CW45: =_xlfn.XLOOKUP($C45,[21]PSP!$C:$C,[21]PSP!CW:CW) -> 397.5 | CX45: =TRUNC(CW45*CV45,2) -> 1624.34 | CZ45: =_xlfn.XLOOKUP($C45,[21]PSP!$C:$C,[21]PSP!CZ:CZ) -> 3.656 | DA45: =_xlfn.XLOOKUP($C45,[21]PSP!$C:$C,[21]PSP!DA:DA) -> 397.5 | DB45: =TRUNC(DA45*CZ45,2) -> 1453.26 | DD45: =_xlfn.XLOOKUP($C45,[21]PSP!$C:$C,[21]PSP!DD:DD) -> 2.4208 | DE45: =_xlfn.XLOOKUP($C45,[21]PSP!$C:$C,[21]PSP!DE:DE) -> 397.5 | DF45: =TRUNC(DE45*DD45,2) -> 962.26 | DH45: =_xlfn.XLOOKUP($C45,[21]PSP!$C:$C,[21]PSP!DH:DH) -> 0.4256 | DI45: =_xlfn.XLOOKUP($C45,[21]PSP!$C:$C,[21]PSP!DI:DI) -> 397.5 | DJ45: =TRUNC(DI45*DH45,2) -> 169.17 | DL45: =_xlfn.XLOOKUP($C45,[21]PSP!$C:$C,[21]PSP!DL:DL) -> 0.2448 | DM45: =_xlfn.XLOOKUP($C45,[21]PSP!$C:$C,[21]PSP!DM:DM) -> 397.5 | DN45: =TRUNC(DM45*DL45,2) -> 97.3 | DP45: =_xlfn.XLOOKUP($C45,[21]PSP!$C:$C,[21]PSP!DP:DP) -> 1.32 | DQ45: =_xlfn.XLOOKUP($C45,[21]PSP!$C:$C,[21]PSP!DQ:DQ) -> 397.5 | DR45: =TRUNC(DQ45*DP45,2) -> 524.7 | DT45: =_xlfn.XLOOKUP($C45,[21]PSP!$C:$C,[21]PSP!DT:DT) -> 1.3024 | DU45: =_xlfn.XLOOKUP($C45,[21]PSP!$C:$C,[21]PSP!DU:DU) -> 397.5 | DV45: =TRUNC(DU45*DT45,2) -> 517.7 | DX45: =_xlfn.XLOOKUP($C45,[21]PSP!$C:$C,[21]PSP!DX:DX) -> 0.7744 | DY45: =_xlfn.XLOOKUP($C45,[21]PSP!$C:$C,[21]PSP!DY:DY) -> 397.5 | DZ45: =TRUNC(DY45*DX45,2) -> 307.82 | EB45: =_xlfn.XLOOKUP($C45,[21]PSP!$C:$C,[21]PSP!EB:EB) -> 0 | EC45: =_xlfn.XLOOKUP($C45,[21]PSP!$C:$C,[21]PSP!EC:EC) -> 397.5 | ED45: =TRUNC(EC45*EB45,2) -> 0 | EF45: =_xlfn.XLOOKUP($C45,[21]PSP!$C:$C,[21]PSP!EF:EF) -> 0 | EG45: =_xlfn.XLOOKUP($C45,[21]PSP!$C:$C,[21]PSP!EG:EG) -> 397.5 | EH45: =TRUNC(EG45*EF45,2) -> 0 | EJ45: =_xlfn.XLOOKUP($C45,[21]PSP!$C:$C,[21]PSP!EJ:EJ) -> 0 | EK45: =_xlfn.XLOOKUP($C45,[21]PSP!$C:$C,[21]PSP!EK:EK) -> 397.5 | EL45: =TRUNC(EK45*EJ45,2) -> 0 | EO45: =EL45+EH45+ED45+DZ45+DV45+DR45+DN45+DJ45+DF45+DB45+CX45+CT45+CP45+CL45+CH45+CD45+BZ45+BV45+BR45+BN45+BJ45+BF45+BB45+AX45+AT45+AP45+AL45+AH45+AD45+Z45+V45+R45+N45 -> 27383.49 | EP45: =I45 -> 27383.49 | EQ45: =EP45=EO45 -> TRUE | ES45: =IF(LEFT(D45,6)="COT.IS",1,1+$J$7) -> 1.1767
C46: 5.1.8 | D46: =_xlfn.XLOOKUP($C46,[21]PSP!$C:$C,[21]PSP!D:D) -> 4915699 | E46: =_xlfn.XLOOKUP($C46,[21]PSP!$C:$C,[21]PSP!E:E) -> SICRO SERVIÇO | F46: =_xlfn.XLOOKUP($C46,[21]PSP!$C:$C,[21]PSP!F:F) -> REMOÇÃO DE VIDROS, CAIXAS E ENGRADADOS DERRAMADOS NA PISTA EM RODOVIA | G46: =_xlfn.XLOOKUP($C46,[21]PSP!$C:$C,[21]PSP!G:G) -> T | H46: =_xlfn.XLOOKUP($C46,[21]PSP!$C:$C,[21]PSP!H:H) -> 68.8896 | I46: =_xlfn.XLOOKUP($C46,[21]PSP!$C:$C,[21]PSP!I:I) -> 2064.48 | J46: =IF(LEFT(D46,6)="COT.IS",I46,I46*(1+$J$7)) -> 2429.2736 | L46: =_xlfn.XLOOKUP($C46,[21]PSP!$C:$C,[21]PSP!L:L) -> 1.5184 | M46: =_xlfn.XLOOKUP($C46,[21]PSP!$C:$C,[21]PSP!M:M) -> 29.97 | N46: =TRUNC(M46*L46,2) -> 45.5 | P46: =_xlfn.XLOOKUP($C46,[21]PSP!$C:$C,[21]PSP!P:P) -> 0.2672 | Q46: =_xlfn.XLOOKUP($C46,[21]PSP!$C:$C,[21]PSP!Q:Q) -> 29.97 | R46: =TRUNC(Q46*P46,2) -> 8 | T46: =_xlfn.XLOOKUP($C46,[21]PSP!$C:$C,[21]PSP!T:T) -> 0.3488 | U46: =_xlfn.XLOOKUP($C46,[21]PSP!$C:$C,[21]PSP!U:U) -> 29.97 | V46: =TRUNC(U46*T46,2) -> 10.45 | X46: =_xlfn.XLOOKUP($C46,[21]PSP!$C:$C,[21]PSP!X:X) -> 3.1536 | Y46: =_xlfn.XLOOKUP($C46,[21]PSP!$C:$C,[21]PSP!Y:Y) -> 29.97 | Z46: =TRUNC(Y46*X46,2) -> 94.51 | AB46: =_xlfn.XLOOKUP($C46,[21]PSP!$C:$C,[21]PSP!AB:AB) -> 1.768 | AC46: =_xlfn.XLOOKUP($C46,[21]PSP!$C:$C,[21]PSP!AC:AC) -> 29.97 | AD46: =TRUNC(AC46*AB46,2) -> 52.98 | AF46: =_xlfn.XLOOKUP($C46,[21]PSP!$C:$C,[21]PSP!AF:AF) -> 1.9888 | AG46: =_xlfn.XLOOKUP($C46,[21]PSP!$C:$C,[21]PSP!AG:AG) -> 29.97 | AH46: =TRUNC(AG46*AF46,2) -> 59.6 | AJ46: =_xlfn.XLOOKUP($C46,[21]PSP!$C:$C,[21]PSP!AJ:AJ) -> 1.224 | AK46: =_xlfn.XLOOKUP($C46,[21]PSP!$C:$C,[21]PSP!AK:AK) -> 29.97 | AL46: =TRUNC(AK46*AJ46,2) -> 36.68 | AN46: =_xlfn.XLOOKUP($C46,[21]PSP!$C:$C,[21]PSP!AN:AN) -> 3.4704 | AO46: =_xlfn.XLOOKUP($C46,[21]PSP!$C:$C,[21]PSP!AO:AO) -> 29.97 | AP46: =TRUNC(AO46*AN46,2) -> 104 | AR46: =_xlfn.XLOOKUP($C46,[21]PSP!$C:$C,[21]PSP!AR:AR) -> 0.84 | AS46: =_xlfn.XLOOKUP($C46,[21]PSP!$C:$C,[21]PSP!AS:AS) -> 29.97 | AT46: =TRUNC(AS46*AR46,2) -> 25.17 | AV46: =_xlfn.XLOOKUP($C46,[21]PSP!$C:$C,[21]PSP!AV:AV) -> 2.2912 | AW46: =_xlfn.XLOOKUP($C46,[21]PSP!$C:$C,[21]PSP!AW:AW) -> 29.97 | AX46: =TRUNC(AW46*AV46,2) -> 68.66 | AZ46: =_xlfn.XLOOKUP($C46,[21]PSP!$C:$C,[21]PSP!AZ:AZ) -> 0.4528 | BA46: =_xlfn.XLOOKUP($C46,[21]PSP!$C:$C,[21]PSP!BA:BA) -> 29.97 | BB46: =TRUNC(BA46*AZ46,2) -> 13.57 | BD46: =_xlfn.XLOOKUP($C46,[21]PSP!$C:$C,[21]PSP!BD:BD) -> 4.2384 | BE46: =_xlfn.XLOOKUP($C46,[21]PSP!$C:$C,[21]PSP!BE:BE) -> 29.97 | BF46: =TRUNC(BE46*BD46,2) -> 127.02 | BH46: =_xlfn.XLOOKUP($C46,[21]PSP!$C:$C,[21]PSP!BH:BH) -> 4.0384 | BI46: =_xlfn.XLOOKUP($C46,[21]PSP!$C:$C,[21]PSP!BI:BI) -> 29.97 | BJ46: =TRUNC(BI46*BH46,2) -> 121.03 | BL46: =_xlfn.XLOOKUP($C46,[21]PSP!$C:$C,[21]PSP!BL:BL) -> 5.176 | BM46: =_xlfn.XLOOKUP($C46,[21]PSP!$C:$C,[21]PSP!BM:BM) -> 29.97 | BN46: =TRUNC(BM46*BL46,2) -> 155.12 | BP46: =_xlfn.XLOOKUP($C46,[21]PSP!$C:$C,[21]PSP!BP:BP) -> 0.9728 | BQ46: =_xlfn.XLOOKUP($C46,[21]PSP!$C:$C,[21]PSP!BQ:BQ) -> 29.97 | BR46: =TRUNC(BQ46*BP46,2) -> 29.15 | BT46: =_xlfn.XLOOKUP($C46,[21]PSP!$C:$C,[21]PSP!BT:BT) -> 2.7936 | BU46: =_xlfn.XLOOKUP($C46,[21]PSP!$C:$C,[21]PSP!BU:BU) -> 29.97 | BV46: =TRUNC(BU46*BT46,2) -> 83.72 | BX46: =_xlfn.XLOOKUP($C46,[21]PSP!$C:$C,[21]PSP!BX:BX) -> 2.3008 | BY46: =_xlfn.XLOOKUP($C46,[21]PSP!$C:$C,[21]PSP!BY:BY) -> 29.97 | BZ46: =TRUNC(BY46*BX46,2) -> 68.95 | CB46: =_xlfn.XLOOKUP($C46,[21]PSP!$C:$C,[21]PSP!CB:CB) -> 2.552 | CC46: =_xlfn.XLOOKUP($C46,[21]PSP!$C:$C,[21]PSP!CC:CC) -> 29.97 | CD46: =TRUNC(CC46*CB46,2) -> 76.48 | CF46: =_xlfn.XLOOKUP($C46,[21]PSP!$C:$C,[21]PSP!CF:CF) -> 4.5184 | CG46: =_xlfn.XLOOKUP($C46,[21]PSP!$C:$C,[21]PSP!CG:CG) -> 29.97 | CH46: =TRUNC(CG46*CF46,2) -> 135.41 | CJ46: =_xlfn.XLOOKUP($C46,[21]PSP!$C:$C,[21]PSP!CJ:CJ) -> 2.2912 | CK46: =_xlfn.XLOOKUP($C46,[21]PSP!$C:$C,[21]PSP!CK:CK) -> 29.97 | CL46: =TRUNC(CK46*CJ46,2) -> 68.66 | CN46: =_xlfn.XLOOKUP($C46,[21]PSP!$C:$C,[21]PSP!CN:CN) -> 4.0528 | CO46: =_xlfn.XLOOKUP($C46,[21]PSP!$C:$C,[21]PSP!CO:CO) -> 29.97 | CP46: =TRUNC(CO46*CN46,2) -> 121.46 | CR46: =_xlfn.XLOOKUP($C46,[21]PSP!$C:$C,[21]PSP!CR:CR) -> 4.4016 | CS46: =_xlfn.XLOOKUP($C46,[21]PSP!$C:$C,[21]PSP!CS:CS) -> 29.97 | CT46: =TRUNC(CS46*CR46,2) -> 131.91 | CV46: =_xlfn.XLOOKUP($C46,[21]PSP!$C:$C,[21]PSP!CV:CV) -> 4.0864 | CW46: =_xlfn.XLOOKUP($C46,[21]PSP!$C:$C,[21]PSP!CW:CW) -> 29.97 | CX46: =TRUNC(CW46*CV46,2) -> 122.46 | CZ46: =_xlfn.XLOOKUP($C46,[21]PSP!$C:$C,[21]PSP!CZ:CZ) -> 3.656 | DA46: =_xlfn.XLOOKUP($C46,[21]PSP!$C:$C,[21]PSP!DA:DA) -> 29.97 | DB46: =TRUNC(DA46*CZ46,2) -> 109.57 | DD46: =_xlfn.XLOOKUP($C46,[21]PSP!$C:$C,[21]PSP!DD:DD) -> 2.4208 | DE46: =_xlfn.XLOOKUP($C46,[21]PSP!$C:$C,[21]PSP!DE:DE) -> 29.97 | DF46: =TRUNC(DE46*DD46,2) -> 72.55 | DH46: =_xlfn.XLOOKUP($C46,[21]PSP!$C:$C,[21]PSP!DH:DH) -> 0.4256 | DI46: =_xlfn.XLOOKUP($C46,[21]PSP!$C:$C,[21]PSP!DI:DI) -> 29.97 | DJ46: =TRUNC(DI46*DH46,2) -> 12.75 | DL46: =_xlfn.XLOOKUP($C46,[21]PSP!$C:$C,[21]PSP!DL:DL) -> 0.2448 | DM46: =_xlfn.XLOOKUP($C46,[21]PSP!$C:$C,[21]PSP!DM:DM) -> 29.97 | DN46: =TRUNC(DM46*DL46,2) -> 7.33 | DP46: =_xlfn.XLOOKUP($C46,[21]PSP!$C:$C,[21]PSP!DP:DP) -> 1.32 | DQ46: =_xlfn.XLOOKUP($C46,[21]PSP!$C:$C,[21]PSP!DQ:DQ) -> 29.97 | DR46: =TRUNC(DQ46*DP46,2) -> 39.56 | DT46: =_xlfn.XLOOKUP($C46,[21]PSP!$C:$C,[21]PSP!DT:DT) -> 1.3024 | DU46: =_xlfn.XLOOKUP($C46,[21]PSP!$C:$C,[21]PSP!DU:DU) -> 29.97 | DV46: =TRUNC(DU46*DT46,2) -> 39.03 | DX46: =_xlfn.XLOOKUP($C46,[21]PSP!$C:$C,[21]PSP!DX:DX) -> 0.7744 | DY46: =_xlfn.XLOOKUP($C46,[21]PSP!$C:$C,[21]PSP!DY:DY) -> 29.97 | DZ46: =TRUNC(DY46*DX46,2) -> 23.2 | EB46: =_xlfn.XLOOKUP($C46,[21]PSP!$C:$C,[21]PSP!EB:EB) -> 0 | EC46: =_xlfn.XLOOKUP($C46,[21]PSP!$C:$C,[21]PSP!EC:EC) -> 29.97 | ED46: =TRUNC(EC46*EB46,2) -> 0 | EF46: =_xlfn.XLOOKUP($C46,[21]PSP!$C:$C,[21]PSP!EF:EF) -> 0 | EG46: =_xlfn.XLOOKUP($C46,[21]PSP!$C:$C,[21]PSP!EG:EG) -> 29.97 | EH46: =TRUNC(EG46*EF46,2) -> 0 | EJ46: =_xlfn.XLOOKUP($C46,[21]PSP!$C:$C,[21]PSP!EJ:EJ) -> 0 | EK46: =_xlfn.XLOOKUP($C46,[21]PSP!$C:$C,[21]PSP!EK:EK) -> 29.97 | EL46: =TRUNC(EK46*EJ46,2) -> 0 | EO46: =EL46+EH46+ED46+DZ46+DV46+DR46+DN46+DJ46+DF46+DB46+CX46+CT46+CP46+CL46+CH46+CD46+BZ46+BV46+BR46+BN46+BJ46+BF46+BB46+AX46+AT46+AP46+AL46+AH46+AD46+Z46+V46+R46+N46 -> 2064.48 | EP46: =I46 -> 2064.48 | EQ46: =EP46=EO46 -> TRUE | ES46: =IF(LEFT(D46,6)="COT.IS",1,1+$J$7) -> 1.1767
C47: 5.1.9 | D47: =_xlfn.XLOOKUP($C47,[21]PSP!$C:$C,[21]PSP!D:D) -> RO-41278 | E47: =_xlfn.XLOOKUP($C47,[21]PSP!$C:$C,[21]PSP!E:E) -> DER/MG | F47: =_xlfn.XLOOKUP($C47,[21]PSP!$C:$C,[21]PSP!F:F) -> CERCA DE ARAME FARPADO, TIPO OC.CA-01 (COM 4 FIOS E MOURÃO DE MADEIRA COM ESPAÇAMENTO DE 2,5 METROS) ((EXECUÇÃO, INCLUINDO ESCAVAÇÃO , FORNECIMENTO, ASSENTAMENTO E TRANSPORTE DE TODOS OS MATERIAIS) | G47: =_xlfn.XLOOKUP($C47,[21]PSP!$C:$C,[21]PSP!G:G) -> M | H47: =_xlfn.XLOOKUP($C47,[21]PSP!$C:$C,[21]PSP!H:H) -> 51667.2 | I47: =_xlfn.XLOOKUP($C47,[21]PSP!$C:$C,[21]PSP!I:I) -> 746074.27 | J47: =IF(LEFT(D47,6)="COT.IS",I47,I47*(1+$J$7)) -> 877905.59 | L47: =_xlfn.XLOOKUP($C47,[21]PSP!$C:$C,[21]PSP!L:L) -> 1138.8 | M47: =_xlfn.XLOOKUP($C47,[21]PSP!$C:$C,[21]PSP!M:M) -> 14.44 | N47: =TRUNC(M47*L47,2) -> 16444.27 | P47: =_xlfn.XLOOKUP($C47,[21]PSP!$C:$C,[21]PSP!P:P) -> 200.4 | Q47: =_xlfn.XLOOKUP($C47,[21]PSP!$C:$C,[21]PSP!Q:Q) -> 14.44 | R47: =TRUNC(Q47*P47,2) -> 2893.77 | T47: =_xlfn.XLOOKUP($C47,[21]PSP!$C:$C,[21]PSP!T:T) -> 261.6 | U47: =_xlfn.XLOOKUP($C47,[21]PSP!$C:$C,[21]PSP!U:U) -> 14.44 | V47: =TRUNC(U47*T47,2) -> 3777.5 | X47: =_xlfn.XLOOKUP($C47,[21]PSP!$C:$C,[21]PSP!X:X) -> 2365.2 | Y47: =_xlfn.XLOOKUP($C47,[21]PSP!$C:$C,[21]PSP!Y:Y) -> 14.44 | Z47: =TRUNC(Y47*X47,2) -> 34153.48 | AB47: =_xlfn.XLOOKUP($C47,[21]PSP!$C:$C,[21]PSP!AB:AB) -> 1326 | AC47: =_xlfn.XLOOKUP($C47,[21]PSP!$C:$C,[21]PSP!AC:AC) -> 14.44 | AD47: =TRUNC(AC47*AB47,2) -> 19147.44 | AF47: =_xlfn.XLOOKUP($C47,[21]PSP!$C:$C,[21]PSP!AF:AF) -> 1491.6 | AG47: =_xlfn.XLOOKUP($C47,[21]PSP!$C:$C,[21]PSP!AG:AG) -> 14.44 | AH47: =TRUNC(AG47*AF47,2) -> 21538.7 | AJ47: =_xlfn.XLOOKUP($C47,[21]PSP!$C:$C,[21]PSP!AJ:AJ) -> 918 | AK47: =_xlfn.XLOOKUP($C47,[21]PSP!$C:$C,[21]PSP!AK:AK) -> 14.44 | AL47: =TRUNC(AK47*AJ47,2) -> 13255.92 | AN47: =_xlfn.XLOOKUP($C47,[21]PSP!$C:$C,[21]PSP!AN:AN) -> 2602.8 | AO47: =_xlfn.XLOOKUP($C47,[21]PSP!$C:$C,[21]PSP!AO:AO) -> 14.44 | AP47: =TRUNC(AO47*AN47,2) -> 37584.43 | AR47: =_xlfn.XLOOKUP($C47,[21]PSP!$C:$C,[21]PSP!AR:AR) -> 630 | AS47: =_xlfn.XLOOKUP($C47,[21]PSP!$C:$C,[21]PSP!AS:AS) -> 14.44 | AT47: =TRUNC(AS47*AR47,2) -> 9097.2 | AV47: =_xlfn.XLOOKUP($C47,[21]PSP!$C:$C,[21]PSP!AV:AV) -> 1718.4 | AW47: =_xlfn.XLOOKUP($C47,[21]PSP!$C:$C,[21]PSP!AW:AW) -> 14.44 | AX47: =TRUNC(AW47*AV47,2) -> 24813.69 | AZ47: =_xlfn.XLOOKUP($C47,[21]PSP!$C:$C,[21]PSP!AZ:AZ) -> 339.6 | BA47: =_xlfn.XLOOKUP($C47,[21]PSP!$C:$C,[21]PSP!BA:BA) -> 14.44 | BB47: =TRUNC(BA47*AZ47,2) -> 4903.82 | BD47: =_xlfn.XLOOKUP($C47,[21]PSP!$C:$C,[21]PSP!BD:BD) -> 3178.8 | BE47: =_xlfn.XLOOKUP($C47,[21]PSP!$C:$C,[21]PSP!BE:BE) -> 14.44 | BF47: =TRUNC(BE47*BD47,2) -> 45901.87 | BH47: =_xlfn.XLOOKUP($C47,[21]PSP!$C:$C,[21]PSP!BH:BH) -> 3028.8 | BI47: =_xlfn.XLOOKUP($C47,[21]PSP!$C:$C,[21]PSP!BI:BI) -> 14.44 | BJ47: =TRUNC(BI47*BH47,2) -> 43735.87 | BL47: =_xlfn.XLOOKUP($C47,[21]PSP!$C:$C,[21]PSP!BL:BL) -> 3882 | BM47: =_xlfn.XLOOKUP($C47,[21]PSP!$C:$C,[21]PSP!BM:BM) -> 14.44 | BN47: =TRUNC(BM47*BL47,2) -> 56056.08 | BP47: =_xlfn.XLOOKUP($C47,[21]PSP!$C:$C,[21]PSP!BP:BP) -> 729.6 | BQ47: =_xlfn.XLOOKUP($C47,[21]PSP!$C:$C,[21]PSP!BQ:BQ) -> 14.44 | BR47: =TRUNC(BQ47*BP47,2) -> 10535.42 | BT47: =_xlfn.XLOOKUP($C47,[21]PSP!$C:$C,[21]PSP!BT:BT) -> 2095.2 | BU47: =_xlfn.XLOOKUP($C47,[21]PSP!$C:$C,[21]PSP!BU:BU) -> 14.44 | BV47: =TRUNC(BU47*BT47,2) -> 30254.68 | BX47: =_xlfn.XLOOKUP($C47,[21]PSP!$C:$C,[21]PSP!BX:BX) -> 1725.6 | BY47: =_xlfn.XLOOKUP($C47,[21]PSP!$C:$C,[21]PSP!BY:BY) -> 14.44 | BZ47: =TRUNC(BY47*BX47,2) -> 24917.66 | CB47: =_xlfn.XLOOKUP($C47,[21]PSP!$C:$C,[21]PSP!CB:CB) -> 1914 | CC47: =_xlfn.XLOOKUP($C47,[21]PSP!$C:$C,[21]PSP!CC:CC) -> 14.44 | CD47: =TRUNC(CC47*CB47,2) -> 27638.16 | CF47: =_xlfn.XLOOKUP($C47,[21]PSP!$C:$C,[21]PSP!CF:CF) -> 3388.8 | CG47: =_xlfn.XLOOKUP($C47,[21]PSP!$C:$C,[21]PSP!CG:CG) -> 14.44 | CH47: =TRUNC(CG47*CF47,2) -> 48934.27 | CJ47: =_xlfn.XLOOKUP($C47,[21]PSP!$C:$C,[21]PSP!CJ:CJ) -> 1718.4 | CK47: =_xlfn.XLOOKUP($C47,[21]PSP!$C:$C,[21]PSP!CK:CK) -> 14.44 | CL47: =TRUNC(CK47*CJ47,2) -> 24813.69 | CN47: =_xlfn.XLOOKUP($C47,[21]PSP!$C:$C,[21]PSP!CN:CN) -> 3039.6 | CO47: =_xlfn.XLOOKUP($C47,[21]PSP!$C:$C,[21]PSP!CO:CO) -> 14.44 | CP47: =TRUNC(CO47*CN47,2) -> 43891.82 | CR47: =_xlfn.XLOOKUP($C47,[21]PSP!$C:$C,[21]PSP!CR:CR) -> 3301.2 | CS47: =_xlfn.XLOOKUP($C47,[21]PSP!$C:$C,[21]PSP!CS:CS) -> 14.44 | CT47: =TRUNC(CS47*CR47,2) -> 47669.32 | CV47: =_xlfn.XLOOKUP($C47,[21]PSP!$C:$C,[21]PSP!CV:CV) -> 3064.8 | CW47: =_xlfn.XLOOKUP($C47,[21]PSP!$C:$C,[21]PSP!CW:CW) -> 14.44 | CX47: =TRUNC(CW47*CV47,2) -> 44255.71 | CZ47: =_xlfn.XLOOKUP($C47,[21]PSP!$C:$C,[21]PSP!CZ:CZ) -> 2742 | DA47: =_xlfn.XLOOKUP($C47,[21]PSP!$C:$C,[21]PSP!DA:DA) -> 14.44 | DB47: =TRUNC(DA47*CZ47,2) -> 39594.48 | DD47: =_xlfn.XLOOKUP($C47,[21]PSP!$C:$C,[21]PSP!DD:DD) -> 1815.6 | DE47: =_xlfn.XLOOKUP($C47,[21]PSP!$C:$C,[21]PSP!DE:DE) -> 14.44 | DF47: =TRUNC(DE47*DD47,2) -> 26217.26 | DH47: =_xlfn.XLOOKUP($C47,[21]PSP!$C:$C,[21]PSP!DH:DH) -> 319.2 | DI47: =_xlfn.XLOOKUP($C47,[21]PSP!$C:$C,[21]PSP!DI:DI) -> 14.44 | DJ47: =TRUNC(DI47*DH47,2) -> 4609.24 | DL47: =_xlfn.XLOOKUP($C47,[21]PSP!$C:$C,[21]PSP!DL:DL) -> 183.6 | DM47: =_xlfn.XLOOKUP($C47,[21]PSP!$C:$C,[21]PSP!DM:DM) -> 14.44 | DN47: =TRUNC(DM47*DL47,2) -> 2651.18 | DP47: =_xlfn.XLOOKUP($C47,[21]PSP!$C:$C,[21]PSP!DP:DP) -> 990 | DQ47: =_xlfn.XLOOKUP($C47,[21]PSP!$C:$C,[21]PSP!DQ:DQ) -> 14.44 | DR47: =TRUNC(DQ47*DP47,2) -> 14295.6 | DT47: =_xlfn.XLOOKUP($C47,[21]PSP!$C:$C,[21]PSP!DT:DT) -> 976.8 | DU47: =_xlfn.XLOOKUP($C47,[21]PSP!$C:$C,[21]PSP!DU:DU) -> 14.44 | DV47: =TRUNC(DU47*DT47,2) -> 14104.99 | DX47: =_xlfn.XLOOKUP($C47,[21]PSP!$C:$C,[21]PSP!DX:DX) -> 580.8 | DY47: =_xlfn.XLOOKUP($C47,[21]PSP!$C:$C,[21]PSP!DY:DY) -> 14.44 | DZ47: =TRUNC(DY47*DX47,2) -> 8386.75 | EB47: =_xlfn.XLOOKUP($C47,[21]PSP!$C:$C,[21]PSP!EB:EB) -> 0 | EC47: =_xlfn.XLOOKUP($C47,[21]PSP!$C:$C,[21]PSP!EC:EC) -> 14.44 | ED47: =TRUNC(EC47*EB47,2) -> 0 | EF47: =_xlfn.XLOOKUP($C47,[21]PSP!$C:$C,[21]PSP!EF:EF) -> 0 | EG47: =_xlfn.XLOOKUP($C47,[21]PSP!$C:$C,[21]PSP!EG:EG) -> 14.44 | EH47: =TRUNC(EG47*EF47,2) -> 0 | EJ47: =_xlfn.XLOOKUP($C47,[21]PSP!$C:$C,[21]PSP!EJ:EJ) -> 0 | EK47: =_xlfn.XLOOKUP($C47,[21]PSP!$C:$C,[21]PSP!EK:EK) -> 14.44 | EL47: =TRUNC(EK47*EJ47,2) -> 0 | EO47: =EL47+EH47+ED47+DZ47+DV47+DR47+DN47+DJ47+DF47+DB47+CX47+CT47+CP47+CL47+CH47+CD47+BZ47+BV47+BR47+BN47+BJ47+BF47+BB47+AX47+AT47+AP47+AL47+AH47+AD47+Z47+V47+R47+N47 -> 746074.27 | EP47: =I47 -> 746074.27 | EQ47: =EP47=EO47 -> TRUE | ES47: =IF(LEFT(D47,6)="COT.IS",1,1+$J$7) -> 1.1767
C48: 5.1.10 | D48: =_xlfn.XLOOKUP($C48,[21]PSP!$C:$C,[21]PSP!D:D) -> RO-41279 | E48: =_xlfn.XLOOKUP($C48,[21]PSP!$C:$C,[21]PSP!E:E) -> DER/MG | F48: =_xlfn.XLOOKUP($C48,[21]PSP!$C:$C,[21]PSP!F:F) -> RECONFECÇÃO DE CERCA COM REAPROVEITAMENTO DE 70% DE MATERIAIS (EXECUÇÃO, INCLUINDO FORNECIMENTO, ASSENTAMENTO E TRANSPORTE DE TODOS OS MATERIAIS) | G48: =_xlfn.XLOOKUP($C48,[21]PSP!$C:$C,[21]PSP!G:G) -> M | H48: =_xlfn.XLOOKUP($C48,[21]PSP!$C:$C,[21]PSP!H:H) -> 120556.8 | I48: =_xlfn.XLOOKUP($C48,[21]PSP!$C:$C,[21]PSP!I:I) -> 1224857 | J48: =IF(LEFT(D48,6)="COT.IS",I48,I48*(1+$J$7)) -> 1441289.2 | L48: =_xlfn.XLOOKUP($C48,[21]PSP!$C:$C,[21]PSP!L:L) -> 2657.2 | M48: =_xlfn.XLOOKUP($C48,[21]PSP!$C:$C,[21]PSP!M:M) -> 10.16 | N48: =TRUNC(M48*L48,2) -> 26997.15 | P48: =_xlfn.XLOOKUP($C48,[21]PSP!$C:$C,[21]PSP!P:P) -> 467.6 | Q48: =_xlfn.XLOOKUP($C48,[21]PSP!$C:$C,[21]PSP!Q:Q) -> 10.16 | R48: =TRUNC(Q48*P48,2) -> 4750.81 | T48: =_xlfn.XLOOKUP($C48,[21]PSP!$C:$C,[21]PSP!T:T) -> 610.4 | U48: =_xlfn.XLOOKUP($C48,[21]PSP!$C:$C,[21]PSP!U:U) -> 10.16 | V48: =TRUNC(U48*T48,2) -> 6201.66 | X48: =_xlfn.XLOOKUP($C48,[21]PSP!$C:$C,[21]PSP!X:X) -> 5518.8 | Y48: =_xlfn.XLOOKUP($C48,[21]PSP!$C:$C,[21]PSP!Y:Y) -> 10.16 | Z48: =TRUNC(Y48*X48,2) -> 56071 | AB48: =_xlfn.XLOOKUP($C48,[21]PSP!$C:$C,[21]PSP!AB:AB) -> 3094 | AC48: =_xlfn.XLOOKUP($C48,[21]PSP!$C:$C,[21]PSP!AC:AC) -> 10.16 | AD48: =TRUNC(AC48*AB48,2) -> 31435.04 | AF48: =_xlfn.XLOOKUP($C48,[21]PSP!$C:$C,[21]PSP!AF:AF) -> 3480.4 | AG48: =_xlfn.XLOOKUP($C48,[21]PSP!$C:$C,[21]PSP!AG:AG) -> 10.16 | AH48: =TRUNC(AG48*AF48,2) -> 35360.86 | AJ48: =_xlfn.XLOOKUP($C48,[21]PSP!$C:$C,[21]PSP!AJ:AJ) -> 2142 | AK48: =_xlfn.XLOOKUP($C48,[21]PSP!$C:$C,[21]PSP!AK:AK) -> 10.16 | AL48: =TRUNC(AK48*AJ48,2) -> 21762.72 | AN48: =_xlfn.XLOOKUP($C48,[21]PSP!$C:$C,[21]PSP!AN:AN) -> 6073.2 | AO48: =_xlfn.XLOOKUP($C48,[21]PSP!$C:$C,[21]PSP!AO:AO) -> 10.16 | AP48: =TRUNC(AO48*AN48,2) -> 61703.71 | AR48: =_xlfn.XLOOKUP($C48,[21]PSP!$C:$C,[21]PSP!AR:AR) -> 1470 | AS48: =_xlfn.XLOOKUP($C48,[21]PSP!$C:$C,[21]PSP!AS:AS) -> 10.16 | AT48: =TRUNC(AS48*AR48,2) -> 14935.2 | AV48: =_xlfn.XLOOKUP($C48,[21]PSP!$C:$C,[21]PSP!AV:AV) -> 4009.6 | AW48: =_xlfn.XLOOKUP($C48,[21]PSP!$C:$C,[21]PSP!AW:AW) -> 10.16 | AX48: =TRUNC(AW48*AV48,2) -> 40737.53 | AZ48: =_xlfn.XLOOKUP($C48,[21]PSP!$C:$C,[21]PSP!AZ:AZ) -> 792.4 | BA48: =_xlfn.XLOOKUP($C48,[21]PSP!$C:$C,[21]PSP!BA:BA) -> 10.16 | BB48: =TRUNC(BA48*AZ48,2) -> 8050.78 | BD48: =_xlfn.XLOOKUP($C48,[21]PSP!$C:$C,[21]PSP!BD:BD) -> 7417.2 | BE48: =_xlfn.XLOOKUP($C48,[21]PSP!$C:$C,[21]PSP!BE:BE) -> 10.16 | BF48: =TRUNC(BE48*BD48,2) -> 75358.75 | BH48: =_xlfn.XLOOKUP($C48,[21]PSP!$C:$C,[21]PSP!BH:BH) -> 7067.2 | BI48: =_xlfn.XLOOKUP($C48,[21]PSP!$C:$C,[21]PSP!BI:BI) -> 10.16 | BJ48: =TRUNC(BI48*BH48,2) -> 71802.75 | BL48: =_xlfn.XLOOKUP($C48,[21]PSP!$C:$C,[21]PSP!BL:BL) -> 9058 | BM48: =_xlfn.XLOOKUP($C48,[21]PSP!$C:$C,[21]PSP!BM:BM) -> 10.16 | BN48: =TRUNC(BM48*BL48,2) -> 92029.28 | BP48: =_xlfn.XLOOKUP($C48,[21]PSP!$C:$C,[21]PSP!BP:BP) -> 1702.4 | BQ48: =_xlfn.XLOOKUP($C48,[21]PSP!$C:$C,[21]PSP!BQ:BQ) -> 10.16 | BR48: =TRUNC(BQ48*BP48,2) -> 17296.38 | BT48: =_xlfn.XLOOKUP($C48,[21]PSP!$C:$C,[21]PSP!BT:BT) -> 4888.8 | BU48: =_xlfn.XLOOKUP($C48,[21]PSP!$C:$C,[21]PSP!BU:BU) -> 10.16 | BV48: =TRUNC(BU48*BT48,2) -> 49670.2 | BX48: =_xlfn.XLOOKUP($C48,[21]PSP!$C:$C,[21]PSP!BX:BX) -> 4026.4 | BY48: =_xlfn.XLOOKUP($C48,[21]PSP!$C:$C,[21]PSP!BY:BY) -> 10.16 | BZ48: =TRUNC(BY48*BX48,2) -> 40908.22 | CB48: =_xlfn.XLOOKUP($C48,[21]PSP!$C:$C,[21]PSP!CB:CB) -> 4466 | CC48: =_xlfn.XLOOKUP($C48,[21]PSP!$C:$C,[21]PSP!CC:CC) -> 10.16 | CD48: =TRUNC(CC48*CB48,2) -> 45374.56 | CF48: =_xlfn.XLOOKUP($C48,[21]PSP!$C:$C,[21]PSP!CF:CF) -> 7907.2 | CG48: =_xlfn.XLOOKUP($C48,[21]PSP!$C:$C,[21]PSP!CG:CG) -> 10.16 | CH48: =TRUNC(CG48*CF48,2) -> 80337.15 | CJ48: =_xlfn.XLOOKUP($C48,[21]PSP!$C:$C,[21]PSP!CJ:CJ) -> 4009.6 | CK48: =_xlfn.XLOOKUP($C48,[21]PSP!$C:$C,[21]PSP!CK:CK) -> 10.16 | CL48: =TRUNC(CK48*CJ48,2) -> 40737.53 | CN48: =_xlfn.XLOOKUP($C48,[21]PSP!$C:$C,[21]PSP!CN:CN) -> 7092.4 | CO48: =_xlfn.XLOOKUP($C48,[21]PSP!$C:$C,[21]PSP!CO:CO) -> 10.16 | CP48: =TRUNC(CO48*CN48,2) -> 72058.78 | CR48: =_xlfn.XLOOKUP($C48,[21]PSP!$C:$C,[21]PSP!CR:CR) -> 7702.8 | CS48: =_xlfn.XLOOKUP($C48,[21]PSP!$C:$C,[21]PSP!CS:CS) -> 10.16 | CT48: =TRUNC(CS48*CR48,2) -> 78260.44 | CV48: =_xlfn.XLOOKUP($C48,[21]PSP!$C:$C,[21]PSP!CV:CV) -> 7151.2 | CW48: =_xlfn.XLOOKUP($C48,[21]PSP!$C:$C,[21]PSP!CW:CW) -> 10.16 | CX48: =TRUNC(CW48*CV48,2) -> 72656.19 | CZ48: =_xlfn.XLOOKUP($C48,[21]PSP!$C:$C,[21]PSP!CZ:CZ) -> 6398 | DA48: =_xlfn.XLOOKUP($C48,[21]PSP!$C:$C,[21]PSP!DA:DA) -> 10.16 | DB48: =TRUNC(DA48*CZ48,2) -> 65003.68 | DD48: =_xlfn.XLOOKUP($C48,[21]PSP!$C:$C,[21]PSP!DD:DD) -> 4236.4 | DE48: =_xlfn.XLOOKUP($C48,[21]PSP!$C:$C,[21]PSP!DE:DE) -> 10.16 | DF48: =TRUNC(DE48*DD48,2) -> 43041.82 | DH48: =_xlfn.XLOOKUP($C48,[21]PSP!$C:$C,[21]PSP!DH:DH) -> 744.8 | DI48: =_xlfn.XLOOKUP($C48,[21]PSP!$C:$C,[21]PSP!DI:DI) -> 10.16 | DJ48: =TRUNC(DI48*DH48,2) -> 7567.16 | DL48: =_xlfn.XLOOKUP($C48,[21]PSP!$C:$C,[21]PSP!DL:DL) -> 428.4 | DM48: =_xlfn.XLOOKUP($C48,[21]PSP!$C:$C,[21]PSP!DM:DM) -> 10.16 | DN48: =TRUNC(DM48*DL48,2) -> 4352.54 | DP48: =_xlfn.XLOOKUP($C48,[21]PSP!$C:$C,[21]PSP!DP:DP) -> 2310 | DQ48: =_xlfn.XLOOKUP($C48,[21]PSP!$C:$C,[21]PSP!DQ:DQ) -> 10.16 | DR48: =TRUNC(DQ48*DP48,2) -> 23469.6 | DT48: =_xlfn.XLOOKUP($C48,[21]PSP!$C:$C,[21]PSP!DT:DT) -> 2279.2 | DU48: =_xlfn.XLOOKUP($C48,[21]PSP!$C:$C,[21]PSP!DU:DU) -> 10.16 | DV48: =TRUNC(DU48*DT48,2) -> 23156.67 | DX48: =_xlfn.XLOOKUP($C48,[21]PSP!$C:$C,[21]PSP!DX:DX) -> 1355.2 | DY48: =_xlfn.XLOOKUP($C48,[21]PSP!$C:$C,[21]PSP!DY:DY) -> 10.16 | DZ48: =TRUNC(DY48*DX48,2) -> 13768.83 | EB48: =_xlfn.XLOOKUP($C48,[21]PSP!$C:$C,[21]PSP!EB:EB) -> 0 | EC48: =_xlfn.XLOOKUP($C48,[21]PSP!$C:$C,[21]PSP!EC:EC) -> 10.16 | ED48: =TRUNC(EC48*EB48,2) -> 0 | EF48: =_xlfn.XLOOKUP($C48,[21]PSP!$C:$C,[21]PSP!EF:EF) -> 0 | EG48: =_xlfn.XLOOKUP($C48,[21]PSP!$C:$C,[21]PSP!EG:EG) -> 10.16 | EH48: =TRUNC(EG48*EF48,2) -> 0 | EJ48: =_xlfn.XLOOKUP($C48,[21]PSP!$C:$C,[21]PSP!EJ:EJ) -> 0 | EK48: =_xlfn.XLOOKUP($C48,[21]PSP!$C:$C,[21]PSP!EK:EK) -> 10.16 | EL48: =TRUNC(EK48*EJ48,2) -> 0 | EO48: =EL48+EH48+ED48+DZ48+DV48+DR48+DN48+DJ48+DF48+DB48+CX48+CT48+CP48+CL48+CH48+CD48+BZ48+BV48+BR48+BN48+BJ48+BF48+BB48+AX48+AT48+AP48+AL48+AH48+AD48+Z48+V48+R48+N48 -> 1224857 | EP48: =I48 -> 1224857 | EQ48: =EP48=EO48 -> TRUE | ES48: =IF(LEFT(D48,6)="COT.IS",1,1+$J$7) -> 1.1767
C49: 5.2 | F49: OBRAS DE ARTE ESPECIAIS | EO49: =EL49+EH49+ED49+DZ49+DV49+DR49+DN49+DJ49+DF49+DB49+CX49+CT49+CP49+CL49+CH49+CD49+BZ49+BV49+BR49+BN49+BJ49+BF49+BB49+AX49+AT49+AP49+AL49+AH49+AD49+Z49+V49+R49+N49 -> 0 | EP49: =I49 -> 0 | EQ49: =EP49=EO49 -> TRUE | ES49: =IF(LEFT(D49,6)="COT.IS",1,1+$J$7) -> 1.1767
C50: 5.2.1 | D50: =_xlfn.XLOOKUP($C50,[21]PSP!$C:$C,[21]PSP!D:D) -> 4915672 | E50: =_xlfn.XLOOKUP($C50,[21]PSP!$C:$C,[21]PSP!E:E) -> SICRO SERVIÇO | F50: =_xlfn.XLOOKUP($C50,[21]PSP!$C:$C,[21]PSP!F:F) -> LIMPEZA DE PONTE | G50: =_xlfn.XLOOKUP($C50,[21]PSP!$C:$C,[21]PSP!G:G) -> M | H50: =_xlfn.XLOOKUP($C50,[21]PSP!$C:$C,[21]PSP!H:H) -> 0 | I50: =_xlfn.XLOOKUP($C50,[21]PSP!$C:$C,[21]PSP!I:I) -> 0 | J50: =IF(LEFT(D50,6)="COT.IS",I50,I50*(1+$J$7)) -> 0 | L50: =_xlfn.XLOOKUP($C50,[21]PSP!$C:$C,[21]PSP!L:L) -> 0 | M50: =_xlfn.XLOOKUP($C50,[21]PSP!$C:$C,[21]PSP!M:M) -> 3.6 | N50: =TRUNC(M50*L50,2) -> 0 | P50: =_xlfn.XLOOKUP($C50,[21]PSP!$C:$C,[21]PSP!P:P) -> 0 | Q50: =_xlfn.XLOOKUP($C50,[21]PSP!$C:$C,[21]PSP!Q:Q) -> 3.6 | R50: =TRUNC(Q50*P50,2) -> 0 | T50: =_xlfn.XLOOKUP($C50,[21]PSP!$C:$C,[21]PSP!T:T) -> 0 | U50: =_xlfn.XLOOKUP($C50,[21]PSP!$C:$C,[21]PSP!U:U) -> 3.6 | V50: =TRUNC(U50*T50,2) -> 0 | X50: =_xlfn.XLOOKUP($C50,[21]PSP!$C:$C,[21]PSP!X:X) -> 0 | Y50: =_xlfn.XLOOKUP($C50,[21]PSP!$C:$C,[21]PSP!Y:Y) -> 3.6 | Z50: =TRUNC(Y50*X50,2) -> 0 | AB50: =_xlfn.XLOOKUP($C50,[21]PSP!$C:$C,[21]PSP!AB:AB) -> 0 | AC50: =_xlfn.XLOOKUP($C50,[21]PSP!$C:$C,[21]PSP!AC:AC) -> 3.6 | AD50: =TRUNC(AC50*AB50,2) -> 0 | AF50: =_xlfn.XLOOKUP($C50,[21]PSP!$C:$C,[21]PSP!AF:AF) -> 0 | AG50: =_xlfn.XLOOKUP($C50,[21]PSP!$C:$C,[21]PSP!AG:AG) -> 3.6 | AH50: =TRUNC(AG50*AF50,2) -> 0 | AJ50: =_xlfn.XLOOKUP($C50,[21]PSP!$C:$C,[21]PSP!AJ:AJ) -> 0 | AK50: =_xlfn.XLOOKUP($C50,[21]PSP!$C:$C,[21]PSP!AK:AK) -> 3.6 | AL50: =TRUNC(AK50*AJ50,2) -> 0 | AN50: =_xlfn.XLOOKUP($C50,[21]PSP!$C:$C,[21]PSP!AN:AN) -> 0 | AO50: =_xlfn.XLOOKUP($C50,[21]PSP!$C:$C,[21]PSP!AO:AO) -> 3.6 | AP50: =TRUNC(AO50*AN50,2) -> 0 | AR50: =_xlfn.XLOOKUP($C50,[21]PSP!$C:$C,[21]PSP!AR:AR) -> 0 | AS50: =_xlfn.XLOOKUP($C50,[21]PSP!$C:$C,[21]PSP!AS:AS) -> 3.6 | AT50: =TRUNC(AS50*AR50,2) -> 0 | AV50: =_xlfn.XLOOKUP($C50,[21]PSP!$C:$C,[21]PSP!AV:AV) -> 0 | AW50: =_xlfn.XLOOKUP($C50,[21]PSP!$C:$C,[21]PSP!AW:AW) -> 3.6 | AX50: =TRUNC(AW50*AV50,2) -> 0 | AZ50: =_xlfn.XLOOKUP($C50,[21]PSP!$C:$C,[21]PSP!AZ:AZ) -> 0 | BA50: =_xlfn.XLOOKUP($C50,[21]PSP!$C:$C,[21]PSP!BA:BA) -> 3.6 | BB50: =TRUNC(BA50*AZ50,2) -> 0 | BD50: =_xlfn.XLOOKUP($C50,[21]PSP!$C:$C,[21]PSP!BD:BD) -> 0 | BE50: =_xlfn.XLOOKUP($C50,[21]PSP!$C:$C,[21]PSP!BE:BE) -> 3.6 | BF50: =TRUNC(BE50*BD50,2) -> 0 | BH50: =_xlfn.XLOOKUP($C50,[21]PSP!$C:$C,[21]PSP!BH:BH) -> 0 | BI50: =_xlfn.XLOOKUP($C50,[21]PSP!$C:$C,[21]PSP!BI:BI) -> 3.6 | BJ50: =TRUNC(BI50*BH50,2) -> 0 | BL50: =_xlfn.XLOOKUP($C50,[21]PSP!$C:$C,[21]PSP!BL:BL) -> 0 | BM50: =_xlfn.XLOOKUP($C50,[21]PSP!$C:$C,[21]PSP!BM:BM) -> 3.6 | BN50: =TRUNC(BM50*BL50,2) -> 0 | BP50: =_xlfn.XLOOKUP($C50,[21]PSP!$C:$C,[21]PSP!BP:BP) -> 0 | BQ50: =_xlfn.XLOOKUP($C50,[21]PSP!$C:$C,[21]PSP!BQ:BQ) -> 3.6 | BR50: =TRUNC(BQ50*BP50,2) -> 0 | BT50: =_xlfn.XLOOKUP($C50,[21]PSP!$C:$C,[21]PSP!BT:BT) -> 0 | BU50: =_xlfn.XLOOKUP($C50,[21]PSP!$C:$C,[21]PSP!BU:BU) -> 3.6 | BV50: =TRUNC(BU50*BT50,2) -> 0 | BX50: =_xlfn.XLOOKUP($C50,[21]PSP!$C:$C,[21]PSP!BX:BX) -> 0 | BY50: =_xlfn.XLOOKUP($C50,[21]PSP!$C:$C,[21]PSP!BY:BY) -> 3.6 | BZ50: =TRUNC(BY50*BX50,2) -> 0 | CB50: =_xlfn.XLOOKUP($C50,[21]PSP!$C:$C,[21]PSP!CB:CB) -> 0 | CC50: =_xlfn.XLOOKUP($C50,[21]PSP!$C:$C,[21]PSP!CC:CC) -> 3.6 | CD50: =TRUNC(CC50*CB50,2) -> 0 | CF50: =_xlfn.XLOOKUP($C50,[21]PSP!$C:$C,[21]PSP!CF:CF) -> 0 | CG50: =_xlfn.XLOOKUP($C50,[21]PSP!$C:$C,[21]PSP!CG:CG) -> 3.6 | CH50: =TRUNC(CG50*CF50,2) -> 0 | CJ50: =_xlfn.XLOOKUP($C50,[21]PSP!$C:$C,[21]PSP!CJ:CJ) -> 0 | CK50: =_xlfn.XLOOKUP($C50,[21]PSP!$C:$C,[21]PSP!CK:CK) -> 3.6 | CL50: =TRUNC(CK50*CJ50,2) -> 0 | CN50: =_xlfn.XLOOKUP($C50,[21]PSP!$C:$C,[21]PSP!CN:CN) -> 0 | CO50: =_xlfn.XLOOKUP($C50,[21]PSP!$C:$C,[21]PSP!CO:CO) -> 3.6 | CP50: =TRUNC(CO50*CN50,2) -> 0 | CR50: =_xlfn.XLOOKUP($C50,[21]PSP!$C:$C,[21]PSP!CR:CR) -> 0 | CS50: =_xlfn.XLOOKUP($C50,[21]PSP!$C:$C,[21]PSP!CS:CS) -> 3.6 | CT50: =TRUNC(CS50*CR50,2) -> 0 | CV50: =_xlfn.XLOOKUP($C50,[21]PSP!$C:$C,[21]PSP!CV:CV) -> 0 | CW50: =_xlfn.XLOOKUP($C50,[21]PSP!$C:$C,[21]PSP!CW:CW) -> 3.6 | CX50: =TRUNC(CW50*CV50,2) -> 0 | CZ50: =_xlfn.XLOOKUP($C50,[21]PSP!$C:$C,[21]PSP!CZ:CZ) -> 0 | DA50: =_xlfn.XLOOKUP($C50,[21]PSP!$C:$C,[21]PSP!DA:DA) -> 3.6 | DB50: =TRUNC(DA50*CZ50,2) -> 0 | DD50: =_xlfn.XLOOKUP($C50,[21]PSP!$C:$C,[21]PSP!DD:DD) -> 0 | DE50: =_xlfn.XLOOKUP($C50,[21]PSP!$C:$C,[21]PSP!DE:DE) -> 3.6 | DF50: =TRUNC(DE50*DD50,2) -> 0 | DH50: =_xlfn.XLOOKUP($C50,[21]PSP!$C:$C,[21]PSP!DH:DH) -> 0 | DI50: =_xlfn.XLOOKUP($C50,[21]PSP!$C:$C,[21]PSP!DI:DI) -> 3.6 | DJ50: =TRUNC(DI50*DH50,2) -> 0 | DL50: =_xlfn.XLOOKUP($C50,[21]PSP!$C:$C,[21]PSP!DL:DL) -> 0 | DM50: =_xlfn.XLOOKUP($C50,[21]PSP!$C:$C,[21]PSP!DM:DM) -> 3.6 | DN50: =TRUNC(DM50*DL50,2) -> 0 | DP50: =_xlfn.XLOOKUP($C50,[21]PSP!$C:$C,[21]PSP!DP:DP) -> 0 | DQ50: =_xlfn.XLOOKUP($C50,[21]PSP!$C:$C,[21]PSP!DQ:DQ) -> 3.6 | DR50: =TRUNC(DQ50*DP50,2) -> 0 | DT50: =_xlfn.XLOOKUP($C50,[21]PSP!$C:$C,[21]PSP!DT:DT) -> 0 | DU50: =_xlfn.XLOOKUP($C50,[21]PSP!$C:$C,[21]PSP!DU:DU) -> 3.6 | DV50: =TRUNC(DU50*DT50,2) -> 0 | DX50: =_xlfn.XLOOKUP($C50,[21]PSP!$C:$C,[21]PSP!DX:DX) -> 0 | DY50: =_xlfn.XLOOKUP($C50,[21]PSP!$C:$C,[21]PSP!DY:DY) -> 3.6 | DZ50: =TRUNC(DY50*DX50,2) -> 0 | EB50: =_xlfn.XLOOKUP($C50,[21]PSP!$C:$C,[21]PSP!EB:EB) -> 0 | EC50: =_xlfn.XLOOKUP($C50,[21]PSP!$C:$C,[21]PSP!EC:EC) -> 3.6 | ED50: =TRUNC(EC50*EB50,2) -> 0 | EF50: =_xlfn.XLOOKUP($C50,[21]PSP!$C:$C,[21]PSP!EF:EF) -> 0 | EG50: =_xlfn.XLOOKUP($C50,[21]PSP!$C:$C,[21]PSP!EG:EG) -> 3.6 | EH50: =TRUNC(EG50*EF50,2) -> 0 | EJ50: =_xlfn.XLOOKUP($C50,[21]PSP!$C:$C,[21]PSP!EJ:EJ) -> 0 | EK50: =_xlfn.XLOOKUP($C50,[21]PSP!$C:$C,[21]PSP!EK:EK) -> 3.6 | EL50: =TRUNC(EK50*EJ50,2) -> 0 | EO50: =EL50+EH50+ED50+DZ50+DV50+DR50+DN50+DJ50+DF50+DB50+CX50+CT50+CP50+CL50+CH50+CD50+BZ50+BV50+BR50+BN50+BJ50+BF50+BB50+AX50+AT50+AP50+AL50+AH50+AD50+Z50+V50+R50+N50 -> 0 | EP50: =I50 -> 0 | EQ50: =EP50=EO50 -> TRUE | ES50: =IF(LEFT(D50,6)="COT.IS",1,1+$J$7) -> 1.1767
